Workbook
Name 店頭以外全選択: ⑥店頭以外!$A$1:$BD$80
Name 配信全選択: ③配信!$A$1:$BJ$95

Sheet 目次
B1: 目次
C5: 放送
C9: 配信
C13: 上映・演奏

Sheet はじめにお読みください
B1: お申込みからお支払いまで
B3: １ お申込みの前に
B4: (1)当協会ホームページ「利用者の皆さま」コーナーにある「広告での音楽利用」をご確認ください。
B6: (2)お申込みは、広告をする商品又はサービスごとに必要です。同一の楽曲を複数の商品又はサービスで利用する場合、 商品又はサービスごとにお申込みください。
B8: (3)1つの広告において、複数の楽曲を利用する場合、楽曲ごとにお申込みください。
B10: (4)1つの広告において、同一の楽曲を利用した複数のバージョンがある場合、お申込みを1つにまとめることができます。
B12: 2 利用のお申込み（お申込み期限：利用開始の前日までです。）
B13: (1)「広告展開利用申込書」に必要事項を記入してください。
B15: (2)利用開始前日までに、複製部 広告・ゲーム・映画課にE-mail（agm-ad@jasrac.or.jp）に添付する方法等でお申込みください。
B17: 注意事項（必ずお読みください。）
B18: ①テレビCM放送、ラジオCM放送及びインターネット配信CMの利用のお申込みは、放送回数や配信回数の確認が取れる方（広告関係事業者）が 行ってください。
B19: ②お申込み期間を超えて継続利用する場合、次の利用開始の前日までに改めてお申込みください。
... B75: (2)使用料は、請求書発行日から30日以内にお支払いください。
B78: =広告展開利用申込書!V28 -> 202507

Sheet 利用許諾条項
A2: 利用許諾契約条項（広告展開利用）
A4: （総則）
A5: 第１条 | B5: 一般社団法人日本音楽著作権協会（以下「甲」という。）と、甲が定める広告展開利用申込書（電磁的方法によるものを含む。以下「申込書」という。）を提出した者（以下「乙」という。）との間の、広告用複製物の広告展開利用に関する利用許諾契約（以下「本契約」という。）は、本利用許諾条項（本契約の内容とすることを目的として甲が準備したこの利用許諾条項をいう。以下同じ。）を内容とします。
A6: ２ | B6: 本契約は、乙が甲に対し、申込書を提出し、甲が、乙に対し音楽著作物利用許諾に係る通知（電磁的な方法によるものを含む。）を交付すること（電磁的な方法による場合には、当該通知が乙に到達すること。）により成立します。
A8: （定義）
A9: 第２条 | B9: 本契約において次の各号に掲げる用語の意義は、当該各号に定めるところによります。
B10: (1) | C10: 「広告用複製物」とは、広告目的で行う複製（広告に利用することを目的として、著作物を複製し、又はその複製物により頒布することをいう。）により製作された複製物をいいます。
B11: (2) | C11: 「広告展開利用」とは、広告用複製物における企業名、商品名、サービス名等の広告内容を広く一般に知らしめるために、様々な媒体を介して行う、広告用複製物に複製された音楽著作物の利用のうち、放送（地上波に限る。以下同じ。）、インタラクティブ配信又は演奏若しくは上映（以下「演奏等」という。）をいいます。ただし、各利用形態について、それぞれ次に掲げる範囲に限ります。
C12: ア 放送
C13: 放送事業者が設定する広告枠を利用した放送
C14: イ インタラクティブ配信
C15: 配信者が設定する広告枠を利用したインタラクティブ配信
C16: ウ 演奏等
C17: (ｱ) 劇場での上映（映画を上映する場所での上映）
C18: (ｲ) 店頭での演奏等
C19: （広告するサービス、商品等の広告内容を提供する場所での演奏等）
C20: (ｳ) 街頭ビジョン・デジタルサイネージでの上映
C21: （屋内外に設置されたモニターでの上映。ただし、博覧会、展示会
C22: その他の催物において入場者に向けて行われる上映を除く。）
C23: (ｴ) 交通機関での上映
... C26: （モニターや音響機器等を設置した車両による車両外部に向けた演奏等）
B27: (3) | C27: 「管理著作物」とは、甲が前号に規定する各広告展開利用に係る著作権を管理する音楽著作物をいいます。
B28: (4) | C28: 「使用料規程」とは、甲が定め文化庁長官に届け出た規程をいいます。
B29: (5) | C29: 「使用料」とは、次条第１項 の規定による利用許諾の対価をいいます。
B30: (6) | C30: 「利用期間 」とは、利用形態ごとに、乙が申込書に記載した、管理著作物を利用する期間をいいます。
A32: （利用許諾）
A33: 第３条 | B33: 甲は、乙が本利用許諾条項の定めを遵守することを条件として、乙に対し、申込書記載の範囲内において、管理著作物を広告展開利用すること（以下「本利用」という。）を許諾します。
A34: ２ | B34: 前項の規定による許諾は、いかなる意味においても管理著作物に係る権利の譲渡を一切含みません。
A35: ３ | B35: 乙の都合により、申込書に記載した内容を変更する場合は、遅滞なく変更する内容を書面により甲に報告し、甲の承諾を得なければなりません。
A36: ４ | B36: 乙は、申込書に記載した範囲を超えて、管理著作物を利用してはなりません。
A38: （利用報告）
A39: 第４条 | B39: 乙は、甲に対し、本利用の状況について、次の各号に掲げる利用形態ごとに、甲所定の書式により、当該各号に定める内容を報告しなければなりません。なお、インタラクティブ配信については、第１０条に規定する証憑書類等を添付の上で報告するものとします。
B40: (1) | C40: 放送
C41: 利用期間において放送した全ての放送局ごとの回数
B42: (2) | C42: インタラクティブ配信
C43: 利用期間において配信した全てのサイトごとの回数（甲が求めた場合は、甲の指定する単位で集計した回数）
B44: (3) | C44: 演奏等
C45: ア 劇場での上映については、上映開始日、同時に上映した最大のスクリーン数及び １回当たりの上映時間
C46: イ 店頭での上映については、上映開始日、上映用媒体の複製個数又は上映するモニ ター台数のいずれか多い数及び１回当たりの上映時間
C47: ウ 店頭での演奏については、演奏開始日、演奏用媒体の複製個数又は演奏する店舗 数のいずれか多い数及び１回当たりの演奏時間
C48: エ 街頭ビジョン・デジタルサイネージでの上映、及び交通機関での上映については、 利用期間において上映する全て上映場所ごとの回数及び1回当たりの上映時間
C49: オ 広告宣伝車での演奏等については、利用期間において演奏又は上映する時間及び 台数
A50: ２ | B50: 乙は、前項の規定による報告を、次の各号に定める期限までに行わなければなりません。
B51: (1) | C51: 前項第１号及び第２号に掲げる利用形態に係るものについては、甲から許諾を得た利用期間の最終日が属する月の翌々月の末日
B52: (2) | C52: 前項第３号に掲げる利用形態に係るものについては、演奏等開始日が属する月の翌月の末日
A54: （本契約に係る申込みの取消し）
A55: 第５条 | B55: 広告展開の中止その他の理由による本契約の申込み自体の取消しは、取消事由の発生後、乙が直ちにその理由を付した書面をもって通知し、甲がこれを承認したときに限り認められます。
A57: （使用料の算出）
A58: 第６条 | B58: 乙が甲に支払うべき使用料は、甲が使用料規程に基づき算出した額とします。
A60: （使用料の支払義務）
A61: 第７条 | B61: 乙は、甲に対し、前条の規定に基づき算定した 使用料を、甲による請求日から３０日以内（甲が請求書において支払期限を指定する場合は、その指定した日まで。）に甲の事務所に持参又は甲の預金口座へ送金して支払わなければなりません。送金に要する手数料は、乙の負担とします。
A63: （使用料の減額の適用）
A64: 第８条 | B64: 乙は、乙の行う本利用のうち、放送及びインタラクティブ配信の使用料について、使用料規程に基づき、本利用許諾条項末尾に定めるところにより、減額の適用を受けることができます。
A66: （遅延損害金等）
A67: 第９条 | B67: 乙が、第７条の規定に違反して使用料の支払を遅滞したときは、乙は、甲に対し、支払期限の翌日から完済に至るまでの日数に応じ、当該使用料のほかに年率１４．６％（１年を３６５日とする日割計算）相当額を遅延損害金として支払わなければなりません。
A68: ２ | B68: 乙の本契約違反により第三者に損害が生じたときは、乙がその責任を負わなければなりません。
A70: （証憑書類等の提出）
A71: 第１０条 | B71: 乙が本契約に基づき利用する全ての広告等について、甲が管理著作物の利用の有無又は利用された管理著作物の権利処理の内容を調査確認するため、放送回数、配信回数、スクリーン数、複製個数その他の利用状況を証する証憑書類及びこれらの関係帳票類（以下「証憑書類等」という。）の提示又はその写しの提出を求めたときは、乙は直ちにこれに応じなければなりません。
A72: （法令の遵守）
A73: 第１１条 | B73: 乙は、管理著作物の利用に当たり、著作者の意に反して管理著作物を変更、切除、その他の改変を加えること、著作者の名誉又は声望を害する方法により管理著作物を利用することなどによって、著作者人格権を侵害してはなりません。
A74: ２ | B74: 乙は、本契約の成立に当たっては、前項のほか関連する法令を遵守しなければなりません。
A76: （利用状況等調査の便宜供与義務）
A77: 第１２条 | B77: 乙は、甲に対し、甲の職員又は甲の指定する者が、管理著作物の利用状況等を調査することを受け入れ、これに便宜を与えなければなりません。
A78: ２ | B78: 甲が管理著作物の利用状況等の調査のため、甲の職員又は甲の指定する者を乙の事務所等に派遣した場合には、乙は調査に係る書類及びこれらの関係帳票類の閲覧に同意し、かつ、調査に必要な便宜を与えなければなりません。
A80: （本契約に係る許諾の取消し）
A81: 第１３条 | B81: 甲は、広告展開利用開始前に、乙が本契約に違反したとき、又は違反するおそれがあると甲が合理的に判断したときは、乙に対し、催告することなく直ちに書面により、第３条第１項の許諾を取り消すことができるものとします。
A83: （期限の利益の喪失）
A84: 第１４条 | B84: 乙は、次の各号のいずれかに該当したときは、何らの通知・催告がなくても、期限の利益を失い、本契約に基づいて甲に対して負担する一切の債務を直ちに履行しなければなりません。
B85: (1) | C85: 手形・小切手を不渡りにし、租税滞納処分を受け、又は仮差押え・仮処分・強制執行等の申立て、若しくは破産・民事再生・会社更生手続開始等の申立てがあったとき。
B86: (2) | C86: 営業を廃止し又は合併によらないで解散したとき。
B87: (3) | C87: その他財産状態が悪化し、又はそのおそれがあると認められる相当な事由があるとき。
A88: ２ | B88: 本契約が解除により終了したときは、乙は、期限の利益を失い、第７条の規定にかかわらず、甲に対し、残余の支払債務を直ちに履行しなければなりません。
A90: （契約の解除）
A91: 第１５条 | B91: 甲は、乙が前条第１項各号のいずれかに該当したときは、何らの通知・催告がなくても、直ちに本契約の全部又は一部を解除することができるものとします。この解除は、甲が被った損害につき乙に賠償請求することを妨げないものとします。
A92: ２ | B92: 乙が本契約に規定する義務に違反したとき（申込書の内容が事実と異なることが判明したときを含む。）は、甲は１０日間の猶予期間を付した書面により乙にその是正又は履行を催告し、乙がその期間内に是正又は履行しなかったときは、本契約を解除することができるものとします。
A93: ３ | B93: 民法第５４２条第１項各号に掲げる場合には、甲は、前項の催告をすることなく、直ちに本契約の全部を解除することができるものとし、同条第２項各号に掲げる場合には、甲は、前項の催告をすることなく、直ちに本契約の一部を解除することができるものとします。
A94: ４ | B94: 本契約成立後、乙が甲との間に締結している本契約以外の管理著作物の利用等に係る契約、合意等が解除され、又は失効したときは、甲は、何らの通知・催告がなくても、直ちに本契約の全部又は一部を解除することができるものとします。
A96: （契約解除等の効果）
A97: 第１６条 | B97: 本契約が解除その他理由の如何を問わず終了したときは、乙は、管理著作物の利用を直ちに中止しなければなりません。
A98: ２ | B98: 前項の規定により、本契約が終了したにもかかわらず、乙が管理著作物の利用を継続したときは、乙は、使用料相当損害金（損害賠償金又は不当利得金）を支払わなければなりません。
A99: ３ | B99: 本契約が解除により終了した場合であっても、第４条（利用報告）、第７条（使用料の支払義務）、第９条（遅延損害金等）、第１０条（証憑書類等の提出）、第１２条（利用状況等調査の便宜供与義務）、第１４条（期限の利益の喪失）第２項、本条（契約解除等の効果）、第１７条（個人情報の利用目的）、第２０条（合意管轄）の規定は対象事項が存在する限り、なお有効に存続するものとします。
A101: （個人情報の利用目的）
A102: 第１７条 | B102: 甲が取得した乙の個人情報は、次に掲げる目的のために必要な範囲以外では利用しないものとします。
B103: (1) | C103: 音楽著作物の著作権管理事業における利用許諾業務、著作物使用料徴収業務、著作物使用料・私的録音録画補償金等分配業務、調査研究及び刊行物の送付その他の広報
B104: (2) | C104: 音楽文化の振興及び著作権思想の普及に関する事業における企画の検討・実施、調査研究及び広報
A105: ２ | B105: 乙は、甲が、前項各号の目的の達成のために必要な範囲で、個人情報を第三者に提供することに同意するものとします。
A107: （権利義務及び契約上の地位の譲渡禁止）
A108: 第１８条 | B108: 乙は、本契約に基づく一切の権利義務又は契約上の地位を、甲からの事前の書面による承諾なく第三者に譲渡若しくは移転し、又は担保に供してはなりません。
A110: （広告関係事業者の処理の確認）
A111: 第１９条 | B111: 甲及び乙は、第２条第２号ア所定の「放送」に管理著作物を利用することに係る使用料の支払については、使用料規程第２章第２節放送等（放送等の備考）⑥所定の「広告関係事業者の処理」として行われることを確認します。
A113: （合意管轄）
A114: 第２０条 | B114: 本契約に関する一切の紛争（裁判所の調停手続を含む。）については、甲の本部の所在地を管轄する地方裁判所又は簡易裁判所を第一審の専属的合意管轄裁判所とします。
A116: 〔使用料の減額の適用〕（第８条関係）
B117: (1) 放送使用料の減額
C118: 第４条第２項第１号の規定にかかわらず、乙が、利用期間に放送した全ての放送局ごとの回数について、放送報告期間（利用期間を、利用開始日から３か月ごとに区切ったそれぞれの期間をいう。ただし、乙が甲にあらかじめ申告した場合に限り、乙が任意に定めた３か月以内の期間とすることができる。）ごとに、各放送報告期間の最終日が属する月の翌々月の末日までに、正確な内容で報告したときは、当該放送報告期間に係る使用料について、１００回を超える部分について、次のとおり放送回数に応じた割合で、減額の適用を受けることができます。
B127: (2) インタラクティブ配信使用料の減額
B128: ア | C128: 第４条第２項第１号の規定にかかわらず、乙が、利用期間に配信した全てのサイトごとの回数について、配信報告期間（利用期間を、利用開始日から３か月ごとに区切ったそれぞれの期間をいう。ただし、乙が甲にあらかじめ申告した場合に限り、乙の任意に定めた３か月以内の期間とすることができる。以下本号において同じ。）ごとに報告したときは、当該配信報告期間の使用料について、１０万回を超える部分について、次のとおり配信回数に応じた割合で、減額の適用を受けることができます。
B136: イ | C136: 乙が、配信報告期間ごとの正確な報告を、各配信報告期間の最終日が属する月の翌々月の末日までに、電子的方法により行うときは、アの規定の適用の有無 にかかわらず、５％の減額の適用を受けることができます。

Sheet 広告展開利用申込書
A1: 広告展開利用申込書 | AC1: 許諾IDを入力して黒字部分をTBL_報告に貼り付け
A3: 一般社団法人日本音楽著作権協会 御中 | AC3: 許諾ID | AF3: ※1年3か月まで対応
A4: 貴協会が管理する音楽著作物を、次の方法で広告展開に利用することについて、貴協会が定める利用許諾条項を承諾の上、申し込みます。 | AC4: ID | AD4: 許諾ID | AE4: 許諾番号 | AF4: 種目 | AG4: 報告日 | AH4: 報告期間FROM | AI4: 報告期間 TO | AJ4: スクリーン数・複製個数 | AK4: 利用時間（分） | AL4: 利用時間（秒） | AM4: 原訳区分 | AN4: 請求日 | AO4: 請求書番号 | AP4: 使用料額 | AQ4: 消費税率
A5: 申込日 | I5: 利用内容 | J5: 利用形態 | M5: 展開先 | S5: 利用 有無 | T5: 利用期間 | V5: 報告書 | AB5: 1 | AD5: =IF($AD$3="","",$AD$3) | AF5: =VLOOKUP(AB5,【非】貼付!$A$42:$P$63,5,FALSE) -> #N/A | AH5: =VLOOKUP(AB5,【非】貼付!$A$42:$P$63,7,FALSE) -> #N/A | AI5: =VLOOKUP(AB5,【非】貼付!$A$42:$P$63,8,FALSE) -> #N/A | AM5: =IF($G$23="", "", IF(TRIM($G$22)="曲のみ", "器楽",$G$23)) | AQ5: 0.1
A6: 申込者 | C6: 住所 | T6: 利用開始日 | U6: 利用終了日 | AB6: 2 | AD6: =IF($AD$3="","",$AD$3) | AF6: =VLOOKUP(AB6,【非】貼付!$A$42:$P$63,5,FALSE) -> #N/A | AH6: =VLOOKUP(AB6,【非】貼付!$A$42:$P$63,7,FALSE) -> #N/A | AI6: =VLOOKUP(AB6,【非】貼付!$A$42:$P$63,8,FALSE) -> #N/A | AM6: =IF($G$23="", "", IF(TRIM($G$22)="曲のみ", "器楽",$G$23)) | AQ6: 0.1
F7: ビル | J7: 1 | K7: 放送 | M7: 地上波テレビ の広告枠 | AB7: 3 | AD7: =IF($AD$3="","",$AD$3) | AF7: =VLOOKUP(AB7,【非】貼付!$A$42:$P$63,5,FALSE) -> #N/A | AH7: =VLOOKUP(AB7,【非】貼付!$A$42:$P$63,7,FALSE) -> #N/A | AI7: =VLOOKUP(AB7,【非】貼付!$A$42:$P$63,8,FALSE) -> #N/A | AM7: =IF($G$23="", "", IF(TRIM($G$22)="曲のみ", "器楽",$G$23)) | AQ7: 0.1
B8: 法人名 | M8: 地上波ラジオ の広告枠 | AB8: 4 | AD8: =IF($AD$3="","",$AD$3) | AF8: =VLOOKUP(AB8,【非】貼付!$A$42:$P$63,5,FALSE) -> #N/A | AH8: =VLOOKUP(AB8,【非】貼付!$A$42:$P$63,7,FALSE) -> #N/A | AI8: =VLOOKUP(AB8,【非】貼付!$A$42:$P$63,8,FALSE) -> #N/A | AM8: =IF($G$23="", "", IF(TRIM($G$22)="曲のみ", "器楽",$G$23)) | AQ8: 0.1
B9: 代表者名 | J9: 2 | K9: ｲﾝﾀﾗｸﾃｨﾌﾞ配信 | M9: インターネット上 の広告枠 | AB9: 5 | AD9: =IF($AD$3="","",$AD$3) | AF9: =VLOOKUP(AB9,【非】貼付!$A$42:$P$63,5,FALSE) -> #N/A | AH9: =VLOOKUP(AB9,【非】貼付!$A$42:$P$63,7,FALSE) -> #N/A | AI9: =VLOOKUP(AB9,【非】貼付!$A$42:$P$63,8,FALSE) -> #N/A | AM9: =IF($G$23="", "", IF(TRIM($G$22)="曲のみ", "器楽",$G$23)) | AQ9: 0.1
B10: 部署名 | J10: 3 | K10: 演奏等 | M10: 劇場のスクリーン | AB10: 6 | AD10: =IF($AD$3="","",$AD$3) | AF10: =VLOOKUP(AB10,【非】貼付!$A$42:$P$63,5,FALSE) -> #N/A | AH10: =VLOOKUP(AB10,【非】貼付!$A$42:$P$63,7,FALSE) -> #N/A | AI10: =VLOOKUP(AB10,【非】貼付!$A$42:$P$63,8,FALSE) -> #N/A | AM10: =IF($G$23="", "", IF(TRIM($G$22)="曲のみ", "器楽",$G$23)) | AQ10: 0.1
B11: 担当者名 | M11: 店頭のモニター （上映） | AB11: 7 | AD11: =IF($AD$3="","",$AD$3) | AF11: =VLOOKUP(AB11,【非】貼付!$A$42:$P$63,5,FALSE) -> #N/A | AH11: =VLOOKUP(AB11,【非】貼付!$A$42:$P$63,7,FALSE) -> #N/A | AI11: =VLOOKUP(AB11,【非】貼付!$A$42:$P$63,8,FALSE) -> #N/A | AM11: =IF($G$23="", "", IF(TRIM($G$22)="曲のみ", "器楽",$G$23)) | AQ11: 0.1
B12: TEL | M12: 店頭のｵｰﾃﾞｨｵ 機器（演奏） | AB12: 8 | AD12: =IF($AD$3="","",$AD$3) | AF12: =VLOOKUP(AB12,【非】貼付!$A$42:$P$63,5,FALSE) -> #N/A | AH12: =VLOOKUP(AB12,【非】貼付!$A$42:$P$63,7,FALSE) -> #N/A | AI12: =VLOOKUP(AB12,【非】貼付!$A$42:$P$63,8,FALSE) -> #N/A | AM12: =IF($G$23="", "", IF(TRIM($G$22)="曲のみ", "器楽",$G$23)) | AQ12: 0.1
B13: 携帯電話 | M13: 店頭以外のサイネージ（上映） | AB13: 9 | AD13: =IF($AD$3="","",$AD$3) | AF13: =VLOOKUP(AB13,【非】貼付!$A$42:$P$63,5,FALSE) -> #N/A | AH13: =VLOOKUP(AB13,【非】貼付!$A$42:$P$63,7,FALSE) -> #N/A | AI13: =VLOOKUP(AB13,【非】貼付!$A$42:$P$63,8,FALSE) -> #N/A | AM13: =IF($G$23="", "", IF(TRIM($G$22)="曲のみ", "器楽",$G$23)) | AQ13: 0.1
B14: E-mail | M14: 広告宣伝車 （上映） | AB14: 10 | AD14: =IF($AD$3="","",$AD$3) | AF14: =VLOOKUP(AB14,【非】貼付!$A$42:$P$63,5,FALSE) -> #N/A | AH14: =VLOOKUP(AB14,【非】貼付!$A$42:$P$63,7,FALSE) -> #N/A | AI14: =VLOOKUP(AB14,【非】貼付!$A$42:$P$63,8,FALSE) -> #N/A | AM14: =IF($G$23="", "", IF(TRIM($G$22)="曲のみ", "器楽",$G$23)) | AQ14: 0.1
B15: ※許諾番号をE-mailで通知します。CCがある場合は、「;」（セミコロン）で区切ってください。 | M15: 広告宣伝車 （演奏） | AB15: 11 | AD15: =IF($AD$3="","",$AD$3) | AF15: =VLOOKUP(AB15,【非】貼付!$A$42:$P$63,5,FALSE) -> #N/A | AH15: =VLOOKUP(AB15,【非】貼付!$A$42:$P$63,7,FALSE) -> #N/A | AI15: =VLOOKUP(AB15,【非】貼付!$A$42:$P$63,8,FALSE) -> #N/A | AM15: =IF($G$23="", "", IF(TRIM($G$22)="曲のみ", "器楽",$G$23)) | AQ15: 0.1
A16: 広告の内容 | B16: 広告主名 | I16: ※ | J16: 利用形態１及び２の報告書は、当協会からE-mailでお知らせする報告期日までにご提出ください。また、使用料の減額計算の適用には、条件がありますので利用許諾条項をご確認ください。 | AB16: 12 | AD16: =IF($AD$3="","",$AD$3) | AF16: =VLOOKUP(AB16,【非】貼付!$A$42:$P$63,5,FALSE) -> #N/A | AH16: =VLOOKUP(AB16,【非】貼付!$A$42:$P$63,7,FALSE) -> #N/A | AI16: =VLOOKUP(AB16,【非】貼付!$A$42:$P$63,8,FALSE) -> #N/A | AM16: =IF($G$23="", "", IF(TRIM($G$22)="曲のみ", "器楽",$G$23)) | AQ16: 0.1
B17: 広告する商品/ サービス名 | I17: ※ | J17: 利用形態３の報告書は、報告書記載事項が確定している場合は併せてご提出いただき、確定していない場合又は追加で利用する場合は利用開始日の翌月の末日までにご提出ください。 | AB17: 13 | AD17: =IF($AD$3="","",$AD$3) | AF17: =VLOOKUP(AB17,【非】貼付!$A$42:$P$63,5,FALSE) -> #N/A | AH17: =VLOOKUP(AB17,【非】貼付!$A$42:$P$63,7,FALSE) -> #N/A | AI17: =VLOOKUP(AB17,【非】貼付!$A$42:$P$63,8,FALSE) -> #N/A | AM17: =IF($G$23="", "", IF(TRIM($G$22)="曲のみ", "器楽",$G$23)) | AQ17: 0.1
B18: 楽曲名 | AB18: 14 | AD18: =IF($AD$3="","",$AD$3) | AF18: =VLOOKUP(AB18,【非】貼付!$A$42:$P$63,5,FALSE) -> #N/A | AH18: =VLOOKUP(AB18,【非】貼付!$A$42:$P$63,7,FALSE) -> #N/A | AI18: =VLOOKUP(AB18,【非】貼付!$A$42:$P$63,8,FALSE) -> #N/A | AM18: =IF($G$23="", "", IF(TRIM($G$22)="曲のみ", "器楽",$G$23)) | AQ18: 0.1
B19: 作詞者名 （訳詞者名） | I19: ♪♪♪♪♪♪♪♪♪♪♪♪♪♪♪♪♪♪♪♪♪♪♪♪♪♪♪♪♪♪♪♪♪♪♪♪♪♪♪♪♪♪♪♪♪ | AB19: 15 | AD19: =IF($AD$3="","",$AD$3) | AF19: =VLOOKUP(AB19,【非】貼付!$A$42:$P$63,5,FALSE) -> #N/A | AH19: =VLOOKUP(AB19,【非】貼付!$A$42:$P$63,7,FALSE) -> #N/A | AI19: =VLOOKUP(AB19,【非】貼付!$A$42:$P$63,8,FALSE) -> #N/A | AM19: =IF($G$23="", "", IF(TRIM($G$22)="曲のみ", "器楽",$G$23)) | AQ19: 0.1
B20: 作曲者名 （編曲者名） | I20: （JASRAC使用欄） | AB20: 16 | AD20: =IF($AD$3="","",$AD$3) | AF20: =VLOOKUP(AB20,【非】貼付!$A$42:$P$63,5,FALSE) -> #N/A | AH20: =VLOOKUP(AB20,【非】貼付!$A$42:$P$63,7,FALSE) -> #N/A | AI20: =VLOOKUP(AB20,【非】貼付!$A$42:$P$63,8,FALSE) -> #N/A | AM20: =IF($G$23="", "", IF(TRIM($G$22)="曲のみ", "器楽",$G$23)) | AQ20: 0.1
B21: 作品コード | AB21: 17 | AD21: =IF($AD$3="","",$AD$3) | AF21: =VLOOKUP(AB21,【非】貼付!$A$42:$P$63,5,FALSE) -> #N/A | AH21: =VLOOKUP(AB21,【非】貼付!$A$42:$P$63,7,FALSE) -> #N/A | AI21: =VLOOKUP(AB21,【非】貼付!$A$42:$P$63,8,FALSE) -> #N/A | AM21: =IF($G$23="", "", IF(TRIM($G$22)="曲のみ", "器楽",$G$23)) | AQ21: 0.1
B22: 詞曲の利用方法 | AB22: 18 | AD22: =IF($AD$3="","",$AD$3) | AF22: =VLOOKUP(AB22,【非】貼付!$A$42:$P$63,5,FALSE) -> #N/A | AH22: =VLOOKUP(AB22,【非】貼付!$A$42:$P$63,7,FALSE) -> #N/A | AI22: =VLOOKUP(AB22,【非】貼付!$A$42:$P$63,8,FALSE) -> #N/A | AM22: =IF($G$23="", "", IF(TRIM($G$22)="曲のみ", "器楽",$G$23)) | AQ22: 0.1
B23: 原詞訳詞区分 | AB23: 19 | AD23: =IF($AD$3="","",$AD$3) | AF23: =VLOOKUP(AB23,【非】貼付!$A$42:$P$63,5,FALSE) -> #N/A | AH23: =VLOOKUP(AB23,【非】貼付!$A$42:$P$63,7,FALSE) -> #N/A | AI23: =VLOOKUP(AB23,【非】貼付!$A$42:$P$63,8,FALSE) -> #N/A | AM23: =IF($G$23="", "", IF(TRIM($G$22)="曲のみ", "器楽",$G$23)) | AQ23: 0.1
B24: 広告目的複製 手続き | L24: お申込み先 | AB24: 20 | AD24: =IF($AD$3="","",$AD$3) | AF24: =VLOOKUP(AB24,【非】貼付!$A$42:$P$63,5,FALSE) -> #N/A | AH24: =VLOOKUP(AB24,【非】貼付!$A$42:$P$63,7,FALSE) -> #N/A | AI24: =VLOOKUP(AB24,【非】貼付!$A$42:$P$63,8,FALSE) -> #N/A | AM24: =IF($G$23="", "", IF(TRIM($G$22)="曲のみ", "器楽",$G$23)) | AQ24: 0.1
B25: =IF(G24="許諾済","許諾番号",IF(G24="申請予定","申請予定日",IF(G24="他者申請","申請者名","－"))) -> － | L25: 一般社団法人日本音楽著作権協会 複製部 | AB25: 21 | AD25: =IF($AD$3="","",$AD$3) | AF25: =VLOOKUP(AB25,【非】貼付!$A$42:$P$63,5,FALSE) -> #N/A | AH25: =VLOOKUP(AB25,【非】貼付!$A$42:$P$63,7,FALSE) -> #N/A | AI25: =VLOOKUP(AB25,【非】貼付!$A$42:$P$63,8,FALSE) -> #N/A | AM25: =IF($G$23="", "", IF(TRIM($G$22)="曲のみ", "器楽",$G$23)) | AQ25: 0.1
B26: ※「広告主名」「商品名」は、「広告目的複製」のご申請内容と同一となるようご注意ください。 | L26: 〒151-8540 東京都渋谷区上原3丁目6番12号 E-mail agm-ad@jasrac.or.jp
B27: ※J-WIDに表示のある著作者の訳詞・編曲をご利用の場合は（訳詞者名・編曲者名）もご記載ください。
V28: 202507

Sheet ①テレビ
N1: 放 送 局 及 び 放 送 回 数
A2: テレビＣＭ放送報告書兼請求明細書 | N2: 1類 | O2: 日本テレビ | P2: NTV | R2: ＴＢＳテレビ | S2: TBS | U2: フジテレビ | V2: CX | X2: テレビ朝日 | Y2: EX
A4: 一般社団法人日本音楽著作権協会 御中 | N4: 2類 | O4: 読売 | P4: YTV | R4: 毎日 | S4: MBS | U4: 関西 | V4: KTV | X4: 朝日 | Y4: ABC | AA4: テレビ東京 | AB4: TX
B5: テレビCMの放送回数が確定しましたので報告します。
A6: 報告日 | I6: 許諾番号※ | N6: 3類 | O6: 中京 | P6: CTV | R6: ＣＢＣテレビ | S6: CBC | U6: 東海 | V6: THK | X6: 名古屋 | Y6: NBN
A7: 報告期間(3か月以内) | I7: ～
B8: ※広告展開利用の許諾番号（メールで通知済みの数字6桁）をご入力ください。 | N8: 4類 | O8: 札幌 | P8: STV | R8: 北海道 | S8: HBC | U8: 北海道文化 | V8: UHB | X8: 北海道ﾃﾚﾋﾞ | Y8: HTB | AA8: 東京ﾒﾄﾛﾎﾟﾘﾀﾝ | AB8: MX
A9: ↓「広告展開利用申込書」シートの内容が反映されます。 | O9: 福岡 | P9: FBS | R9: ＲＫＢ毎日 | S9: RKB | U9: ﾃﾚﾋﾞ西日本 | V9: TNC | X9: 九州朝日 | Y9: KBC
A10: 申込者 | B10: 住所 | D10: =広告展開利用申込書!$G$6&" "&広告展開利用申込書!G7 | N10: 5類 | O10: 広島 | P10: HTV | R10: 東北 | S10: TBC | U10: 仙台 | V10: OX | AA10: ﾃﾚﾋﾞ北海道 | AB10: TVH
R11: 新潟 | S11: BSN | U11: 福島 | V11: FTV | AA11: ﾃﾚﾋﾞ愛知 | AB11: TVA
B12: 法人名 | D12: =IF(広告展開利用申込書!G8="","",広告展開利用申込書!G8) | R12: 信越 | S12: SBC | U12: 新潟総合 | V12: NST | AA12: ﾃﾚﾋﾞ大阪 | AB12: TVO
R13: 静岡 | S13: SBS | U13: ﾃﾚﾋﾞ静岡 | V13: SUT | AA13: ＴＶＱ九州 | AB13: TVQ
B14: 部署名 | D14: =IF(広告展開利用申込書!G10="","",広告展開利用申込書!G10) | I14: 担当者名 | J14: =IF(広告展開利用申込書!G11="","",広告展開利用申込書!G11) | R14: 山陽 | S14: RSK
B15: ＴＥＬ | D15: =IF(広告展開利用申込書!G12="","",広告展開利用申込書!G12) | I15: 携帯電話 | J15: =IF(広告展開利用申込書!G13="","",広告展開利用申込書!G13) | R15: 中国 | S15: RCC
B16: Ｅ－ｍａｉｌ | D16: =IF(広告展開利用申込書!G14="","",広告展開利用申込書!G14) | N16: 6類 | O16: 青森 | P16: RAB | R16: 青森テレビ | S16: ATV | U16: 岩手めんこい | V16: MIT | X16: 青森朝日 | Y16: ABA | AA16: とちぎテレビ | AB16: GYT
A17: 広告の内容 | B17: 広告主名 | D17: =IF(広告展開利用申込書!G16="","",広告展開利用申込書!G16) | O17: ﾃﾚﾋﾞ岩手 | P17: TVI | R17: ＩＢＣ岩手 | S17: IBC | U17: 秋田テレビ | V17: AKT | X17: 岩手朝日 | Y17: IAT | AA17: 群馬テレビ | AB17: GTV
O18: 宮城 | P18: MMT | R18: ﾃﾚﾋﾞﾕｰ山形 | S18: TUY | U18: さくらんぼ | V18: SAY | X18: 東日本 | Y18: KHB | AA18: ﾃﾚﾋﾞ埼玉 | AB18: TVS
B19: 商品名 | D19: =IF(広告展開利用申込書!G17="","",広告展開利用申込書!G17) | O19: 秋田 | P19: ABS | R19: ﾃﾚﾋﾞﾕｰ福島 | S19: TUF | U19: 長野 | V19: NBS | X19: 秋田朝日 | Y19: AAB | AA19: 千葉 | AB19: CTC
O20: 山形 | P20: YBC | R20: ﾃﾚﾋﾞ山梨 | S20: UTY | U20: 富山 | V20: BBT | X20: 山形テレビ | Y20: YTS | AA20: ﾃﾚﾋﾞ神奈川 | AB20: TVK
B21: 楽曲名 | D21: =IF(広告展開利用申込書!G18="","",広告展開利用申込書!G18) | O21: 福島中央 | P21: FCT | R21: ﾁｭｰﾘｯﾌﾟ | S21: TUT | U21: 石川 | V21: ITC | X21: 福島 | Y21: KFB | AA21: 岐阜 | AB21: GBS
O22: ﾃﾚﾋﾞ新潟 | P22: TeNY | R22: 北陸 | S22: MRO | U22: 福井テレビ | V22: FTB | X22: 新潟ﾃﾚﾋﾞ21 | Y22: UX | AA22: 三重 | AB22: MTV
B23: 作品コード | D23: =IF(広告展開利用申込書!G21="","",広告展開利用申込書!G21) | G23: 詞曲 | I23: =IF(広告展開利用申込書!G22="","",広告展開利用申込書!G22) | J23: 原訳区分 | K23: =IF(広告展開利用申込書!G23="","",広告展開利用申込書!G23) | O23: ﾃﾚﾋﾞ信州 | P23: TSB | R23: 山陰 | S23: BSS | U23: 山陰中央 | V23: TSK | X23: 長野朝日 | Y23: ABN | AA23: びわ湖 | AB23: BBC
O24: 山梨 | P24: YBS | R24: ﾃﾚﾋﾞ山口 | S24: TYS | U24: 岡山 | V24: OHK | X24: 静岡朝日 | Y24: SATV | AA24: 京都 | AB24: KBS
A25: 請求明細 | O25: 静岡第一 | P25: SDT | R25: あいテレビ | S25: ITV | U25: ﾃﾚﾋﾞ新広島 | V25: TSS | X25: 北陸朝日 | Y25: HAB | AA25: 奈良 | AB25: TVN
A26: 1 使用料計算 | J26: （単位：円） | O26: 北日本 | P26: KNB | R26: ﾃﾚﾋﾞ高知 | S26: KUTV | U26: ﾃﾚﾋﾞ愛媛 | V26: EBC | X26: 広島ホーム | Y26: HOME | AA26: サンテレビ | AB26: SUN
A27: 類別 | C27: 単価 | E27: 放送回数(ｲ) | G27: 小計(ﾛ) | I27: 使用料 | J27: =G34 -> 0 | O27: ﾃﾚﾋﾞ金沢 | P27: KTK | R27: 長崎 | S27: NBC | U27: 高知さんさん | V27: KSS | X27: 山口朝日 | Y27: YAB | AA27: ﾃﾚﾋﾞ和歌山 | AB27: WTV
A28: 1類 | C28: =TRUNC(【非】式!E2*【非】式!$C$2) -> 12000 | D28: × | E28: =SUM(Q2,T2,W2,Z2,) -> 0 | F28: ＝ | G28: =C28*E28 -> 0 | I28: 消費税(10%) | J28: =ROUNDDOWN(J27*0.1,0) -> 0 | O28: 福井 | P28: FBC | R28: 熊本 | S28: RKK | U28: サガ | V28: STS | X28: 瀬戸内海 | Y28: KSB | AA28: ﾃﾚﾋﾞせとうち | AB28: TSC
A29: 2類 | C29: =TRUNC(【非】式!E3*【非】式!$C$2) -> 8400 | D29: × | E29: =SUM(Q4,T4,W4,Z4,AC4) -> 0 | F29: ＝ | G29: =C29*E29 -> 0 | I29: 請求額 | J29: =SUM(J27:J28) -> 0 | O29: 日本海 | P29: NKT | R29: 大分 | S29: OBS | U29: ﾃﾚﾋﾞ長崎 | V29: KTN | X29: 愛媛朝日 | Y29: EAT | AC29: =SUM(AC4:AC28) -> 0
A30: 3類 | C30: =TRUNC(【非】式!E4*【非】式!$C$2) -> 7200 | D30: × | E30: =SUM(Q6,T6,W6,Z6,) -> 0 | F30: ＝ | G30: =C30*E30 -> 0 | O30: 山口 | P30: KRY | R30: 宮崎 | S30: MRT | U30: ﾃﾚﾋﾞ熊本 | V30: TKU | X30: 長崎文化 | Y30: NCC
A31: 4類 | C31: =TRUNC(【非】式!E5*【非】式!$C$2) -> 4800 | D31: × | E31: =SUM(Q8:Q9,T8:T9,W8:W9,Z8:Z9,AC8) -> 0 | F31: ＝ | G31: =C31*E31 -> 0 | O31: 四国 | P31: JRT | R31: 南日本 | S31: MBC | U31: ﾃﾚﾋﾞ宮崎 | V31: UMK | X31: 熊本朝日 | Y31: KAB
A32: 5類 | C32: =TRUNC(【非】式!E6*【非】式!$C$2) -> 3600 | D32: × | E32: =SUM(Q10,T10:T15,W10:W13,AC10:AC13) -> 0 | F32: ＝ | G32: =C32*E32 -> 0 | O32: 西日本 | P32: RNC | R32: 琉球 | S32: RBC | U32: 鹿児島テレビ | V32: KTS | X32: 大分朝日 | Y32: OAB
A33: 6類 | C33: =TRUNC(【非】式!E7*【非】式!$C$2) -> 3000 | D33: × | E33: =SUM(Q16:Q38,T16:T32,W16:W33,Z16:Z34,AC16:AC28) -> 0 | F33: ＝ | G33: =C33*E33 -> 0 | O33: 南海 | P33: RNB | T33: =SUM(T2:T32) -> 0 | U33: 沖縄 | V33: OTV | X33: 鹿児島 | Y33: KKB
A34: 合計 | E34: =SUM(E28:E33) -> 0 | G34: =ROUNDDOWN(G28+G29+G30+G31+G32+G33,0) -> 0 | O34: 高知 | P34: RKC | W34: =SUM(W2:W33) -> 0 | X34: 琉球朝日 | Y34: QAB
O35: 長崎国際 | P35: NIB | Z35: =SUM(Z2:Z34) -> 0
A36: 2 利用許諾条項第８条に基づく減額を適用した場合の使用料計算 | O36: 熊本県民 | P36: KKT
A37: 放送回数区分 | C37: 回数 | E37: 平均単価(ﾛ/ｲ) | G37: 減額係数 | I37: 小計 | J37: 減額使用料 | K37: =I44 -> - | O37: ﾃﾚﾋﾞ大分 | P37: TOS
A38: 100回まで | C38: =IF(E34<=100,E34,100) -> 0 | D38: × | E38: =IFERROR(ROUND(G34/E34,2),"") | F38: × | G38: 1 | H38: ＝ | I38: =IFERROR(INT(E38*C38*G38),"-") -> - | J38: 消費税(10%) | K38: =IFERROR(ROUNDDOWN(K37*0.1,0),"-") -> - | O38: 鹿児島読売 | P38: KYT
A39: 101～300回 | C39: =IF(101<=E34,IF(E34<=300,+E34-100,200),0) -> 0 | D39: × | F39: × | G39: 0.9 | H39: ＝ | I39: =IFERROR(INT(E38*C39*G39),"-") -> - | J39: 減額請求額 | K39: =IF(SUM(K37:K38)=0,"-",SUM(K37:K38)) -> - | Q39: =SUM(Q2:Q38) -> 0
A40: 301～500回 | C40: =IF(E34>=301,IF(E34<=500,E34-300,200),0) -> 0 | D40: × | F40: × | G40: 0.7 | H40: ＝ | I40: =IFERROR(INT(E38*C40*G40),"-") -> - | N40: =IF(【非】式!C2<1,"（放送利用に関する当協会の管理率が"&TEXT(【非】式!C2*100,"0.00")&"%のため規定使用料の"&TEXT(【非】式!C2*100,"0.00")&"%で計算）","") | AA40: =IF(広告展開利用申込書!V20="","",広告展開利用申込書!V20)
A41: 501～3,000回 | C41: =IF(E34>=501,IF(E34<=3000,E34-500,2500),0) -> 0 | D41: × | F41: × | G41: 0.45 | H41: ＝ | I41: =IFERROR(INT(E38*C41*G41),"-") -> -
A42: 3,001～10,000回 | C42: =IF(E34>=3001,IF(E34<=10000,E34-3000,7000),0) -> 0 | D42: × | F42: × | G42: 0.4 | H42: ＝ | I42: =IFERROR(INT(E38*C42*G42),"-") -> - | N42: 請求日 | AA42: 確認印 | AB42: 担当印
A43: 10,001回以上 | C43: =IF(E34>=10001,+E34-10000,0) -> 0 | D43: × | F43: × | G43: 0.35 | H43: ＝ | I43: =IFERROR(INT(E38*C43*G43),"-") -> - | N43: 請求書番号 | U43: 一般社団法人日本音楽著作権協会 複製部
A44: 合計 | C44: =SUM(C38:C43) -> 0 | I44: =IF(E34>=101,SUM(I38:I43),"-") -> - | N44: 請求額 | S44: 円 | U44: 〒151-8540 東京都渋谷区上原3丁目6番12号
A45: ＊ | B45: 減額使用料は、放送回数が100回を超え、次の条件を全て満たした上で、報告回数に不備がなかった場合に適用します。 １ 放送利用開始日の前日までの広告展開利用に係る申込み ２ 放送報告期間を3か月以内とした放送報告期間終了日の２か月後の末日までの回数報告 | U45: E-mail agm-ad@jasrac.or.jp
AC47: =CONCATENATE(広告展開利用申込書!V28,"･B23") -> 202507･B23

Sheet ②ラジオ
N1: 放 送 局 及 び 放 送 回 数
A2: ラジオＣＭ放送報告書兼請求明細書 | N2: 1類 | O2: TBSラジオ | Q2: 6類 | R2: 青森 | U2: 山口
O3: 文化 | R3: FM青森 | U3: FM山口
A4: 一般社団法人日本音楽著作権協会 御中 | O4: ニッポン | R4: ＩＢＣ岩手 | U4: 四国
B5: ラジオCMの放送回数が確定しましたので報告します。 | N5: 2類 | O5: FM東京 | R5: FM岩手 | U5: 西日本
A6: 報告日 | I6: 許諾番号※ | O6: J-WAVE | R6: 秋田 | U6: FM香川
A7: 報告期間（3か月以内） | I7: ～ | O7: MBSラジオ | R7: FM秋田 | U7: 南海
B8: ※広告展開利用の許諾番号（メールで通知済みの数字6桁）をご入力ください。 | O8: 朝日 | R8: 山形 | U8: FM愛媛
O9: ラジオ大阪 | R9: FM山形 | U9: FM徳島
A10: ↓「広告展開利用申込書」シートの内容が反映されます。 | N10: 3類 | O10: RFﾗｼﾞｵ日本 | R10: FM福島 | U10: 高知
A11: 申込者 | B11: 住所 | D11: =広告展開利用申込書!$G$6&" "&広告展開利用申込書!G7 | O11: CBCラジオ | R11: FMラジオ新潟 | U11: FM高知
O12: 東海ラジオ | R12: 日経ラジオ | U12: LOVE FM
B13: 法人名 | D13: =IF(広告展開利用申込書!G8="","",広告展開利用申込書!G8) | O13: FM大阪 | R13: FM群馬 | U13: 長崎
N14: 4類 | O14: 北海道 | R14: 栃木 | U14: FM長崎
B15: 部署名 | D15: =IF(広告展開利用申込書!G10="","",広告展開利用申込書!G10) | I15: 担当者名 | J15: =IF(広告展開利用申込書!G11="","",広告展開利用申込書!G11) | O15: STVラジオ | R15: FM栃木 | U15: 熊本
B16: ＴＥＬ | D16: =IF(広告展開利用申込書!G12="","",広告展開利用申込書!G12) | I16: 携帯電話 | J16: =IF(広告展開利用申込書!G13="","",広告展開利用申込書!G13) | O16: 横浜FM | R16: LuckyFM茨城 | U16: FM熊本
B17: Ｅ－ｍａｉｌ | D17: =IF(広告展開利用申込書!G14="","",広告展開利用申込書!G14) | O17: FM愛知 | R17: interFM897 | U17: 大分
A18: 広告の内容 | B18: 広告主名 | D18: =IF(広告展開利用申込書!G16="","",広告展開利用申込書!G16) | O18: ZIP-FM | R18: FM NACK5 | U18: FM大分
O19: FM802 | R19: BAYFM | U19: 宮崎
B20: 商品名 | D20: =IF(広告展開利用申込書!G17="","",広告展開利用申込書!G17) | O20: RKB毎日 | R20: 長野FM | U20: FM宮崎
O21: 九州朝日 | R21: 山梨 | U21: FM佐賀
B22: 楽曲名 | D22: =IF(広告展開利用申込書!G18="","",広告展開利用申込書!G18) | N22: 5類 | O22: FM北海道 | R22: FM FUJI | U22: 南日本
O23: FMﾉｰｽｳｪｰﾌﾞ | R23: 北日本 | U23: FM鹿児島
B24: 作品コード | D24: =IF(広告展開利用申込書!G21="","",広告展開利用申込書!G21) | G24: 詞曲 | I24: =IF(広告展開利用申込書!G22="","",広告展開利用申込書!G22) | J24: 原訳区分 | K24: =IF(広告展開利用申込書!G23="","",広告展開利用申込書!G23) | O24: 東北 | R24: 富山FM | U24: 琉球
O25: FM仙台 | R25: 北陸 | U25: ラジオ沖縄
O26: ラジオ福島 | R26: FM石川 | U26: FM沖縄
A27: 請求明細 | O27: 新潟 | R27: 福井
A28: 1 使用料計算 | J28: （単位：円） | O28: 信越 | R28: 福井FM
A29: 類別 | C29: 単価 | E29: 放送回数(ｲ) | G29: 小計(ﾛ) | I29: 使用料 | J29: =G36 -> 0 | O29: 静岡 | R29: 岐阜
A30: 1類 | C30: =TRUNC(【非】式!E11*【非】式!$C$11) -> 5000 | D30: × | E30: =SUM(P2:P4) -> 0 | F30: ＝ | G30: =C30*E30 -> 0 | I30: 消費税(10%) | J30: =ROUNDDOWN(J29*0.1,0) -> 0 | O30: 静岡FM | R30: FM岐阜
A31: 2類 | C31: =TRUNC(【非】式!E12*【非】式!$C$11) -> 3500 | D31: × | E31: =SUM(P5:P9) -> 0 | F31: ＝ | G31: =C31*E31 -> 0 | I31: 請求額 | J31: =SUM(J29:J30) -> 0 | O31: 京都 | R31: 三重FM
A32: 3類 | C32: =TRUNC(【非】式!E13*【非】式!$C$11) -> 3000 | D32: × | E32: =SUM(P10:P13) -> 0 | F32: ＝ | G32: =C32*E32 -> 0 | O32: ラジオ関西 | R32: FM COCOLO
A33: 4類 | C33: =TRUNC(【非】式!E14*【非】式!$C$11) -> 2000 | D33: × | E33: =SUM(P14:P21) -> 0 | F33: ＝ | G33: =C33*E33 -> 0 | O33: Kiss FM KOBE | R33: FM京都
A34: 5類 | C34: =TRUNC(【非】式!E15*【非】式!$C$11) -> 1500 | D34: × | E34: =SUM(P22:P38) -> 0 | F34: ＝ | G34: =C34*E34 -> 0 | O34: 山陽 | R34: FM滋賀
A35: 6類 | C35: =TRUNC(【非】式!E16*【非】式!$C$11) -> 1250 | D35: × | E35: =SUM(T2:T38,V2:V26) -> 0 | F35: ＝ | G35: =C35*E35 -> 0 | O35: 中国 | R35: 和歌山
A36: 合計 | E36: =SUM(E30:E35) -> 0 | G36: =ROUNDDOWN(G30+G31+G32+G33+G34+G35,0) -> 0 | O36: 広島FM | R36: 山陰
O37: FM福岡 | R37: FM山陰
A38: 2 利用許諾条項第８条に基づく減額を適用した場合の使用料計算 | O38: CROSS FM | R38: 岡山FM
A39: 放送回数区分 | C39: 回数 | E39: 平均単価(ﾛ/ｲ) | G39: 減額係数 | I39: 小計 | J39: 減額使用料 | K39: =I46 -> -
A40: 100回まで | C40: =IF(E36<=100,E36,100) -> 0 | D40: × | E40: =IFERROR(ROUND(G36/E36,2),"") | F40: × | G40: 1 | H40: ＝ | I40: =IFERROR(INT(C40*E40*G40),"-") -> - | J40: 消費税(10%) | K40: =IFERROR(ROUNDDOWN(K39*0.1,0),"-") -> -
A41: 101～300回 | C41: =IF(101<=E36,IF(E36<=300,+E36-100,200),0) -> 0 | D41: × | F41: × | G41: 0.9 | H41: ＝ | I41: =IFERROR(INT(C41*E40*G41),"-") -> - | J41: 減額請求額 | K41: =IF(SUM(K39:K40)=0,"-",SUM(K39:K40)) -> - | N41: 請求日 | U41: =IF(広告展開利用申込書!V20="","",広告展開利用申込書!V20)
A42: 301～500回 | C42: =IF(E36>=301,IF(E36<=500,E36-300,200),0) -> 0 | D42: × | F42: × | G42: 0.7 | H42: ＝ | I42: =IFERROR(INT(C42*E40*G42),"-") -> - | N42: 請求書番号
A43: 501～3,000回 | C43: =IF(E36>=501,IF(E36<=3000,E36-500,2500),0) -> 0 | D43: × | F43: × | G43: 0.45 | H43: ＝ | I43: =IFERROR(INT(C43*E40*G43),"-") -> - | J43: =IF(【非】式!C11<1,"（放送利用に関する当協会の管理率が"&TEXT(【非】式!C11*100,"0.00")&"%のため規定使用料の"&TEXT(【非】式!C11*100,"0.00")&"%で計算）","") | N43: 請求額 | S43: 円
A44: 3,001～10,000回 | C44: =IF(E36>=3001,IF(E36<=10000,E36-3000,7000),0) -> 0 | D44: × | F44: × | G44: 0.4 | H44: ＝ | I44: =IFERROR(INT(C44*E40*G44),"-") -> - | U44: 確認印 | V44: 担当印
A45: 10,001回以上 | C45: =IF(E36>=10001,+E36-10000,0) -> 0 | D45: × | F45: × | G45: 0.35 | H45: ＝ | I45: =IFERROR(INT(C45*E40*G45),"-") -> -
A46: 合計 | C46: =SUM(C40:C45) -> 0 | I46: =IF(E36 >= 101,SUM(I40:I45),"-") -> - | N46: 一般社団法人日本音楽著作権協会 複製部
A47: ＊ | B47: 減額使用料は、放送回数が１００回を超え、次の条件を全て満たした上で、報告回数に不備がなかった場合に適用します。 １ 放送利用開始日の前日までの広告展開利用に係る申込み ２ 放送報告期間を3か月以内とした放送報告期間終了日の２か月後の末日までの回数報告 | N47: 〒151-8540 東京都渋谷区上原3丁目6番12号
N48: E-mail agm-ad@jasrac.or.jp
W50: =CONCATENATE(広告展開利用申込書!V28,"･B22") -> 202507･B22

Sheet ③配信
E2: インターネットＣＭ配信報告書兼請求明細書 | AA2: =IF(BF93<>"", "1/2", "") | AF2: 1 | AG2: サイト名 | AV2: 事前申込減額 | BC2: 期日内報告減額
AG3: 広告メニュー | AQ3: 配信報告期間(３か月以内） | BB3: 配信回数 | BF3: 合計配信回数
A4: 一般社団法人日本音楽著作権協会 御中 | AV4: ～ | BF4: =IF(SUM(BB4:BE6)>0,SUM(BB4:BE6),0) -> 0
AV5: ～ | BF5: 使用料（税抜）
B6: インターネットCMの配信回数が確定しましたので報告します。 | AV6: ～ | BF6: =IF(【非】式!I41>0,IF(【非】式!I41>5000,【非】式!I41,5000),0) -> 0 | BI6: 円
A7: 報告日 | P7: 許諾番号※ | AF7: 2 | AG7: サイト名 | AV7: 事前申込減額 | BC7: 期日内報告減額
AG8: 広告メニュー | AQ8: 配信報告期間(３か月以内） | BB8: 配信回数 | BF8: 合計配信回数
B9: ※広告展開利用の許諾番号（メールで通知済みの数字6桁）をご入力ください。 | AV9: ～ | BF9: =IF(SUM(BB9:BE11)>0,SUM(BB9:BE11),0) -> 0
AV10: ～ | BF10: 使用料（税抜）
AV11: ～ | BF11: =IF(【非】式!I42>0,IF(【非】式!I42>5000,【非】式!I42,5000),0) -> 0 | BI11: 円
A12: ↓「広告展開利用申込書」シートの内容が反映されます。 | AF12: 3 | AG12: サイト名 | AV12: 事前申込減額 | BC12: 期日内報告減額
A13: 申込者 | B13: 住所 | E13: =広告展開利用申込書!$G$6&" "&広告展開利用申込書!$G$7 | AG13: 広告メニュー | AQ13: 配信報告期間(３か月以内） | BB13: 配信回数 | BF13: 合計配信回数
AV14: ～ | BF14: =IF(SUM(BB14:BE16)>0,SUM(BB14:BE16),0) -> 0
B15: 法人名 | E15: =IF(広告展開利用申込書!$G$8="","",広告展開利用申込書!$G$8) | AV15: ～ | BF15: 使用料（税抜）
AV16: ～ | BF16: =IF(【非】式!I43>0,IF(【非】式!I43>5000,【非】式!I43,5000),0) -> 0 | BI16: 円
B17: 部署名 | E17: =IF(広告展開利用申込書!G10="","",広告展開利用申込書!G10) | P17: 担当者名 | S17: =IF(広告展開利用申込書!G11="","",広告展開利用申込書!G11) | AF17: 4 | AG17: サイト名 | AV17: 事前申込減額 | BC17: 期日内報告減額
B18: TEL | E18: =IF(広告展開利用申込書!$G$12="","",広告展開利用申込書!$G$12) | P18: 携帯電話 | S18: =IF(広告展開利用申込書!G13="","",広告展開利用申込書!G13) | AG18: 広告メニュー | AQ18: 配信報告期間(３か月以内） | BB18: 配信回数 | BF18: 合計配信回数
B19: E-mail | E19: =IF(広告展開利用申込書!G14="","",広告展開利用申込書!G14) | AV19: ～ | BF19: =IF(SUM(BB19:BE21)>0,SUM(BB19:BE21),0) -> 0
A20: 広告の内容 | B20: 広告主名 | E20: =IF(広告展開利用申込書!$G$16="","",広告展開利用申込書!$G$16) | AV20: ～ | BF20: 使用料（税抜）
AV21: ～ | BF21: =IF(【非】式!I44>0,IF(【非】式!I44>5000,【非】式!I44,5000),0) -> 0 | BI21: 円
B22: 商品名 | E22: =IF(広告展開利用申込書!$G$17="","",広告展開利用申込書!$G$17) | AF22: 5 | AG22: サイト名 | AV22: 事前申込減額 | BC22: 期日内報告減額
AG23: 広告メニュー | AQ23: 配信報告期間(３か月以内） | BB23: 配信回数 | BF23: 合計配信回数
B24: 楽曲名 | E24: =IF(広告展開利用申込書!$G$18="","",広告展開利用申込書!$G$18) | AV24: ～ | BF24: =IF(SUM(BB24:BE26)>0,SUM(BB24:BE26),0) -> 0
AV25: ～ | BF25: 使用料（税抜）
B26: 作品コード | E26: =IF(広告展開利用申込書!$G$21="","",広告展開利用申込書!$G$21) | P26: 詞曲 | S26: =IF(広告展開利用申込書!G22="","",広告展開利用申込書!G22) | W26: 原訳区分 | AA26: =IF(広告展開利用申込書!G23="","",広告展開利用申込書!G23) | AV26: ～ | BF26: =IF(【非】式!I45>0,IF(【非】式!I45>5000,【非】式!I45,5000),0) -> 0 | BI26: 円
AF27: 6 | AG27: サイト名 | AV27: 事前申込減額 | BC27: 期日内報告減額
AG28: 広告メニュー | AQ28: 配信報告期間(３か月以内） | BB28: 配信回数 | BF28: 合計配信回数
A29: 請求明細 | AV29: ～ | BF29: =IF(SUM(BB29:BE31)>0,SUM(BB29:BE31),0) -> 0
AV30: ～ | BF30: 使用料（税抜）
B31: 使用料合計 | L31: 消費税相当額（10％） | U31: 請求額 | AV31: ～ | BF31: =IF(【非】式!I46>0,IF(【非】式!I46>5000,【非】式!I46,5000),0) -> 0 | BI31: 円
B32: =SUM(BF6,BF11,BF16,BF21,BF26,BF31,BF36,BF41,AA57,AA62,AA67,AA72,AA77,AA82,AA87,AA92,BF52,BF57,BF62,BF67,BF72,BF77,BF82,BF87,BF92,) -> 0 | I32: 円 | J32: ＋ | L32: =TRUNC(B32*10%) -> 0 | R32: 円 | S32: ＝ | U32: =B32+L32 -> 0 | AC32: 円 | AF32: 7 | AG32: サイト名 | AV32: 事前申込減額 | BC32: 期日内報告減額
AG33: 広告メニュー | AQ33: 配信報告期間(３か月以内） | BB33: 配信回数 | BF33: 合計配信回数
P34: =IF(【非】式!C29<1,"（インタラクティブ配信利用に関する当協会の管理率が"&TEXT(【非】式!H41*100,"0.00")&"%のため規定使用料の"&TEXT(【非】式!H41*100,"0.00")&"%で計算）","") | AV34: ～ | BF34: =IF(SUM(BB34:BE36)>0,SUM(BB34:BE36),0) -> 0
AV35: ～ | BF35: 使用料（税抜）
B36: 請求日 | AV36: ～ | BF36: =IF(【非】式!I47>0,IF(【非】式!I47>5000,【非】式!I47,5000),0) -> 0 | BI36: 円
T37: =IF(広告展開利用申込書!V20="","",広告展開利用申込書!V20) | AF37: 8 | AG37: サイト名 | AV37: 事前申込減額 | BC37: 期日内報告減額
B38: 請求書番号 | AG38: 広告メニュー | AQ38: 配信報告期間(３か月以内） | BB38: 配信回数 | BF38: 合計配信回数
T39: 確認印 | Y39: 担当印 | AV39: ～ | BF39: =IF(SUM(BB39:BE41)>0,SUM(BB39:BE41),0) -> 0
B40: 請求額 | N40: 円 | AV40: ～ | BF40: 使用料（税抜）
AV41: ～ | BF41: =IF(【非】式!I48>0,IF(【非】式!I48>5000,【非】式!I48,5000),0) -> 0 | BI41: 円
BB42: =IF(BF93<>"", "1枚目合計", "") | BF42: =IF(BF93<>"", SUM(BF6,BF11,BF16,BF21,BF26,BF31,BF36,BF41), "")
B43: 一般社団法人日本音楽著作権協会 複製部 | AG43: ※ | AH43: 報告書には、配信回数（原則としてインプレッション数）を証明するための証憑書類を添付してください。
B44: 〒151-8540 東京都渋谷区上原3丁目6番12号 | AG44: ※ | AH44: 本書は、配信報告期間の終了日の２か月後の末日までにご提出ください。
B45: E-mail agm-ad@jasrac.or.jp | AG45: ※ | AH45: 「事前申込減額」「期日内報告減額」については、利用許諾条項第8条をご確認ください。
BI46: =CONCATENATE(広告展開利用申込書!V28,"･Y57") -> 202507･Y57
E48: インターネットＣＭ配信報告書兼請求明細書 | AA48: 2/2 | AF48: 17 | AG48: サイト名 | AV48: 事前申込減額 | BC48: 期日内報告減額
AG49: 広告メニュー | AQ49: 配信報告期間(３か月以内） | BB49: 配信回数 | BF49: 合計配信回数
AV50: ～ | BF50: =IF(SUM(BB50:BE52)>0,SUM(BB50:BE52),0) -> 0
B51: 許諾番号 | F51: =IF(③配信!S7="", "", ③配信!S7) | AV51: ～ | BF51: 使用料（税抜）
AV52: ～ | BF52: =IF(【非】式!I57>0,IF(【非】式!I57>5000,【非】式!I57,5000),0) -> 0 | BI52: 円
A53: 9 | B53: サイト名 | Q53: 事前申込減額 | X53: 期日内報告減額 | AF53: 18 | AG53: サイト名 | AV53: 事前申込減額 | BC53: 期日内報告減額
B54: 広告メニュー | L54: 配信報告期間(３か月以内） | W54: 配信回数 | AA54: 合計配信回数 | AG54: 広告メニュー | AQ54: 配信報告期間(３か月以内） | BB54: 配信回数 | BF54: 合計配信回数
Q55: ～ | AA55: =IF(SUM(W55:Z57)>0,SUM(W55:Z57),0) -> 0 | AV55: ～ | BF55: =IF(SUM(BB55:BE57)>0,SUM(BB55:BE57),0) -> 0
Q56: ～ | AA56: 使用料（税抜） | AV56: ～ | BF56: 使用料（税抜）
Q57: ～ | AA57: =IF(【非】式!I49>0,IF(【非】式!I49>5000,【非】式!I49,5000),0) -> 0 | AD57: 円 | AV57: ～ | BF57: =IF(【非】式!I58>0,IF(【非】式!I58>5000,【非】式!I58,5000),0) -> 0 | BI57: 円
A58: 10 | B58: サイト名 | Q58: 事前申込減額 | X58: 期日内報告減額 | AF58: 19 | AG58: サイト名 | AV58: 事前申込減額 | BC58: 期日内報告減額
B59: 広告メニュー | L59: 配信報告期間(３か月以内） | W59: 配信回数 | AA59: 合計配信回数 | AG59: 広告メニュー | AQ59: 配信報告期間(３か月以内） | BB59: 配信回数 | BF59: 合計配信回数
Q60: ～ | AA60: =IF(SUM(W60:Z62)>0,SUM(W60:Z62),0) -> 0 | AV60: ～ | BF60: =IF(SUM(BB60:BE62)>0,SUM(BB60:BE62),0) -> 0
Q61: ～ | AA61: 使用料（税抜） | AV61: ～ | BF61: 使用料（税抜）
Q62: ～ | AA62: =IF(【非】式!I50>0,IF(【非】式!I50>5000,【非】式!I50,5000),0) -> 0 | AD62: 円 | AV62: ～ | BF62: =IF(【非】式!I59>0,IF(【非】式!I59>5000,【非】式!I59,5000),0) -> 0 | BI62: 円
A63: 11 | B63: サイト名 | Q63: 事前申込減額 | X63: 期日内報告減額 | AF63: 20 | AG63: サイト名 | AV63: 事前申込減額 | BC63: 期日内報告減額
B64: 広告メニュー | L64: 配信報告期間(３か月以内） | W64: 配信回数 | AA64: 合計配信回数 | AG64: 広告メニュー | AQ64: 配信報告期間(３か月以内） | BB64: 配信回数 | BF64: 合計配信回数
Q65: ～ | AA65: =IF(SUM(W65:Z67)>0,SUM(W65:Z67),0) -> 0 | AV65: ～ | BF65: =IF(SUM(BB65:BE67)>0,SUM(BB65:BE67),0) -> 0
Q66: ～ | AA66: 使用料（税抜） | AV66: ～ | BF66: 使用料（税抜）
Q67: ～ | AA67: =IF(【非】式!I51>0,IF(【非】式!I51>5000,【非】式!I51,5000),0) -> 0 | AD67: 円 | AV67: ～ | BF67: =IF(【非】式!I60>0,IF(【非】式!I60>5000,【非】式!I60,5000),0) -> 0 | BI67: 円
A68: 12 | B68: サイト名 | Q68: 事前申込減額 | X68: 期日内報告減額 | AF68: 21 | AG68: サイト名 | AV68: 事前申込減額 | BC68: 期日内報告減額
B69: 広告メニュー | L69: 配信報告期間(３か月以内） | W69: 配信回数 | AA69: 合計配信回数 | AG69: 広告メニュー | AQ69: 配信報告期間(３か月以内） | BB69: 配信回数 | BF69: 合計配信回数
Q70: ～ | AA70: =IF(SUM(W70:Z72)>0,SUM(W70:Z72),0) -> 0 | AV70: ～ | BF70: =IF(SUM(BB70:BE72)>0,SUM(BB70:BE72),0) -> 0
Q71: ～ | AA71: 使用料（税抜） | AV71: ～ | BF71: 使用料（税抜）
Q72: ～ | AA72: =IF(【非】式!I52>0,IF(【非】式!I52>5000,【非】式!I52,5000),0) -> 0 | AD72: 円 | AV72: ～ | BF72: =IF(【非】式!I61>0,IF(【非】式!I61>5000,【非】式!I61,5000),0) -> 0 | BI72: 円
A73: 13 | B73: サイト名 | Q73: 事前申込減額 | X73: 期日内報告減額 | AF73: 22 | AG73: サイト名 | AV73: 事前申込減額 | BC73: 期日内報告減額
B74: 広告メニュー | L74: 配信報告期間(３か月以内） | W74: 配信回数 | AA74: 合計配信回数 | AG74: 広告メニュー | AQ74: 配信報告期間(３か月以内） | BB74: 配信回数 | BF74: 合計配信回数
Q75: ～ | AA75: =IF(SUM(W75:Z77)>0,SUM(W75:Z77),0) -> 0 | AV75: ～ | BF75: =IF(SUM(BB75:BE77)>0,SUM(BB75:BE77),0) -> 0
Q76: ～ | AA76: 使用料（税抜） | AV76: ～ | BF76: 使用料（税抜）
Q77: ～ | AA77: =IF(【非】式!I53>0,IF(【非】式!I53>5000,【非】式!I53,5000),0) -> 0 | AD77: 円 | AV77: ～ | BF77: =IF(【非】式!I62>0,IF(【非】式!I62>5000,【非】式!I62,5000),0) -> 0 | BI77: 円
A78: 14 | B78: サイト名 | Q78: 事前申込減額 | X78: 期日内報告減額 | AF78: 23 | AG78: サイト名 | AV78: 事前申込減額 | BC78: 期日内報告減額
B79: 広告メニュー | L79: 配信報告期間(３か月以内） | W79: 配信回数 | AA79: 合計配信回数 | AG79: 広告メニュー | AQ79: 配信報告期間(３か月以内） | BB79: 配信回数 | BF79: 合計配信回数
Q80: ～ | AA80: =IF(SUM(W80:Z82)>0,SUM(W80:Z82),0) -> 0 | AV80: ～ | BF80: =IF(SUM(BB80:BE82)>0,SUM(BB80:BE82),0) -> 0
Q81: ～ | AA81: 使用料（税抜） | AV81: ～ | BF81: 使用料（税抜）
Q82: ～ | AA82: =IF(【非】式!I54>0,IF(【非】式!I54>5000,【非】式!I54,5000),0) -> 0 | AD82: 円 | AV82: ～ | BF82: =IF(【非】式!I63>0,IF(【非】式!I63>5000,【非】式!I63,5000),0) -> 0 | BI82: 円
A83: 15 | B83: サイト名 | Q83: 事前申込減額 | X83: 期日内報告減額 | AF83: 24 | AG83: サイト名 | AV83: 事前申込減額 | BC83: 期日内報告減額
B84: 広告メニュー | L84: 配信報告期間(３か月以内） | W84: 配信回数 | AA84: 合計配信回数 | AG84: 広告メニュー | AQ84: 配信報告期間(３か月以内） | BB84: 配信回数 | BF84: 合計配信回数
Q85: ～ | AA85: =IF(SUM(W85:Z87)>0,SUM(W85:Z87),0) -> 0 | AV85: ～ | BF85: =IF(SUM(BB85:BE87)>0,SUM(BB85:BE87),0) -> 0
Q86: ～ | AA86: 使用料（税抜） | AV86: ～ | BF86: 使用料（税抜）
Q87: ～ | AA87: =IF(【非】式!I55>0,IF(【非】式!I55>5000,【非】式!I55,5000),0) -> 0 | AD87: 円 | AV87: ～ | BF87: =IF(【非】式!I64>0,IF(【非】式!I64>5000,【非】式!I64,5000),0) -> 0 | BI87: 円
A88: 16 | B88: サイト名 | Q88: 事前申込減額 | X88: 期日内報告減額 | AF88: 25 | AG88: サイト名 | AV88: 事前申込減額 | BC88: 期日内報告減額
B89: 広告メニュー | L89: 配信報告期間(３か月以内） | W89: 配信回数 | AA89: 合計配信回数 | AG89: 広告メニュー | AQ89: 配信報告期間(３か月以内） | BB89: 配信回数 | BF89: 合計配信回数
Q90: ～ | AA90: =IF(SUM(W90:Z92)>0,SUM(W90:Z92),0) -> 0 | AV90: ～ | BF90: =IF(SUM(BB90:BE92)>0,SUM(BB90:BE92),0) -> 0
Q91: ～ | AA91: 使用料（税抜） | AV91: ～ | BF91: 使用料（税抜）
Q92: ～ | AA92: =IF(【非】式!I56>0,IF(【非】式!I56>5000,【非】式!I56,5000),0) -> 0 | AD92: 円 | AV92: ～ | BF92: =IF(【非】式!I65>0,IF(【非】式!I65>5000,【非】式!I65,5000),0) -> 0 | BI92: 円
BB93: =IF(BF93="", "", "2枚目合計") | BF93: =IF(SUM(AA57,AA62,AA67,AA72,AA77,AA82,AA87,AA92,BF52,BF57,BF62,BF67,BF72,BF77,BF82,BF87,BF92), SUM(AA57,AA62,AA67,AA72,AA77,AA82,AA87,AA92,BF52,BF57,BF62,BF67,BF72,BF77,BF82,BF87,BF92), "")
BI95: =CONCATENATE(広告展開利用申込書!V28,"･Y57") -> 202507･Y57

Sheet ④劇場用CM
A2: 劇場用CM上映報告書兼明細書 | AA2: 請求明細
A5: 一般社団法人日本音楽著作権協会 御中
B7: 劇場用CMの利用内容が確定しましたので報告します。
A8: 報告日 | N8: 許諾番号※ | AA8: １スクリ―ン当たり の使用料 | AJ8: スクリーン数 | AP8: 使用料（税抜）
B10: ※広告展開利用の許諾番号（メールで通知済みの数字6桁）をご入力ください。 | AA10: =(【非】式!F68*【非】式!$C$68) -> 0 | AH10: 円 | AI10: × | AJ10: =F31 -> 0 | AO10: ＝ | AP10: =TRUNC(AJ10*AA10) -> 0 | AX10: 円
A12: ↓「広告展開利用申込書」シートの内容が反映されます。
A13: 申込者 | B13: 住所 | E13: =広告展開利用申込書!$G$6&" "&広告展開利用申込書!$G$7
B15: 法人名 | E15: =IF(広告展開利用申込書!$G$8="","",広告展開利用申込書!$G$8) | AA15: 使用料（税抜） | AJ15: 消費税相当額 (10%) | AP15: 請求額
B17: 部署名 | E17: =IF(広告展開利用申込書!G10="","",広告展開利用申込書!G10) | N17: 担当者名 | Q17: =IF(広告展開利用申込書!G11="","",広告展開利用申込書!G11) | AA17: =AP10 -> 0 | AH17: 円 | AI17: ＋ | AJ17: =TRUNC(AA17*0.1) -> 0 | AN17: 円 | AO17: ＝ | AP17: =AA17+AJ17 -> 0 | AX17: 円
B18: TEL | E18: =IF(広告展開利用申込書!$G$12="","",広告展開利用申込書!$G$12) | N18: 携帯電話 | Q18: =IF(広告展開利用申込書!G13="","",広告展開利用申込書!G13)
B19: E-mail | E19: =IF(広告展開利用申込書!G14="","",広告展開利用申込書!G14) | AA19: =IF(【非】式!C68<1,"（上映利用に関する当協会の管理率が"&TEXT(【非】式!C68*100,"0.00")&"%のため規定使用料の"&TEXT(【非】式!C68*100,"0.00")&"%で計算）","")
A20: 広告の内容 | B20: 広告主名 | E20: =IF(広告展開利用申込書!$G$16="","",広告展開利用申込書!$G$16)
B22: 商品名 | E22: =IF(広告展開利用申込書!$G$17="","",広告展開利用申込書!$G$17)
B24: 楽曲名 | E24: =IF(広告展開利用申込書!$G$18="","",広告展開利用申込書!$G$18) | AA24: 請求日
AO25: =IF(広告展開利用申込書!V20="","",広告展開利用申込書!V20)
B26: 作品コード | E26: =IF(広告展開利用申込書!$G$21="","",広告展開利用申込書!$G$21) | N26: 詞曲 | Q26: =IF(広告展開利用申込書!G22="","",広告展開利用申込書!G22) | T26: 原訳区分 | V26: =IF(広告展開利用申込書!G23="","",広告展開利用申込書!G23) | AA26: 請求書番号
A28: 利用内容 | AA28: 請求額 | AL28: 円 | AO28: 確認印 | AT28: 担当印
A29: 上映開始日 | F29: スクリーン数 | J29: 利用時間 | P29: 主な上映館
J30: 分 | M30: 秒
AA31: 一般社団法人日本音楽著作権協会 複製部
AA32: 〒151-8540 東京都渋谷区上原3丁目6番12号
A33: ※スクリーン数は、同時に上映する最大のスクリーン数をご入力ください。 | AA33: E-mail agm-ad@jasrac.or.jp
A34: ※本書は、上映開始日の翌月の末日までにご提出ください。 | AX34: =CONCATENATE(広告展開利用申込書!V28,"･D20") -> 202507･D20

Sheet ⑤店頭
AB3: 請求明細
A4: =IF(B2="上映","店頭でのCM上映報告書兼請求明細書",IF(B2="演奏","店頭でのCM演奏報告書兼請求明細書",""))
AB6: 1個当たりの使用料 | AO6: 複製個数 | AU6: 使用料小計（税抜）
A7: 一般社団法人日本音楽著作権協会 御中
AB8: 1～10個 | AI8: 2000 | AM8: 円 | AN8: × | AO8: =IF($F$35<=10,$F$35,10) -> 0 | AT8: ＝ | AU8: =AI8*AO8 -> 0 | AZ8: 円
B9: =IF(B2="上映","店頭でのCM上映の利用内容が確定しましたので報告します。",IF(B2="演奏","店頭でのCM演奏の利用内容が確定しましたので報告します。",""))
A10: 報告日 | N10: 許諾番号※ | AB10: 11～50個 | AI10: 1000 | AM10: 円 | AN10: × | AO10: =IF($F$35<=10,0,IF($F$35<=50,$F$35-10,40)) -> 0 | AT10: ＝ | AU10: =AI10*AO10 -> 0 | AZ10: 円
B12: ※広告展開利用の許諾番号（メールで通知済みの数字6桁）をご入力ください。 | AB12: 51～100個 | AI12: 500 | AM12: 円 | AN12: × | AO12: =IF($F$35<=50,0,IF($F$35<=100,$F$35-50,50)) -> 0 | AT12: ＝ | AU12: =AI12*AO12 -> 0 | AZ12: 円
AB14: 101～500個 | AI14: 400 | AM14: 円 | AN14: × | AO14: =IF($F$35<=100,0,IF($F$35<=500,$F$35-100,400)) -> 0 | AT14: ＝ | AU14: =AI14*AO14 -> 0 | AZ14: 円
A15: ↓「広告展開利用申込書」シートの内容が反映されます。
A16: 申込者 | B16: 住所 | E16: =広告展開利用申込書!$G$6&" "&広告展開利用申込書!$G$7 | AB16: 501～1,000個 | AI16: 300 | AM16: 円 | AN16: × | AO16: =IF($F$35<=500,0,IF($F$35<=1000,$F$35-500,500)) -> 0 | AT16: ＝ | AU16: =AI16*AO16 -> 0 | AZ16: 円
B18: 法人名 | E18: =IF(広告展開利用申込書!$G$8="","",広告展開利用申込書!$G$8) | AB18: 1,001～10,000個 | AI18: 200 | AM18: 円 | AN18: × | AO18: =IF($F$35<=1000,0,IF($F$35<=10000,$F$35-1000,9000)) -> 0 | AT18: ＝ | AU18: =AI18*AO18 -> 0 | AZ18: 円
B20: 部署名 | E20: =IF(広告展開利用申込書!G10="","",広告展開利用申込書!G10) | N20: 担当者名 | Q20: =IF(広告展開利用申込書!G11="","",広告展開利用申込書!G11) | AB20: 10,001個以上 | AI20: 100 | AM20: 円 | AN20: × | AO20: =IF($F$35<=10000,0,$F$35-10000) -> 0 | AT20: ＝ | AU20: =AI20*AO20 -> 0 | AZ20: 円
B21: TEL | E21: =IF(広告展開利用申込書!$G$12="","",広告展開利用申込書!$G$12) | N21: 携帯電話 | Q21: =IF(広告展開利用申込書!G13="","",広告展開利用申込書!G13)
B22: E-mail | E22: =IF(広告展開利用申込書!G14="","",広告展開利用申込書!G14) | AB22: 合計 | AO22: =SUM(AO8:AS21) -> 0 | AU22: =SUM(AU8:AX20) -> 0 | AZ22: 円
A23: 広告の内容 | B23: 広告主名 | E23: =IF(広告展開利用申込書!$G$16="","",広告展開利用申込書!$G$16)
B25: 商品名 | E25: =IF(広告展開利用申込書!$G$17="","",広告展開利用申込書!$G$17) | AB25: 使用料（税抜） | AM25: 消費税相当額(10%) | AU25: 請求額
B27: 楽曲名 | E27: =IF(広告展開利用申込書!$G$18="","",広告展開利用申込書!$G$18) | AB27: =AU22 -> 0 | AJ27: 円 | AK27: ＋ | AM27: =AB27*0.1 -> 0 | AS27: 円 | AT27: ＝ | AU27: =AB27+AM27 -> 0 | AZ27: 円
B29: 作品コード | E29: =IF(広告展開利用申込書!$G$21="","",広告展開利用申込書!$G$21) | N29: 詞曲 | Q29: =IF(広告展開利用申込書!G22="","",広告展開利用申込書!G22) | T29: 原訳区分 | W29: =IF(広告展開利用申込書!G23="","",広告展開利用申込書!G23)
AB31: 請求日 | AS31: =IF(広告展開利用申込書!V20="","",広告展開利用申込書!V20)
A32: 利用内容
A33: =IF(B2="上映","上映開始日",IF(B2="演奏","演奏開始日","")) | F33: 複製個数 | J33: １回当たりの利用時間 | P33: =IF(B2="上映","主な上映場所",IF(B2="演奏","主な演奏場所","")) | AB33: 請求書番号
J34: 分 | M34: 秒 | AS34: 確認印 | AW34: 担当印
AB35: 請求額 | AO35: 円
A37: =IF(B2="上映","※複製個数は、上映用の媒体数又は上映するモニター数のいずれか多い方の数をご入力ください。",IF(B2="演奏","※複製個数は、演奏用の媒体数又は演奏する店舗数のいずれか多い方の数をご入力ください。",""))
A38: =IF(B2="上映","※上映用の媒体に複数曲を収録する場合にはあらかじめご連絡ください。",IF(B2="演奏","※演奏用の媒体に複数曲を収録する場合にはあらかじめご連絡ください。","")) | AB38: 一般社団法人日本音楽著作権協会 複製部
A39: =IF(B2="上映","※本書は、上映開始日の翌月の末日までにご提出ください。",IF(B2="演奏","※本書は、演奏開始日の翌月の末日までにご提出ください。","")) | AB39: 〒151-8540 東京都渋谷区上原3丁目6番12号
AB40: E-mail agm-ad@jasrac.or.jp | AZ40: =CONCATENATE(広告展開利用申込書!V28,IF(B2="上映","･A44",IF(B2="演奏","･A27",""))) -> 202507

Sheet ⑥店頭以外
F2: 店頭以外でのCM上映報告書兼請求明細書 | X2: =IF(AZ78<>"", "1/2", "") | AC2: 1 | AD2: 利用形態 | AO2: 上映期間 | AX2: ～
F3: （街頭ビジョン、交通機関、その他のデジタルサイネージ） | AD3: =IF(AG2="街頭ビジョン","ビジョン名",IF(AG2="デジタルサイネージ","サイネージ名",IF(AG2="電車内広告","路線名",IF(AG2="自動車内広告","サービス名","")))) | AO3: =IF(AG2="街頭ビジョン","1台当たりの回数",IF(AG2="デジタルサイネージ","1台当たりの回数",IF(AG2="電車内広告","1両当たりの回数",IF(AG2="自動車内広告","1台当たりの回数","")))) | AU3: 回 | AW3: 算定方法 | AZ3: =IF(AG2="","",IF(【非】式2!G122="","",【非】式2!H122))
A4: 一般社団法人 日本音楽著作権協会 御中 | AD4: 媒体費(円) | AO4: =IF(AG2="街頭ビジョン","モニター台数",IF(AG2="デジタルサイネージ","モニター台数",IF(AG2="電車内広告","1編成の車両数",IF(AG2="自動車内広告","自動車台数","")))) | AU4: =IF(AG2="街頭ビジョン","台",IF(AG2="デジタルサイネージ","台",IF(AG2="電車内広告","両",IF(AG2="自動車内広告","台","")))) | AW4: 上映回数 | AZ4: =IFERROR(IF(IF(AG2="電車内広告",AS5*AS4*AS3,AS4*AS3)=0,"",IF(AG2="電車内広告",AS5*AS4*AS3,AS4*AS3)),"") | BC4: 回
AD5: 公表URL | AO5: =IF(AG2="電車内広告","編成数","") | AU5: =IF(AG2="電車内広告","編成","") | AW5: 使用料 | AZ5: =IF(BD3="有",0,IF(AG2="","",IF(【非】式2!G122=0,0,【非】式2!G122))) | BC5: 円
B6: CM上映の利用内容が確定しましたので報告します。 | AC6: 2 | AD6: 利用形態 | AO6: 上映期間 | AX6: ～
A7: 報告日 | O7: 許諾番号※ | AD7: =IF(AG6="街頭ビジョン","ビジョン名",IF(AG6="デジタルサイネージ","サイネージ名",IF(AG6="電車内広告","路線名",IF(AG6="自動車内広告","サービス名","")))) | AO7: =IF(AG6="街頭ビジョン","1台当たりの回数",IF(AG6="デジタルサイネージ","1台当たりの回数",IF(AG6="電車内広告","1両当たりの回数",IF(AG6="自動車内広告","1台当たりの回数","")))) | AU7: 回 | AW7: 算定方法 | AZ7: =IF(AG6="","",IF(【非】式2!G123="","",【非】式2!H123))
AD8: 媒体費(円) | AO8: =IF(AG6="街頭ビジョン","モニター台数",IF(AG6="デジタルサイネージ","モニター台数",IF(AG6="電車内広告","1編成の車両数",IF(AG6="自動車内広告","自動車台数","")))) | AU8: =IF(AG6="街頭ビジョン","台",IF(AG6="デジタルサイネージ","台",IF(AG6="電車内広告","両",IF(AG6="自動車内広告","台","")))) | AW8: 上映回数 | AZ8: =IFERROR(IF(IF(AG6="電車内広告",AS9*AS8*AS7,AS8*AS7)=0,"",IF(AG6="電車内広告",AS9*AS8*AS7,AS8*AS7)),"") | BC8: 回
B9: ※広告展開利用の許諾番号（メールで通知済みの数字6桁）をご入力ください。 | AD9: 公表URL | AO9: =IF(AG6="電車内広告","編成数","") | AU9: =IF(AG6="電車内広告","編成","") | AW9: 使用料 | AZ9: =IF(BD7="有",0,IF(AG6="","",IF(【非】式2!G123=0,0,【非】式2!G123))) | BC9: 円
AC10: 3 | AD10: 利用形態 | AO10: 上映期間 | AX10: ～
A11: ↓「広告展開利用申込書」シートの内容が反映されます。 | AD11: =IF(AG10="街頭ビジョン","ビジョン名",IF(AG10="デジタルサイネージ","サイネージ名",IF(AG10="電車内広告","路線名",IF(AG10="自動車内広告","サービス名","")))) | AO11: =IF(AG10="街頭ビジョン","1台当たりの回数",IF(AG10="デジタルサイネージ","1台当たりの回数",IF(AG10="電車内広告","1両当たりの回数",IF(AG10="自動車内広告","1台当たりの回数","")))) | AU11: 回 | AW11: 算定方法 | AZ11: =IF(AG10="","",IF(【非】式2!G124="","",【非】式2!H124))
A12: 申込者 | B12: 住所 | F12: =広告展開利用申込書!$G$6&" "&広告展開利用申込書!$G$7 | AD12: 媒体費(円) | AO12: =IF(AG10="街頭ビジョン","モニター台数",IF(AG10="デジタルサイネージ","モニター台数",IF(AG10="電車内広告","1編成の車両数",IF(AG10="自動車内広告","自動車台数","")))) | AU12: =IF(AG10="街頭ビジョン","台",IF(AG10="デジタルサイネージ","台",IF(AG10="電車内広告","両",IF(AG10="自動車内広告","台","")))) | AW12: 上映回数 | AZ12: =IFERROR(IF(IF(AG10="電車内広告",AS13*AS12*AS11,AS12*AS11)=0,"",IF(AG10="電車内広告",AS13*AS12*AS11,AS12*AS11)),"") | BC12: 回
AD13: 公表URL | AO13: =IF(AG10="電車内広告","編成数","") | AU13: =IF(AG10="電車内広告","編成","") | AW13: 使用料 | AZ13: =IF(BD11="有",0,IF(AG10="","",IF(【非】式2!G124=0,0,【非】式2!G124))) | BC13: 円
B14: 法人名 | F14: =IF(広告展開利用申込書!$G$8="","",広告展開利用申込書!$G$8) | AC14: 4 | AD14: 利用形態 | AO14: 上映期間 | AX14: ～
AD15: =IF(AG14="街頭ビジョン","ビジョン名",IF(AG14="デジタルサイネージ","サイネージ名",IF(AG14="電車内広告","路線名",IF(AG14="自動車内広告","サービス名","")))) | AO15: =IF(AG14="街頭ビジョン","1台当たりの回数",IF(AG14="デジタルサイネージ","1台当たりの回数",IF(AG14="電車内広告","1両当たりの回数",IF(AG14="自動車内広告","1台当たりの回数","")))) | AU15: 回 | AW15: 算定方法 | AZ15: =IF(AG14="","",IF(【非】式2!G125="","",【非】式2!H125))
B16: 部署名 | F16: =IF(広告展開利用申込書!G10="","",広告展開利用申込書!G10) | O16: 担当者名 | R16: =IF(広告展開利用申込書!G11="","",広告展開利用申込書!G11) | AD16: 媒体費(円) | AO16: =IF(AG14="街頭ビジョン","モニター台数",IF(AG14="デジタルサイネージ","モニター台数",IF(AG14="電車内広告","1編成の車両数",IF(AG14="自動車内広告","自動車台数","")))) | AU16: =IF(AG14="街頭ビジョン","台",IF(AG14="デジタルサイネージ","台",IF(AG14="電車内広告","両",IF(AG14="自動車内広告","台","")))) | AW16: 上映回数 | AZ16: =IFERROR(IF(IF(AG14="電車内広告",AS17*AS16*AS15,AS16*AS15)=0,"",IF(AG14="電車内広告",AS17*AS16*AS15,AS16*AS15)),"") | BC16: 回
B17: TEL | F17: =IF(広告展開利用申込書!$G$12="","",広告展開利用申込書!$G$12) | O17: 携帯電話 | R17: =IF(広告展開利用申込書!G13="","",広告展開利用申込書!G13) | AD17: 公表URL | AO17: =IF(AG14="電車内広告","編成数","") | AU17: =IF(AG14="電車内広告","編成","") | AW17: 使用料 | AZ17: =IF(BD15="有",0,IF(AG14="","",IF(【非】式2!G125=0,0,【非】式2!G125))) | BC17: 円
B18: E-mail | F18: =IF(広告展開利用申込書!G14="","",広告展開利用申込書!G14) | AC18: 5 | AD18: 利用形態 | AO18: 上映期間 | AX18: ～
A19: 広告の内容 | B19: 広告主名 | F19: =IF(広告展開利用申込書!$G$16="","",広告展開利用申込書!$G$16) | AD19: =IF(AG18="街頭ビジョン","ビジョン名",IF(AG18="デジタルサイネージ","サイネージ名",IF(AG18="電車内広告","路線名",IF(AG18="自動車内広告","サービス名","")))) | AO19: =IF(AG18="街頭ビジョン","1台当たりの回数",IF(AG18="デジタルサイネージ","1台当たりの回数",IF(AG18="電車内広告","1両当たりの回数",IF(AG18="自動車内広告","1台当たりの回数","")))) | AU19: 回 | AW19: 算定方法 | AZ19: =IF(AG18="","",IF(【非】式2!G126="","",【非】式2!H126))
AD20: 媒体費(円) | AO20: =IF(AG18="街頭ビジョン","モニター台数",IF(AG18="デジタルサイネージ","モニター台数",IF(AG18="電車内広告","1編成の車両数",IF(AG18="自動車内広告","自動車台数","")))) | AU20: =IF(AG18="街頭ビジョン","台",IF(AG18="デジタルサイネージ","台",IF(AG18="電車内広告","両",IF(AG18="自動車内広告","台","")))) | AW20: 上映回数 | AZ20: =IFERROR(IF(IF(AG18="電車内広告",AS21*AS20*AS19,AS20*AS19)=0,"",IF(AG18="電車内広告",AS21*AS20*AS19,AS20*AS19)),"") | BC20: 回
B21: 商品名 | F21: =IF(広告展開利用申込書!$G$17="","",広告展開利用申込書!$G$17) | AD21: 公表URL | AO21: =IF(AG18="電車内広告","編成数","") | AU21: =IF(AG18="電車内広告","編成","") | AW21: 使用料 | AZ21: =IF(BD19="有",0,IF(AG18="","",IF(【非】式2!G126=0,0,【非】式2!G126))) | BC21: 円
AC22: 6 | AD22: 利用形態 | AO22: 上映期間 | AX22: ～
B23: 楽曲名 | F23: =IF(広告展開利用申込書!$G$18="","",広告展開利用申込書!$G$18) | AD23: =IF(AG22="街頭ビジョン","ビジョン名",IF(AG22="デジタルサイネージ","サイネージ名",IF(AG22="電車内広告","路線名",IF(AG22="自動車内広告","サービス名","")))) | AO23: =IF(AG22="街頭ビジョン","1台当たりの回数",IF(AG22="デジタルサイネージ","1台当たりの回数",IF(AG22="電車内広告","1両当たりの回数",IF(AG22="自動車内広告","1台当たりの回数","")))) | AU23: 回 | AW23: 算定方法 | AZ23: =IF(AG22="","",IF(【非】式2!G127="","",【非】式2!H127))
AD24: 媒体費(円) | AO24: =IF(AG22="街頭ビジョン","モニター台数",IF(AG22="デジタルサイネージ","モニター台数",IF(AG22="電車内広告","1編成の車両数",IF(AG22="自動車内広告","自動車台数","")))) | AU24: =IF(AG22="街頭ビジョン","台",IF(AG22="デジタルサイネージ","台",IF(AG22="電車内広告","両",IF(AG22="自動車内広告","台","")))) | AW24: 上映回数 | AZ24: =IFERROR(IF(IF(AG22="電車内広告",AS25*AS24*AS23,AS24*AS23)=0,"",IF(AG22="電車内広告",AS25*AS24*AS23,AS24*AS23)),"") | BC24: 回
B25: 作品コード | F25: =IF(広告展開利用申込書!$G$21="","",広告展開利用申込書!$G$21) | O25: 詞曲 | R25: =IF(広告展開利用申込書!G22="","",広告展開利用申込書!G22) | U25: 原訳区分 | X25: =IF(広告展開利用申込書!G23="","",広告展開利用申込書!G23) | AD25: 公表URL | AO25: =IF(AG22="電車内広告","編成数","") | AU25: =IF(AG22="電車内広告","編成","") | AW25: 使用料 | AZ25: =IF(BD23="有",0,IF(AG22="","",IF(【非】式2!G127=0,0,【非】式2!G127))) | BC25: 円
AC26: 7 | AD26: 利用形態 | AO26: 上映期間 | AX26: ～
A27: 請求明細 | AD27: =IF(AG26="街頭ビジョン","ビジョン名",IF(AG26="デジタルサイネージ","サイネージ名",IF(AG26="電車内広告","路線名",IF(AG26="自動車内広告","サービス名","")))) | AO27: =IF(AG26="街頭ビジョン","1台当たりの回数",IF(AG26="デジタルサイネージ","1台当たりの回数",IF(AG26="電車内広告","1両当たりの回数",IF(AG26="自動車内広告","1台当たりの回数","")))) | AU27: 回 | AW27: 算定方法 | AZ27: =IF(AG26="","",IF(【非】式2!G128="","",【非】式2!H128))
AD28: 媒体費(円) | AO28: =IF(AG26="街頭ビジョン","モニター台数",IF(AG26="デジタルサイネージ","モニター台数",IF(AG26="電車内広告","1編成の車両数",IF(AG26="自動車内広告","自動車台数","")))) | AU28: =IF(AG26="街頭ビジョン","台",IF(AG26="デジタルサイネージ","台",IF(AG26="電車内広告","両",IF(AG26="自動車内広告","台","")))) | AW28: 上映回数 | AZ28: =IFERROR(IF(IF(AG26="電車内広告",AS29*AS28*AS27,AS28*AS27)=0,"",IF(AG26="電車内広告",AS29*AS28*AS27,AS28*AS27)),"") | BC28: 回
B29: 使用料合計 | K29: 消費税相当額（10％） | S29: 請求額 | AD29: 公表URL | AO29: =IF(AG26="電車内広告","編成数","") | AU29: =IF(AG26="電車内広告","編成","") | AW29: 使用料 | AZ29: =IF(BD27="有",0,IF(AG26="","",IF(【非】式2!G128=0,0,【非】式2!G128))) | BC29: 円
B30: =SUM(AZ5,AZ9,AZ13,AZ17,AZ21,AZ25,AZ29,AZ33,X49,X53,X57,X61,X65,X69,X73,X77,AZ45,AZ49,AZ53,AZ57,AZ61,AZ65,AZ69,AZ73,AZ77) -> 0 | H30: 円 | I30: + | K30: =ROUNDDOWN(B30*0.1,0) -> 0 | P30: 円 | Q30: ＝ | S30: =B30+K30 -> 0 | Y30: 円 | AC30: 8 | AD30: 利用形態 | AO30: 上映期間 | AX30: ～
AD31: =IF(AG30="街頭ビジョン","ビジョン名",IF(AG30="デジタルサイネージ","サイネージ名",IF(AG30="電車内広告","路線名",IF(AG30="自動車内広告","サービス名","")))) | AO31: =IF(AG30="街頭ビジョン","1台当たりの回数",IF(AG30="デジタルサイネージ","1台当たりの回数",IF(AG30="電車内広告","1両当たりの回数",IF(AG30="自動車内広告","1台当たりの回数","")))) | AU31: 回 | AW31: 算定方法 | AZ31: =IF(AG30="","",IF(【非】式2!G129="","",【非】式2!H129))
B32: 請求日 | R32: =IF(広告展開利用申込書!V20="","",広告展開利用申込書!V20) | AD32: 媒体費(円) | AO32: =IF(AG30="街頭ビジョン","モニター台数",IF(AG30="デジタルサイネージ","モニター台数",IF(AG30="電車内広告","1編成の車両数",IF(AG30="自動車内広告","自動車台数","")))) | AU32: =IF(AG30="街頭ビジョン","台",IF(AG30="デジタルサイネージ","台",IF(AG30="電車内広告","両",IF(AG30="自動車内広告","台","")))) | AW32: 上映回数 | AZ32: =IFERROR(IF(IF(AG30="電車内広告",AS33*AS32*AS31,AS32*AS31)=0,"",IF(AG30="電車内広告",AS33*AS32*AS31,AS32*AS31)),"") | BC32: 回
B33: 請求書番号 | AD33: 公表URL | AO33: =IF(AG30="電車内広告","編成数","") | AU33: =IF(AG30="電車内広告","編成","") | AW33: 使用料 | AZ33: =IF(BD31="有",0,IF(AG30="","",IF(【非】式2!G129=0,0,【非】式2!G129))) | BC33: 円
B34: 請求額 | N34: 円 | R34: 確認印 | V34: 担当印 | AW34: =IF(AZ78<>"", "1枚目合計", "") | AZ34: =IF(AZ78<>"", SUM(AZ5,AZ9,AZ13,AZ17,AZ21,AZ25,AZ29,AZ33), "")
AD35: ※ | AE35: 「公表URL」は「媒体費」が公表されているWEBサイトのURLをご入力ください。
AE36: 「媒体費」は、WEBサイト等で公表されている価格を指し、公表のない場合は回数での算定となります。
B37: 一般社団法人日本音楽著作権協会 複製部 | AD37: ※ | AE37: 上映用の媒体に複数曲を収録する場合にはあらかじめご連絡ください。
B38: 〒151-8540 東京都渋谷区上原3丁目6番12号 | AD38: ※ | AE38: 本書は、利用開始日を含む月の翌月末日までにご提出ください。
B39: E-mail agm-ad@jasrac.or.jp | BA39: =CONCATENATE(広告展開利用申込書!V28,"･A44") -> 202507･A44 | BE39: ※
G42: 店頭以外でのCM上映報告書兼請求明細書 | Z42: 2/2 | AC42: 17 | AD42: 利用形態 | AO42: 上映期間 | AX42: ～
G43: （街頭ビジョン、交通機関、その他のデジタルサイネージ） | AD43: =IF(AG42="街頭ビジョン","ビジョン名",IF(AG42="デジタルサイネージ","サイネージ名",IF(AG42="電車内広告","路線名",IF(AG42="自動車内広告","サービス名","")))) | AO43: =IF(AG42="街頭ビジョン","1台当たりの回数",IF(AG42="デジタルサイネージ","1台当たりの回数",IF(AG42="電車内広告","1両当たりの回数",IF(AG42="自動車内広告","1台当たりの回数","")))) | AU43: 回 | AW43: 算定方法 | AZ43: =IF(AG42="","",IF(【非】式2!G138="","",【非】式2!H138))
AD44: 媒体費(円) | AO44: =IF(AG42="街頭ビジョン","モニター台数",IF(AG42="デジタルサイネージ","モニター台数",IF(AG42="電車内広告","1編成の車両数",IF(AG42="自動車内広告","自動車台数","")))) | AU44: =IF(AG42="街頭ビジョン","台",IF(AG42="デジタルサイネージ","台",IF(AG42="電車内広告","両",IF(AG42="自動車内広告","台","")))) | AW44: 上映回数 | AZ44: =IFERROR(IF(IF(AG42="電車内広告",AS45*AS44*AS43,AS44*AS43)=0,"",IF(AG42="電車内広告",AS45*AS44*AS43,AS44*AS43)),"") | BC44: 回
B45: 許諾番号 | E45: =IF(⑥店頭以外!R7="", "", ⑥店頭以外!R7) | AD45: 公表URL | AO45: =IF(AG42="電車内広告","編成数","") | AS45: 100 | AU45: =IF(AG42="電車内広告","編成","") | AW45: 使用料 | AZ45: =IF(BD43="有",0,IF(AG42="","",IF(【非】式2!$G138=0,0,【非】式2!$G138))) | BC45: 円
A46: 9 | B46: 利用形態 | M46: 上映期間 | V46: ～ | AC46: 18 | AD46: 利用形態 | AO46: 上映期間 | AX46: ～
B47: =IF(E46="街頭ビジョン","ビジョン名",IF(E46="デジタルサイネージ","サイネージ名",IF(E46="電車内広告","路線名",IF(E46="自動車内広告","サービス名","")))) | M47: =IF(E46="街頭ビジョン","1台当たりの回数",IF(E46="デジタルサイネージ","1台当たりの回数",IF(E46="電車内広告","1両当たりの回数",IF(E46="自動車内広告","1台当たりの回数","")))) | S47: 回 | U47: 算定方法 | X47: =IF(E46="","",IF(【非】式2!G130="","",【非】式2!H130)) | AD47: =IF(AG46="街頭ビジョン","ビジョン名",IF(AG46="デジタルサイネージ","サイネージ名",IF(AG46="電車内広告","路線名",IF(AG46="自動車内広告","サービス名","")))) | AO47: =IF(AG46="街頭ビジョン","1台当たりの回数",IF(AG46="デジタルサイネージ","1台当たりの回数",IF(AG46="電車内広告","1両当たりの回数",IF(AG46="自動車内広告","1台当たりの回数","")))) | AU47: 回 | AW47: 算定方法 | AZ47: =IF(AG46="","",IF(【非】式2!G139="","",【非】式2!H139))
B48: 媒体費(円) | M48: =IF(E46="街頭ビジョン","モニター台数",IF(E46="デジタルサイネージ","モニター台数",IF(E46="電車内広告","1編成の車両数",IF(E46="自動車内広告","自動車台数","")))) | S48: =IF(E46="街頭ビジョン","台",IF(E46="デジタルサイネージ","台",IF(E46="電車内広告","両",IF(E46="自動車内広告","台","")))) | U48: 上映回数 | X48: =IFERROR(IF(IF(E46="電車内広告",Q49*Q48*Q47,Q48*Q47)=0,"",IF(E46="電車内広告",Q49*Q48*Q47,Q48*Q47)),"") | AA48: 回 | AD48: 媒体費(円) | AO48: =IF(AG46="街頭ビジョン","モニター台数",IF(AG46="デジタルサイネージ","モニター台数",IF(AG46="電車内広告","1編成の車両数",IF(AG46="自動車内広告","自動車台数","")))) | AU48: =IF(AG46="街頭ビジョン","台",IF(AG46="デジタルサイネージ","台",IF(AG46="電車内広告","両",IF(AG46="自動車内広告","台","")))) | AW48: 上映回数 | AZ48: =IFERROR(IF(IF(AG46="電車内広告",AS49*AS48*AS47,AS48*AS47)=0,"",IF(AG46="電車内広告",AS49*AS48*AS47,AS48*AS47)),"") | BC48: 回
B49: 公表URL | M49: =IF(E46="電車内広告","編成数","") | S49: =IF(E46="電車内広告","編成","") | U49: 使用料 | X49: =IF(AB47="有",0,IF(E46="","",IF(【非】式2!$G130=0,0,【非】式2!$G130))) | AA49: 円 | AD49: 公表URL | AO49: =IF(AG46="電車内広告","編成数","") | AU49: =IF(AG46="電車内広告","編成","") | AW49: 使用料 | AZ49: =IF(BD47="有",0,IF(AG46="","",IF(【非】式2!G139=0,0,【非】式2!G139))) | BC49: 円
A50: 10 | B50: 利用形態 | M50: 上映期間 | V50: ～ | AC50: 19 | AD50: 利用形態 | AO50: 上映期間 | AX50: ～
B51: =IF(E50="街頭ビジョン","ビジョン名",IF(E50="デジタルサイネージ","サイネージ名",IF(E50="電車内広告","路線名",IF(E50="自動車内広告","サービス名","")))) | M51: =IF(E50="街頭ビジョン","1台当たりの回数",IF(E50="デジタルサイネージ","1台当たりの回数",IF(E50="電車内広告","1両当たりの回数",IF(E50="自動車内広告","1台当たりの回数","")))) | S51: 回 | U51: 算定方法 | X51: =IF(E50="","",IF(【非】式2!G131="","",【非】式2!H131)) | AD51: =IF(AG50="街頭ビジョン","ビジョン名",IF(AG50="デジタルサイネージ","サイネージ名",IF(AG50="電車内広告","路線名",IF(AG50="自動車内広告","サービス名","")))) | AO51: =IF(AG50="街頭ビジョン","1台当たりの回数",IF(AG50="デジタルサイネージ","1台当たりの回数",IF(AG50="電車内広告","1両当たりの回数",IF(AG50="自動車内広告","1台当たりの回数","")))) | AU51: 回 | AW51: 算定方法 | AZ51: =IF(AG50="","",IF(【非】式2!G140="","",【非】式2!H140))
B52: 媒体費(円) | M52: =IF(E50="街頭ビジョン","モニター台数",IF(E50="デジタルサイネージ","モニター台数",IF(E50="電車内広告","1編成の車両数",IF(E50="自動車内広告","自動車台数","")))) | S52: =IF(E50="街頭ビジョン","台",IF(E50="デジタルサイネージ","台",IF(E50="電車内広告","両",IF(E50="自動車内広告","台","")))) | U52: 上映回数 | X52: =IFERROR(IF(IF(E50="電車内広告",Q53*Q52*Q51,Q52*Q51)=0,"",IF(E50="電車内広告",Q53*Q52*Q51,Q52*Q51)),"") | AA52: 回 | AD52: 媒体費(円) | AO52: =IF(AG50="街頭ビジョン","モニター台数",IF(AG50="デジタルサイネージ","モニター台数",IF(AG50="電車内広告","1編成の車両数",IF(AG50="自動車内広告","自動車台数","")))) | AU52: =IF(AG50="街頭ビジョン","台",IF(AG50="デジタルサイネージ","台",IF(AG50="電車内広告","両",IF(AG50="自動車内広告","台","")))) | AW52: 上映回数 | AZ52: =IFERROR(IF(IF(AG50="電車内広告",AS53*AS52*AS51,AS52*AS51)=0,"",IF(AG50="電車内広告",AS53*AS52*AS51,AS52*AS51)),"") | BC52: 回 | BD52: ✓
B53: 公表URL | M53: =IF(E50="電車内広告","編成数","") | S53: =IF(E50="電車内広告","編成","") | U53: 使用料 | X53: =IF(AB51="有",0,IF(E50="","",IF(【非】式2!$G131=0,0,【非】式2!$G131))) | AA53: 円 | AD53: 公表URL | AO53: =IF(AG50="電車内広告","編成数","") | AS53: 56 | AU53: =IF(AG50="電車内広告","編成","") | AW53: 使用料 | AZ53: =IF(BD51="有",0,IF(AG50="","",IF(【非】式2!G140=0,0,【非】式2!G140))) | BC53: 円
A54: 11 | B54: 利用形態 | M54: 上映期間 | V54: ～ | AC54: 20 | AD54: 利用形態 | AO54: 上映期間 | AX54: ～
B55: =IF(E54="街頭ビジョン","ビジョン名",IF(E54="デジタルサイネージ","サイネージ名",IF(E54="電車内広告","路線名",IF(E54="自動車内広告","サービス名","")))) | M55: =IF(E54="街頭ビジョン","1台当たりの回数",IF(E54="デジタルサイネージ","1台当たりの回数",IF(E54="電車内広告","1両当たりの回数",IF(E54="自動車内広告","1台当たりの回数","")))) | S55: 回 | U55: 算定方法 | X55: =IF(E54="","",IF(【非】式2!G132="","",【非】式2!H132)) | AD55: =IF(AG54="街頭ビジョン","ビジョン名",IF(AG54="デジタルサイネージ","サイネージ名",IF(AG54="電車内広告","路線名",IF(AG54="自動車内広告","サービス名","")))) | AO55: =IF(AG54="街頭ビジョン","1台当たりの回数",IF(AG54="デジタルサイネージ","1台当たりの回数",IF(AG54="電車内広告","1両当たりの回数",IF(AG54="自動車内広告","1台当たりの回数","")))) | AU55: 回 | AW55: 算定方法 | AZ55: =IF(AG54="","",IF(【非】式2!G141="","",【非】式2!H141))
B56: 媒体費(円) | M56: =IF(E54="街頭ビジョン","モニター台数",IF(E54="デジタルサイネージ","モニター台数",IF(E54="電車内広告","1編成の車両数",IF(E54="自動車内広告","自動車台数","")))) | S56: =IF(E54="街頭ビジョン","台",IF(E54="デジタルサイネージ","台",IF(E54="電車内広告","両",IF(E54="自動車内広告","台","")))) | U56: 上映回数 | X56: =IFERROR(IF(IF(E54="電車内広告",Q57*Q56*Q55,Q56*Q55)=0,"",IF(E54="電車内広告",Q57*Q56*Q55,Q56*Q55)),"") | AA56: 回 | AD56: 媒体費(円) | AO56: =IF(AG54="街頭ビジョン","モニター台数",IF(AG54="デジタルサイネージ","モニター台数",IF(AG54="電車内広告","1編成の車両数",IF(AG54="自動車内広告","自動車台数","")))) | AU56: =IF(AG54="街頭ビジョン","台",IF(AG54="デジタルサイネージ","台",IF(AG54="電車内広告","両",IF(AG54="自動車内広告","台","")))) | AW56: 上映回数 | AZ56: =IFERROR(IF(IF(AG54="電車内広告",AS57*AS56*AS55,AS56*AS55)=0,"",IF(AG54="電車内広告",AS57*AS56*AS55,AS56*AS55)),"") | BC56: 回
B57: 公表URL | M57: =IF(E54="電車内広告","編成数","") | Q57: 100 | S57: =IF(E54="電車内広告","編成","") | U57: 使用料 | X57: =IF(AB55="有",0,IF(E54="","",IF(【非】式2!$G132=0,0,【非】式2!$G132))) | AA57: 円 | AD57: 公表URL | AO57: =IF(AG54="電車内広告","編成数","") | AU57: =IF(AG54="電車内広告","編成","") | AW57: 使用料 | AZ57: =IF(BD55="有",0,IF(AG54="","",IF(【非】式2!G141=0,0,【非】式2!G141))) | BC57: 円
A58: 12 | B58: 利用形態 | M58: 上映期間 | V58: ～ | AC58: 21 | AD58: 利用形態 | AO58: 上映期間 | AX58: ～
B59: =IF(E58="街頭ビジョン","ビジョン名",IF(E58="デジタルサイネージ","サイネージ名",IF(E58="電車内広告","路線名",IF(E58="自動車内広告","サービス名","")))) | M59: =IF(E58="街頭ビジョン","1台当たりの回数",IF(E58="デジタルサイネージ","1台当たりの回数",IF(E58="電車内広告","1両当たりの回数",IF(E58="自動車内広告","1台当たりの回数","")))) | S59: 回 | U59: 算定方法 | X59: =IF(E58="","",IF(【非】式2!G133="","",【非】式2!H133)) | AD59: =IF(AG58="街頭ビジョン","ビジョン名",IF(AG58="デジタルサイネージ","サイネージ名",IF(AG58="電車内広告","路線名",IF(AG58="自動車内広告","サービス名","")))) | AO59: =IF(AG58="街頭ビジョン","1台当たりの回数",IF(AG58="デジタルサイネージ","1台当たりの回数",IF(AG58="電車内広告","1両当たりの回数",IF(AG58="自動車内広告","1台当たりの回数","")))) | AU59: 回 | AW59: 算定方法 | AZ59: =IF(AG58="","",IF(【非】式2!G142="","",【非】式2!H142))
B60: 媒体費(円) | M60: =IF(E58="街頭ビジョン","モニター台数",IF(E58="デジタルサイネージ","モニター台数",IF(E58="電車内広告","1編成の車両数",IF(E58="自動車内広告","自動車台数","")))) | S60: =IF(E58="街頭ビジョン","台",IF(E58="デジタルサイネージ","台",IF(E58="電車内広告","両",IF(E58="自動車内広告","台","")))) | U60: 上映回数 | X60: =IFERROR(IF(IF(E58="電車内広告",Q61*Q60*Q59,Q60*Q59)=0,"",IF(E58="電車内広告",Q61*Q60*Q59,Q60*Q59)),"") | AA60: 回 | AD60: 媒体費(円) | AO60: =IF(AG58="街頭ビジョン","モニター台数",IF(AG58="デジタルサイネージ","モニター台数",IF(AG58="電車内広告","1編成の車両数",IF(AG58="自動車内広告","自動車台数","")))) | AU60: =IF(AG58="街頭ビジョン","台",IF(AG58="デジタルサイネージ","台",IF(AG58="電車内広告","両",IF(AG58="自動車内広告","台","")))) | AW60: 上映回数 | AZ60: =IFERROR(IF(IF(AG58="電車内広告",AS61*AS60*AS59,AS60*AS59)=0,"",IF(AG58="電車内広告",AS61*AS60*AS59,AS60*AS59)),"") | BC60: 回
B61: 公表URL | M61: =IF(E58="電車内広告","編成数","") | S61: =IF(E58="電車内広告","編成","") | U61: 使用料 | X61: =IF(AB59="有",0,IF(E58="","",IF(【非】式2!$G133=0,0,【非】式2!$G133))) | AA61: 円 | AD61: 公表URL | AO61: =IF(AG58="電車内広告","編成数","") | AU61: =IF(AG58="電車内広告","編成","") | AW61: 使用料 | AZ61: =IF(BD59="有",0,IF(AG58="","",IF(【非】式2!G142=0,0,【非】式2!G142))) | BC61: 円
A62: 13 | B62: 利用形態 | M62: 上映期間 | V62: ～ | AC62: 22 | AD62: 利用形態 | AO62: 上映期間 | AX62: ～
B63: =IF(E62="街頭ビジョン","ビジョン名",IF(E62="デジタルサイネージ","サイネージ名",IF(E62="電車内広告","路線名",IF(E62="自動車内広告","サービス名","")))) | M63: =IF(E62="街頭ビジョン","1台当たりの回数",IF(E62="デジタルサイネージ","1台当たりの回数",IF(E62="電車内広告","1両当たりの回数",IF(E62="自動車内広告","1台当たりの回数","")))) | S63: 回 | U63: 算定方法 | X63: =IF(E62="","",IF(【非】式2!G134="","",【非】式2!H134)) | AD63: =IF(AG62="街頭ビジョン","ビジョン名",IF(AG62="デジタルサイネージ","サイネージ名",IF(AG62="電車内広告","路線名",IF(AG62="自動車内広告","サービス名","")))) | AO63: =IF(AG62="街頭ビジョン","1台当たりの回数",IF(AG62="デジタルサイネージ","1台当たりの回数",IF(AG62="電車内広告","1両当たりの回数",IF(AG62="自動車内広告","1台当たりの回数","")))) | AU63: 回 | AW63: 算定方法 | AZ63: =IF(AG62="","",IF(【非】式2!G143="","",【非】式2!H143))
B64: 媒体費(円) | M64: =IF(E62="街頭ビジョン","モニター台数",IF(E62="デジタルサイネージ","モニター台数",IF(E62="電車内広告","1編成の車両数",IF(E62="自動車内広告","自動車台数","")))) | S64: =IF(E62="街頭ビジョン","台",IF(E62="デジタルサイネージ","台",IF(E62="電車内広告","両",IF(E62="自動車内広告","台","")))) | U64: 上映回数 | X64: =IFERROR(IF(IF(E62="電車内広告",Q65*Q64*Q63,Q64*Q63)=0,"",IF(E62="電車内広告",Q65*Q64*Q63,Q64*Q63)),"") | AA64: 回 | AD64: 媒体費(円) | AO64: =IF(AG62="街頭ビジョン","モニター台数",IF(AG62="デジタルサイネージ","モニター台数",IF(AG62="電車内広告","1編成の車両数",IF(AG62="自動車内広告","自動車台数","")))) | AU64: =IF(AG62="街頭ビジョン","台",IF(AG62="デジタルサイネージ","台",IF(AG62="電車内広告","両",IF(AG62="自動車内広告","台","")))) | AW64: 上映回数 | AZ64: =IFERROR(IF(IF(AG62="電車内広告",AS65*AS64*AS63,AS64*AS63)=0,"",IF(AG62="電車内広告",AS65*AS64*AS63,AS64*AS63)),"") | BC64: 回
B65: 公表URL | M65: =IF(E62="電車内広告","編成数","") | S65: =IF(E62="電車内広告","編成","") | U65: 使用料 | X65: =IF(AB63="有",0,IF(E62="","",IF(【非】式2!$G134=0,0,【非】式2!$G134))) | AA65: 円 | AD65: 公表URL | AO65: =IF(AG62="電車内広告","編成数","") | AU65: =IF(AG62="電車内広告","編成","") | AW65: 使用料 | AZ65: =IF(BD63="有",0,IF(AG62="","",IF(【非】式2!G143=0,0,【非】式2!G143))) | BC65: 円
A66: 14 | B66: 利用形態 | M66: 上映期間 | V66: ～ | AC66: 23 | AD66: 利用形態 | AO66: 上映期間 | AX66: ～
B67: =IF(E66="街頭ビジョン","ビジョン名",IF(E66="デジタルサイネージ","サイネージ名",IF(E66="電車内広告","路線名",IF(E66="自動車内広告","サービス名","")))) | M67: =IF(E66="街頭ビジョン","1台当たりの回数",IF(E66="デジタルサイネージ","1台当たりの回数",IF(E66="電車内広告","1両当たりの回数",IF(E66="自動車内広告","1台当たりの回数","")))) | S67: 回 | U67: 算定方法 | X67: =IF(E66="","",IF(【非】式2!G135="","",【非】式2!H135)) | AD67: =IF(AG66="街頭ビジョン","ビジョン名",IF(AG66="デジタルサイネージ","サイネージ名",IF(AG66="電車内広告","路線名",IF(AG66="自動車内広告","サービス名","")))) | AO67: =IF(AG66="街頭ビジョン","1台当たりの回数",IF(AG66="デジタルサイネージ","1台当たりの回数",IF(AG66="電車内広告","1両当たりの回数",IF(AG66="自動車内広告","1台当たりの回数","")))) | AU67: 回 | AW67: 算定方法 | AZ67: =IF(AG66="","",IF(【非】式2!G144="","",【非】式2!H144))
B68: 媒体費(円) | M68: =IF(E66="街頭ビジョン","モニター台数",IF(E66="デジタルサイネージ","モニター台数",IF(E66="電車内広告","1編成の車両数",IF(E66="自動車内広告","自動車台数","")))) | S68: =IF(E66="街頭ビジョン","台",IF(E66="デジタルサイネージ","台",IF(E66="電車内広告","両",IF(E66="自動車内広告","台","")))) | U68: 上映回数 | X68: =IFERROR(IF(IF(E66="電車内広告",Q69*Q68*Q67,Q68*Q67)=0,"",IF(E66="電車内広告",Q69*Q68*Q67,Q68*Q67)),"") | AA68: 回 | AD68: 媒体費(円) | AO68: =IF(AG66="街頭ビジョン","モニター台数",IF(AG66="デジタルサイネージ","モニター台数",IF(AG66="電車内広告","1編成の車両数",IF(AG66="自動車内広告","自動車台数","")))) | AU68: =IF(AG66="街頭ビジョン","台",IF(AG66="デジタルサイネージ","台",IF(AG66="電車内広告","両",IF(AG66="自動車内広告","台","")))) | AW68: 上映回数 | AZ68: =IFERROR(IF(IF(AG66="電車内広告",AS69*AS68*AS67,AS68*AS67)=0,"",IF(AG66="電車内広告",AS69*AS68*AS67,AS68*AS67)),"") | BC68: 回
B69: 公表URL | M69: =IF(E66="電車内広告","編成数","") | S69: =IF(E66="電車内広告","編成","") | U69: 使用料 | X69: =IF(AB67="有",0,IF(E66="","",IF(【非】式2!$G135=0,0,【非】式2!$G135))) | AA69: 円 | AD69: 公表URL | AO69: =IF(AG66="電車内広告","編成数","") | AU69: =IF(AG66="電車内広告","編成","") | AW69: 使用料 | AZ69: =IF(BD67="有",0,IF(AG66="","",IF(【非】式2!G144=0,0,【非】式2!G144))) | BC69: 円
A70: 15 | B70: 利用形態 | M70: 上映期間 | V70: ～ | AC70: 24 | AD70: 利用形態 | AO70: 上映期間 | AX70: ～
B71: =IF(E70="街頭ビジョン","ビジョン名",IF(E70="デジタルサイネージ","サイネージ名",IF(E70="電車内広告","路線名",IF(E70="自動車内広告","サービス名","")))) | M71: =IF(E70="街頭ビジョン","1台当たりの回数",IF(E70="デジタルサイネージ","1台当たりの回数",IF(E70="電車内広告","1両当たりの回数",IF(E70="自動車内広告","1台当たりの回数","")))) | S71: 回 | U71: 算定方法 | X71: =IF(E70="","",IF(【非】式2!G136="","",【非】式2!H136)) | AD71: =IF(AG70="街頭ビジョン","ビジョン名",IF(AG70="デジタルサイネージ","サイネージ名",IF(AG70="電車内広告","路線名",IF(AG70="自動車内広告","サービス名","")))) | AO71: =IF(AG70="街頭ビジョン","1台当たりの回数",IF(AG70="デジタルサイネージ","1台当たりの回数",IF(AG70="電車内広告","1両当たりの回数",IF(AG70="自動車内広告","1台当たりの回数","")))) | AU71: 回 | AW71: 算定方法 | AZ71: =IF(AG70="","",IF(【非】式2!G145="","",【非】式2!H145))
B72: 媒体費(円) | M72: =IF(E70="街頭ビジョン","モニター台数",IF(E70="デジタルサイネージ","モニター台数",IF(E70="電車内広告","1編成の車両数",IF(E70="自動車内広告","自動車台数","")))) | S72: =IF(E70="街頭ビジョン","台",IF(E70="デジタルサイネージ","台",IF(E70="電車内広告","両",IF(E70="自動車内広告","台","")))) | U72: 上映回数 | X72: =IFERROR(IF(IF(E70="電車内広告",Q73*Q72*Q71,Q72*Q71)=0,"",IF(E70="電車内広告",Q73*Q72*Q71,Q72*Q71)),"") | AA72: 回 | AD72: 媒体費(円) | AO72: =IF(AG70="街頭ビジョン","モニター台数",IF(AG70="デジタルサイネージ","モニター台数",IF(AG70="電車内広告","1編成の車両数",IF(AG70="自動車内広告","自動車台数","")))) | AU72: =IF(AG70="街頭ビジョン","台",IF(AG70="デジタルサイネージ","台",IF(AG70="電車内広告","両",IF(AG70="自動車内広告","台","")))) | AW72: 上映回数 | AZ72: =IFERROR(IF(IF(AG70="電車内広告",AS73*AS72*AS71,AS72*AS71)=0,"",IF(AG70="電車内広告",AS73*AS72*AS71,AS72*AS71)),"") | BC72: 回
B73: 公表URL | M73: =IF(E70="電車内広告","編成数","") | S73: =IF(E70="電車内広告","編成","") | U73: 使用料 | X73: =IF(AB71="有",0,IF(E70="","",IF(【非】式2!$G136=0,0,【非】式2!$G136))) | AA73: 円 | AD73: 公表URL | AO73: =IF(AG70="電車内広告","編成数","") | AU73: =IF(AG70="電車内広告","編成","") | AW73: 使用料 | AZ73: =IF(BD71="有",0,IF(AG70="","",IF(【非】式2!G145=0,0,【非】式2!G145))) | BC73: 円
A74: 16 | B74: 利用形態 | M74: 上映期間 | V74: ～ | AC74: 25 | AD74: 利用形態 | AO74: 上映期間 | AX74: ～
B75: =IF(E74="街頭ビジョン","ビジョン名",IF(E74="デジタルサイネージ","サイネージ名",IF(E74="電車内広告","路線名",IF(E74="自動車内広告","サービス名","")))) | M75: =IF(E74="街頭ビジョン","1台当たりの回数",IF(E74="デジタルサイネージ","1台当たりの回数",IF(E74="電車内広告","1両当たりの回数",IF(E74="自動車内広告","1台当たりの回数","")))) | S75: 回 | U75: 算定方法 | X75: =IF(E74="","",IF(【非】式2!G137="","",【非】式2!H137)) | AD75: =IF(AG74="街頭ビジョン","ビジョン名",IF(AG74="デジタルサイネージ","サイネージ名",IF(AG74="電車内広告","路線名",IF(AG74="自動車内広告","サービス名","")))) | AO75: =IF(AG74="街頭ビジョン","1台当たりの回数",IF(AG74="デジタルサイネージ","1台当たりの回数",IF(AG74="電車内広告","1両当たりの回数",IF(AG74="自動車内広告","1台当たりの回数","")))) | AU75: 回 | AW75: 算定方法 | AZ75: =IF(AG74="","",IF(【非】式2!G146="","",【非】式2!H146)) | BD75: 無
B76: 媒体費(円) | M76: =IF(E74="街頭ビジョン","モニター台数",IF(E74="デジタルサイネージ","モニター台数",IF(E74="電車内広告","1編成の車両数",IF(E74="自動車内広告","自動車台数","")))) | S76: =IF(E74="街頭ビジョン","台",IF(E74="デジタルサイネージ","台",IF(E74="電車内広告","両",IF(E74="自動車内広告","台","")))) | U76: 上映回数 | X76: =IFERROR(IF(IF(E74="電車内広告",Q77*Q76*Q75,Q76*Q75)=0,"",IF(E74="電車内広告",Q77*Q76*Q75,Q76*Q75)),"") | AA76: 回 | AD76: 媒体費(円) | AO76: =IF(AG74="街頭ビジョン","モニター台数",IF(AG74="デジタルサイネージ","モニター台数",IF(AG74="電車内広告","1編成の車両数",IF(AG74="自動車内広告","自動車台数","")))) | AU76: =IF(AG74="街頭ビジョン","台",IF(AG74="デジタルサイネージ","台",IF(AG74="電車内広告","両",IF(AG74="自動車内広告","台","")))) | AW76: 上映回数 | AZ76: =IFERROR(IF(IF(AG74="電車内広告",AS77*AS76*AS75,AS76*AS75)=0,"",IF(AG74="電車内広告",AS77*AS76*AS75,AS76*AS75)),"") | BC76: 回 | BD76: 1
B77: 公表URL | M77: =IF(E74="電車内広告","編成数","") | S77: =IF(E74="電車内広告","編成","") | U77: 使用料 | X77: =IF(AB75="有",0,IF(E74="","",IF(【非】式2!$G137=0,0,【非】式2!$G137))) | AA77: 円 | AD77: 公表URL | AO77: =IF(AG74="電車内広告","編成数","") | AU77: =IF(AG74="電車内広告","編成","") | AW77: 使用料 | AZ77: =IF(BD75="有",0,IF(AG74="","",IF(【非】式2!G146=0,0,【非】式2!G146))) | BC77: 円
AW78: =IF(AZ78="", "", "2枚目合計") | AZ78: =IF(SUM(X49,X53,X57,X61,X65,X69,X73,X77,AZ45,AZ49,AZ53,AZ57,AZ61,AZ65,AZ69,AZ73,AZ77), SUM(X49,X53,X57,X61,X65,X69,X73,X77,AZ45,AZ49,AZ53,AZ57,AZ61,AZ65,AZ69,AZ73,AZ77), "")
BA80: =CONCATENATE(広告展開利用申込書!V28,"･A44") -> 202507･A44

Sheet ⑦宣伝車
A3: =IF(B1="上映","広告宣伝車でのCM上映報告書兼請求明細書",IF(B1="演奏","広告宣伝車でのCM演奏報告書兼請求明細書",""))
A5: 一般社団法人 日本音楽著作権協会 御中
B7: =IF(B1="上映","広告宣伝車でのCM上映の利用内容が確定しましたので報告します。",IF(B1="演奏","広告宣伝車でのCM演奏の利用内容が確定しましたので報告します。",""))
A8: 報告日 | K8: 許諾番号※ | S8: 適法録音物 | AC8: 利用期間 | AL8: 走行地区 | AQ8: 1日の 演奏時間 | AU8: 使用料
B10: ※広告展開利用の許諾番号（メールで通知済みの数字6桁）をご入力ください。 | AB10: 1 | AG10: ～ | AT10: 分 | AU10: =【非】式2!N192 -> 0
A12: ↓「広告展開利用申込書」シートの内容が反映されます。 | AB12: 2 | AG12: ～ | AT12: 分 | AU12: =【非】式2!N193 -> 0
A13: 申込者 | B13: 住所 | E13: =広告展開利用申込書!$G$6&" "&広告展開利用申込書!$G$7
AB14: 3 | AG14: ～ | AT14: 分 | AU14: =【非】式2!N194 -> 0
B15: 法人名 | E15: =IF(広告展開利用申込書!$G$8="","",広告展開利用申込書!$G$8)
AB16: 4 | AG16: ～ | AT16: 分 | AU16: =【非】式2!N195 -> 0
B17: 部署名 | E17: =IF(広告展開利用申込書!G10="","",広告展開利用申込書!G10) | N17: 担当者名 | Q17: =IF(広告展開利用申込書!G11="","",広告展開利用申込書!G11)
B18: TEL | E18: =IF(広告展開利用申込書!$G$12="","",広告展開利用申込書!$G$12) | N18: 携帯電話 | Q18: =IF(広告展開利用申込書!G13="","",広告展開利用申込書!G13) | AB18: 5 | AG18: ～ | AT18: 分 | AU18: =【非】式2!N196 -> 0
B19: E-mail | E19: =IF(広告展開利用申込書!G14="","",広告展開利用申込書!G14)
A20: 広告の内容 | B20: 広告主名 | E20: =IF(広告展開利用申込書!$G$16="","",広告展開利用申込書!$G$16) | AB20: 6 | AG20: ～ | AT20: 分 | AU20: =【非】式2!N197 -> 0
B22: 商品名 | E22: =IF(広告展開利用申込書!$G$17="","",広告展開利用申込書!$G$17) | AB22: 7 | AG22: ～ | AT22: 分 | AU22: =【非】式2!N198 -> 0
B24: 楽曲名 | E24: =IF(広告展開利用申込書!$G$18="","",広告展開利用申込書!$G$18) | AB24: 8 | AG24: ～ | AT24: 分 | AU24: =【非】式2!N199 -> 0
B26: 作品コード | E26: =IF(広告展開利用申込書!$G$21="","",広告展開利用申込書!$G$21) | N26: 詞曲 | Q26: =IF(広告展開利用申込書!G22="","",広告展開利用申込書!G22) | T26: 原訳区分 | W26: =IF(広告展開利用申込書!G23="","",広告展開利用申込書!G23) | AC26: ※ | AD26: 走行地区が同じでも、複数台になる場合は分けてご入力ください。
AC27: =IF(B1="上映","※ 上映用の媒体に複数曲を収録する場合にはあらかじめご連絡ください。",IF(B1="演奏","※ 演奏用の媒体に複数曲を収録する場合にはあらかじめご連絡ください。",""))
AC28: ※ | AD28: 本書は、利用開始日を含む月の翌月末日までにご提出ください。
AQ30: =IF(広告展開利用申込書!V20="","",広告展開利用申込書!V20)
A31: 請求明細
AB32: 請求日 | AQ32: 確認印 | AU32: 担当印
B33: 使用料合計 | J33: 消費税相当額（10％） | R33: 請求額 | AB33: 請求書番号
B34: =IF(SUM(【非】式2!N192:N199)=0,"",SUM(【非】式2!N192:N199)) | G34: 円 | H34: + | J34: =IF(B34="","",ROUNDDOWN(B34*0.1,0)) | O34: 円 | P34: ＝ | R34: =IF(B34="","",B34+J34) | X34: 円 | AB34: 請求額 | AM34: 円
AA37: 一般社団法人日本音楽著作権協会 複製部
AA38: 〒151-8540 東京都渋谷区上原3丁目6番12号 | AX38: =CONCATENATE(広告展開利用申込書!V28,IF(B1="上映","･A44",IF(B1="演奏","･A27",""))) -> 202507
AA39: E-mail agm-ad@jasrac.or.jp

Sheet ③配信-計算シート
A2: ｲﾝﾀｰﾈｯﾄCM配信計算ｼｰﾄ
AB3: 1 減額が適用されない場合の使用料計算
A5: ・ | B5: 下表に配信回数等をご入力いただくことにより、「③配信」で算出される使用料の計算方法の確認や、シミュレーションが可能です。 | AC5: 単価 | AG5: 配信回数（千回単位） | AO5: 使用料 | AU5: 消費税相当額(10%) | BA5: 請求額
AC6: 50 | AF6: × | AG6: =N16 -> 0 | AN6: = | AO6: =ROUNDDOWN(AC6*AG6,0) -> 0 | AT6: 円 | AU6: =ROUNDDOWN(AO6*0.1,0) -> 0 | AZ6: 円 | BA6: =AO6+AU6 -> 0 | BF6: 円
A7: ・ | B7: 同一広告が複数サイトに掲載される場合は、サイトごとに使用料を算出する必要がありますのでご注意ください。 | BF7: ・・・(A)
A9: ・ | B9: 複数サイト分を確認したい場合は、１サイトごとにご確認ください。 | AB9: 2 配信回数による減額を適用した場合の使用料計算
A10: ・ | B10: 算出される使用料は当協会の管理率が100％の場合の使用料になります。 | AC10: 配信開始日の前日までに広告展開利用の申込みがあり、配信報告期間（３か月以内）の配信回数が10万回を超えた場合は、利用許諾条項第７条に基づく減額を適用します。
E14: 配信回数 | N14: 千回単位 | AC14: 配信回数区分 | AN14: 配信回数（千回単位） | AT14: 実質単価 | AV14: （減額率） | AZ14: 使用料小計
AC15: 100,000回まで | AN15: =IF(N16<=100,N16,100) -> 0 | AS15: × | AT15: 50 | AV15: 0 | AX15: = | AZ15: =AN15*AT15 -> 0 | BE15: 円
N16: =IF(R16<=1000,IF(R16=0,0,1000/1000),(ROUNDDOWN(R16,-3))/1000) -> 0 | R16: =SUM(E16:H17) -> 0 | AC16: 100,001～1,000,000回 | AN16: =IF(101<=N16,IF(N16<=1000,+N16-100,900),0) -> 0 | AS16: × | AT16: 45 | AV16: 0.1 | AX16: = | AZ16: =AN16*AT16 -> 0 | BE16: 円
AC17: 1,000,001～5,000,000回 | AN17: =IF(N16>=1001,IF(N16<=5000,N16-1000,4000),0) -> 0 | AS17: × | AT17: 40 | AV17: 0.2 | AX17: = | AZ17: =AN17*AT17 -> 0 | BE17: 円
E18: こちらは1サイトあたりの使用料を試算いただくための計算シートです。 | AC18: 5,000,001～10,000,000回 | AN18: =IF(N16>=5001,IF(N16<=10000,N16-5000,5000),0) -> 0 | AS18: × | AT18: 35 | AV18: 0.3 | AX18: = | AZ18: =AN18*AT18 -> 0 | BE18: 円
E19: ご報告いただく際は「③配信」をご利用ください。 | AC19: 10,000,001～20,000,000回 | AN19: =IF(N16>=10001,IF(N16<=20000,N16-10000,10000),0) -> 0 | AS19: × | AT19: 30 | AV19: 0.4 | AX19: = | AZ19: =AN19*AT19 -> 0 | BE19: 円
AC20: 20,000,001回以上 | AN20: =IF(N16>=20001,+N16-20000,0) -> 0 | AS20: × | AT20: 25 | AV20: 0.5 | AX20: = | AZ20: =AN20*AT20 -> 0 | BE20: 円
AN21: 減額後の使用料 | AT21: 消費税相当額(10%) | AZ21: 減額後の請求額
AN22: =SUM(AZ15:AZ20) -> 0 | AS22: 円 | AT22: =ROUNDDOWN(AN22*0.1,0) -> 0 | AY22: 円 | AZ22: =AN22+AT22 -> 0 | BE22: 円
BF23: ・・・(B)
AB26: 3 配信回数の報告期限までの報告による減額を適用した場合の使用料計算
AC27: 配信報告期間を3か月以内とした、正確な報告を配信報告期間終了日の2か月後の末日までに行った場合は、利用許諾条項第8条に基づく減額を適用します。
AC30: ア （A)に適用した場合
AE31: 使用料 （A) | AL31: 減額 | AO31: 5％減額使用料 | AU31: 消費税相当額(10%) | BA31: 5％減額請求額
AE32: =AO6 -> 0 | AJ32: 円 | AK32: × | AL32: 0.95 | AN32: = | AO32: =ROUNDDOWN(AE32*AL32,0) -> 0 | AT32: 円 | AU32: =ROUNDDOWN(AO32*0.1,0) -> 0 | AZ32: 円 | BA32: =AO32+AU32 -> 0 | BF32: 円
BF33: ・・・(C)
AC35: イ （B)に適用した場合
AE36: 使用料 （B) | AL36: 減額 | AO36: 5％減額使用料 | AU36: 消費税相当額(10%) | BA36: 5％減額請求額
AE37: =AN22 -> 0 | AJ37: 円 | AK37: × | AL37: 0.95 | AN37: = | AO37: =ROUNDDOWN(AE37*AL37,0) -> 0 | AT37: 円 | AU37: =ROUNDDOWN(AO37*0.1,0) -> 0 | AZ37: 円 | BA37: =AO37+AU37 -> 0 | BF37: 円
BF38: ・・・(D)
AC40: ※算定した金額が5,000円に満たない場合の使用料は、5,000円（税別）となります。
AC41: ※請求額は、2及び3の減額計算の適不適の確認後に確定します。
BB42: =広告展開利用申込書!V28 -> 202507

Sheet ⑥店頭以外-計算シート
A1: 店頭以外（街頭ビジョン、交通機関、その他のデジタルサイネージ）でのCM上映計算シート
A3: ・下表に上映回数等ご入力いただくことにより、「⑥店頭以外」で算出される使用料の計算方法の確認や、シミュレーションが可能です。
A4: ・「街頭ビジョン・デジタルサイネージ」、「電車内広告」、「自動車内広告」に分かれておりますので、該当する欄にご入力ください。
AV6: こちらは１媒体あたりの使用料を試算いただくためのシートです。
M7: 上映回数による使用料計算 | AV7: ご報告いただく際は「⑥店頭以外」シートをご利用ください。
A8: １．街頭ビジョン・デジタルサイネージ | M8: 上映回数 | R8: =IF(H12="不明","",IF(H10="不明","",IF(H12*H10=0,"",H12*H10))) | W8: 回 | Z8: =IF(H12="不明","",IF(H10="不明","",IF(H12="","",IF(H10="","","( "&H12&"台"&" × "&H10&"回 )")))) | AK8: ①媒体費×5% （または最低使用料 ※2） | AR8: =IF(H14=0,"",MAX(ROUNDDOWN(H14*0.05,0),97200)) | AV8: 円
M9: 参酌回数 | R9: =AC14 | W9: 回相当
A10: モニター1台あたりの 上映回数 | K10: 回 | M10: 内訳 | Y10: (係数) | AK10: ②上映回数による使用料 | AR10: =AA16 | AV10: 円
M11: 1～100回 | R11: =IF(R8="","",IF(R8<100,R8,100)) | W11: 回 | Y11: =IF(H10="","× 90%",IF(H10<11,"× 100%","× 90%")) -> × 90% | AC11: =IF(R11="","",IF(R11<11,R11,IF(R11<100,ROUNDDOWN(R11*0.9,0),90))) | AG11: 回
A12: 1か所あたりの モニター台数 | K12: 台 | M12: 101～1000回 | R12: =IF(R8="","",IF(R8<101,"",IF(R8<1001,R8-100,900))) | W12: 回 | Y12: × 80% | AC12: =IF(R12="","",IF(R12<1000,ROUNDDOWN(R12*0.8,0),720)) | AG12: 回
M13: 1001回～ | R13: =IF(R8="","",IF(R8<1001,"",R8-1000)) | W13: 回 | Y13: ⇒ | AC13: =IF(R13="","",ROUNDDOWN(R13/1000,0)*10+IF(ROUNDDOWN((R13-ROUNDDOWN(R13/1000,0)*1000)*0.8,0)<=9,ROUNDDOWN((R13-ROUNDDOWN(R13/1000,0)*1000)*0.8,0),10)) | AG13: 回 | AI13: ※1 | AK13: １．街頭ビジョン・デジタルサイネージ 請求額（①か②のいずれか少ない額）
A14: 公表されている媒体費 | K14: 円 | Y14: 合計 | AC14: =IF(SUM(AC11:AF13)=0,"",SUM(AC11:AF13)) | AG14: 回
M15: 単価 | Q15: × | S15: 参酌回数 | Y15: × | AA15: ②上映回数による使用料(税抜) | AK15: （使用料・税抜） | AO15: (消費税) | AR15: (合計・税込）
M16: 120 | S16: =AC14 | AA16: =IF(S16="","",M16*S16) | AG16: 円 | AK16: =IF(H10="不明",AR8,IF(AA16="","",IF(MIN(AA16,AR8)=0,"",MIN(AA16,AR8)))) | AN16: 円 | AO16: =IF(AK16="","",ROUNDDOWN(AK16*0.1,0)) | AQ16: 円 | AR16: =IF(AK16="","",AK16+AO16) | AV16: 円
A19: ２．電車内広告 | M19: 上映回数 | R19: =IF(H25="不明","",IF(H21="不明","",IF(H23="不明","",IF(H23*H21*H25=0,"",H23*H21*H25)))) | W19: 回 | Z19: =IF(H25="不明","",IF(H21="不明","",IF(H23="不明","",IF(H23="","",IF(H21="","",IF(H25="","","( "&H23&"両"&" × "&H21&"回"&" × "&H25&"編成 )")))))) | AK19: ①媒体費×5% （または最低使用料 ※2） | AR19: =IF(H27=0,"",MAX(ROUNDDOWN(H27*0.05,0),97200*48/120)) | AV19: 円
M20: 参酌回数 | R20: =AC25 | W20: 回相当
A21: 1両あたりの上映回数 | K21: 回 | M21: 内訳 | Y21: (係数) | AK21: ②上映回数による使用料 | AR21: =AA27 | AV21: 円
M22: 1～100回 | R22: =IF(R19="","",IF(R19<100,R19,100)) | W22: 回 | Y22: =IF(H21="","× 90%",IF(H21<11,"× 100%","× 90%")) -> × 90% | AC22: =IF(R22="","",IF(R22<11,R22,IF(R22<100,ROUNDDOWN(R22*0.9,0),90))) | AG22: 回
A23: 1編成あたりの車両数 | K23: 両 | M23: 101～1000回 | R23: =IF(R19="","",IF(R19<101,"",IF(R19<1001,R19-100,900))) | W23: 回 | Y23: × 80% | AC23: =IF(R23="","",IF(R23<1000,ROUNDDOWN(R23*0.8,0),720)) | AG23: 回
M24: 1001回～ | R24: =IF(R19="","",IF(R19<1001,"",R19-1000)) | W24: 回 | Y24: ⇒ | AC24: =IF(R24="","",ROUNDDOWN(R24/1000,0)*10+IF(ROUNDDOWN((R24-ROUNDDOWN(R24/1000,0)*1000)*0.8,0)<=9,ROUNDDOWN((R24-ROUNDDOWN(R24/1000,0)*1000)*0.8,0),10)) | AG24: 回 | AI24: ※1 | AK24: ２．電車内広告 請求額 （①か②のいずれか少ない額）
A25: 編成数 | K25: 編成 | Y25: 合計 | AC25: =IF(SUM(AC22:AF24)=0,"",SUM(AC22:AF24)) | AG25: 回
M26: 単価※3 | Q26: × | S26: 参酌回数 | Y26: × | AA26: ②上映回数による使用料(税抜) | AK26: （使用料・税抜） | AO26: (消費税) | AR26: (合計・税込）
A27: 公表されている媒体費 | K27: 円 | M27: 48 | S27: =AC25 | AA27: =IF(S27="","",M27*S27) | AG27: 円 | AK27: =IF(MIN(AA27,AR19)=0,"",MIN(AA27,AR19)) | AN27: 円 | AO27: =IF(AK27="","",ROUNDDOWN(AK27*0.1,0)) | AQ27: 円 | AR27: =IF(AK27="","",AK27+AO27) | AV27: 円
M28: ※3 1両あたりモニター1台、定員数200名未満とする
A31: ３．自動車内広告 | M31: 上映回数 | R31: =IF(H35="不明","",IF(H33="不明","",IF(H35*H33=0,"",H35*H33))) | W31: 回 | Z31: =IF(H35="不明","",IF(H33="不明","",IF(H35="","",IF(H33="","","( "&H35&"台"&" × "&H33&"回 )")))) | AK31: ①媒体費×5% （または最低使用料 ※2） | AR31: =IF(H37=0,"",MAX(ROUNDDOWN(H37*0.05,0),97200*24/120)) | AV31: 円
M32: 参酌回数 | R32: =AC37 | W32: 回相当
A33: 1台あたりの上映回数 | K33: 回 | M33: 内訳 | Y33: (係数) | AK33: ②上映回数による使用料 | AR33: =AA39 | AV33: 円
M34: 1～100回 | R34: =IF(R31="","",IF(R31<100,R31,100)) | W34: 回 | Y34: =IF(H33="","× 90%",IF(H33<11,"× 100%","× 90%")) -> × 90% | AC34: =IF(R34="","",IF(R34<11,R34,IF(R34<100,ROUNDDOWN(R34*0.9,0),90))) | AG34: 回
A35: 自動車台数 | K35: 台 | M35: 101～1000回 | R35: =IF(R31="","",IF(R31<101,"",IF(R31<1001,R31-100,900))) | W35: 回 | Y35: × 80% | AC35: =IF(R35="","",IF(R35<1000,ROUNDDOWN(R35*0.8,0),720)) | AG35: 回
M36: 1001回～ | R36: =IF(R31="","",IF(R31<1001,"",R31-1000)) | W36: 回 | Y36: ⇒ | AC36: =IF(R36="","",ROUNDDOWN(R36/1000,0)*10+IF(ROUNDDOWN((R36-ROUNDDOWN(R36/1000,0)*1000)*0.8,0)<=9,ROUNDDOWN((R36-ROUNDDOWN(R36/1000,0)*1000)*0.8,0),10)) | AG36: 回 | AI36: ※1 | AK36: ３．自動車内広告 請求額 （①か②のいずれか少ない額）
A37: 公表されている媒体費 | K37: 円 | Y37: 合計 | AC37: =IF(SUM(AC34:AF36)=0,"",SUM(AC34:AF36)) | AG37: 回
M38: 単価※4 | Q38: × | S38: 参酌回数 | Y38: × | AA38: ②上映回数による使用料(税抜) | AK38: （使用料・税抜） | AO38: (消費税) | AR38: (合計・税込）
M39: 24 | S39: =AC37 | AA39: =IF(S39="","",M39*S39) | AG39: 円 | AK39: =IF(MIN(AA39,AR31)=0,"",MIN(AA39,AR31)) | AN39: 円 | AO39: =IF(AK39="","",ROUNDDOWN(AK39*0.1,0)) | AQ39: 円 | AR39: =IF(AK39="","",AK39+AO39) | AV39: 円
M40: ※4 1台あたりモニター1台、定員数100名未満とする（最低区分）
A42: ※1 上映回数1,000回を超える分について | AA42: ※2 最低使用料について
A43: 1,000回までを超えるごとに、10回相当を加算します。 | AA43: 1回当たりの上映単価×1000回分(参酌回数 810回相当)が
A44: ただし1,000回に満たない回数×80%が10回相当未満の | AA44: 最低使用料となります。
A45: 場合は、その回数相当を加算します。 | AT45: =広告展開利用申込書!V28 -> 202507

Sheet 【非】式
A1: 別紙1-1 | B1: テレビ | C1: 徴収率 | D1: 類 | E1: 単価
C2: 1 | D2: 1類 | E2: 12000
D3: 2類 | E3: 8400
D4: 3類 | E4: 7200
D5: 4類 | E5: 4800
D6: 5類 | E6: 3600
D7: 6類 | E7: 3000
A10: 別紙1-2 | B10: ラジオ | C10: 徴収率 | D10: 類 | E10: 単価
C11: 1 | D11: 1類 | E11: 5000
D12: 2類 | E12: 3500
D13: 3類 | E13: 3000
D14: 4類 | E14: 2000
D15: 5類 | E15: 1500
D16: 6類 | E16: 1250
A21: 別紙2の徴収率計算
A22: 管理率の計算 | D22: 演奏 | E22: 録音 | F22: 合計
C23: 徴収比率 | D23: 0.85 | E23: 0.15 | F23: =SUM(D23:E23) -> 1
C24: 管理率 | D24: 1 | E24: 1
C25: 徴収率 | D25: =D23*D24 -> 0.85 | E25: =E23*E24 -> 0.15 | F25: =ROUNDDOWN(SUM(D25:E25),4) -> 1
A29: 別紙2-1 | B29: 配信 | C29: =F25 -> 1 | D29: 適用使用料 | E29: 使用料（税抜） | F29: 使用料(税込）
D30: A | E30: =TRUNC('③配信-計算シート'!AO6*C29) -> 0 | F30: =TRUNC(E30*1.1) -> 0
D31: B | E31: =TRUNC('③配信-計算シート'!AN22*C29) -> 0 | F31: =TRUNC(E31*1.1) -> 0
D32: C | E32: =TRUNC('③配信-計算シート'!AO32*C29) -> 0 | F32: =TRUNC(E32*1.1) -> 0
D33: D | E33: =TRUNC('③配信-計算シート'!AO37*C29) -> 0 | F33: =TRUNC(E33*1.1) -> 0
D34: 最低使用料 | E34: 5000 | F34: =TRUNC(E34*1.1) -> 5500
A39: 別紙2 | B39: 配信 | C39: =F25 -> 1
A40: 配信回数 | B40: 千回単位 | C40: 単価 | D40: 税抜使用料（無無） | E40: 税抜使用料（無有） | F40: 税抜使用料（有無） | G40: 税抜使用料（有有） | H40: 徴収率 | I40: 確定税抜使用料
A41: =IF(③配信!BF4="",0,③配信!BF4) -> 0 | B41: =IF(A41<=1000,IF(A41=0,0,1000/1000),(ROUNDDOWN(A41,-3))/1000) -> 0 | C41: 50 | D41: =ROUNDDOWN(B41*C41*H41,0) -> 0 | E41: =ROUNDDOWN(ROUNDDOWN(B41*C41*H41,3)*0.95,0) -> 0 | F41: =ROUNDDOWN((IF(B41<=100,B41,100)*50+IF(101<=B41,IF(B41<=1000,B41-100,900),0)*45+IF(B41>=1001,IF(B41<=5000,B41-1000,4000),0)*40+IF(B41>=5001,IF(B41<=10000,B41-5000,5000),0)*35+IF(B41>=10001,IF(B41<=20000,B41-10000,10000),0)*30+IF(B41>=20001,B41-20000,0)*25)*H41,0) -> 0 | G41: =ROUNDDOWN(ROUNDDOWN((IF(B41<=100,B41,100)*50+IF(101<=B41,IF(B41<=1000,B41-100,900),0)*45+IF(B41>=1001,IF(B41<=5000,B41-1000,4000),0)*40+IF(B41>=5001,IF(B41<=10000,B41-5000,5000),0)*35+IF(B41>=10001,IF(B41<=20000,B41-10000,10000),0)*30+IF(B41>=20001,B41-20000,0)*25)*H41,3)*0.95,0) -> 0 | H41: =$F$25 -> 1 | I41: =IF(③配信!AZ2="適用",IF(③配信!BG2="適用",G41,F41),IF(③配信!BG2="適用",E41,D41)) -> 0 | J41: 1 | K41: 1
A42: =IF(③配信!BF9="",0,③配信!BF9) -> 0 | B42: =IF(A42<=1000,IF(A42=0,0,1000/1000),(ROUNDDOWN(A42,-3))/1000) -> 0 | C42: 50 | D42: =ROUNDDOWN(B42*C42*H42,0) -> 0 | E42: =ROUNDDOWN(ROUNDDOWN(B42*C42*H42,3)*0.95,0) -> 0 | F42: =ROUNDDOWN((IF(B42<=100,B42,100)*50+IF(101<=B42,IF(B42<=1000,B42-100,900),0)*45+IF(B42>=1001,IF(B42<=5000,B42-1000,4000),0)*40+IF(B42>=5001,IF(B42<=10000,B42-5000,5000),0)*35+IF(B42>=10001,IF(B42<=20000,B42-10000,10000),0)*30+IF(B42>=20001,B42-20000,0)*25)*H42,0) -> 0 | G42: =ROUNDDOWN(ROUNDDOWN((IF(B42<=100,B42,100)*50+IF(101<=B42,IF(B42<=1000,B42-100,900),0)*45+IF(B42>=1001,IF(B42<=5000,B42-1000,4000),0)*40+IF(B42>=5001,IF(B42<=10000,B42-5000,5000),0)*35+IF(B42>=10001,IF(B42<=20000,B42-10000,10000),0)*30+IF(B42>=20001,B42-20000,0)*25)*H42,3)*0.95,0) -> 0 | H42: =$F$25 -> 1 | I42: =IF(③配信!AZ7="適用",IF(③配信!BG7="適用",G42,F42),IF(③配信!BG7="適用",E42,D42)) -> 0 | J42: 2
A43: =IF(③配信!BF14="",0,③配信!BF14) -> 0 | B43: =IF(A43<=1000,IF(A43=0,0,1000/1000),(ROUNDDOWN(A43,-3))/1000) -> 0 | C43: 50 | D43: =ROUNDDOWN(B43*C43*H43,0) -> 0 | E43: =ROUNDDOWN(ROUNDDOWN(B43*C43*H43,3)*0.95,0) -> 0 | F43: =ROUNDDOWN((IF(B43<=100,B43,100)*50+IF(101<=B43,IF(B43<=1000,B43-100,900),0)*45+IF(B43>=1001,IF(B43<=5000,B43-1000,4000),0)*40+IF(B43>=5001,IF(B43<=10000,B43-5000,5000),0)*35+IF(B43>=10001,IF(B43<=20000,B43-10000,10000),0)*30+IF(B43>=20001,B43-20000,0)*25)*H43,0) -> 0 | G43: =ROUNDDOWN(ROUNDDOWN((IF(B43<=100,B43,100)*50+IF(101<=B43,IF(B43<=1000,B43-100,900),0)*45+IF(B43>=1001,IF(B43<=5000,B43-1000,4000),0)*40+IF(B43>=5001,IF(B43<=10000,B43-5000,5000),0)*35+IF(B43>=10001,IF(B43<=20000,B43-10000,10000),0)*30+IF(B43>=20001,B43-20000,0)*25)*H43,3)*0.95,0) -> 0 | H43: =$F$25 -> 1 | I43: =IF(③配信!AZ12="適用",IF(③配信!BG12="適用",G43,F43),IF(③配信!BG12="適用",E43,D43)) -> 0 | J43: 3
A44: =IF(③配信!BF19="",0,③配信!BF19) -> 0 | B44: =IF(A44<=1000,IF(A44=0,0,1000/1000),(ROUNDDOWN(A44,-3))/1000) -> 0 | C44: 50 | D44: =ROUNDDOWN(B44*C44*H44,0) -> 0 | E44: =ROUNDDOWN(ROUNDDOWN(B44*C44*H44,3)*0.95,0) -> 0 | F44: =ROUNDDOWN((IF(B44<=100,B44,100)*50+IF(101<=B44,IF(B44<=1000,B44-100,900),0)*45+IF(B44>=1001,IF(B44<=5000,B44-1000,4000),0)*40+IF(B44>=5001,IF(B44<=10000,B44-5000,5000),0)*35+IF(B44>=10001,IF(B44<=20000,B44-10000,10000),0)*30+IF(B44>=20001,B44-20000,0)*25)*H44,0) -> 0 | G44: =ROUNDDOWN(ROUNDDOWN((IF(B44<=100,B44,100)*50+IF(101<=B44,IF(B44<=1000,B44-100,900),0)*45+IF(B44>=1001,IF(B44<=5000,B44-1000,4000),0)*40+IF(B44>=5001,IF(B44<=10000,B44-5000,5000),0)*35+IF(B44>=10001,IF(B44<=20000,B44-10000,10000),0)*30+IF(B44>=20001,B44-20000,0)*25)*H44,3)*0.95,0) -> 0 | H44: =$F$25 -> 1 | I44: =IF(③配信!AZ17="適用",IF(③配信!BG17="適用",G44,F44),IF(③配信!BG17="適用",E44,D44)) -> 0 | J44: 4
A45: =IF(③配信!BF24="",0,③配信!BF24) -> 0 | B45: =IF(A45<=1000,IF(A45=0,0,1000/1000),(ROUNDDOWN(A45,-3))/1000) -> 0 | C45: 50 | D45: =ROUNDDOWN(B45*C45*H45,0) -> 0 | E45: =ROUNDDOWN(ROUNDDOWN(B45*C45*H45,3)*0.95,0) -> 0 | F45: =ROUNDDOWN((IF(B45<=100,B45,100)*50+IF(101<=B45,IF(B45<=1000,B45-100,900),0)*45+IF(B45>=1001,IF(B45<=5000,B45-1000,4000),0)*40+IF(B45>=5001,IF(B45<=10000,B45-5000,5000),0)*35+IF(B45>=10001,IF(B45<=20000,B45-10000,10000),0)*30+IF(B45>=20001,B45-20000,0)*25)*H45,0) -> 0 | G45: =ROUNDDOWN(ROUNDDOWN((IF(B45<=100,B45,100)*50+IF(101<=B45,IF(B45<=1000,B45-100,900),0)*45+IF(B45>=1001,IF(B45<=5000,B45-1000,4000),0)*40+IF(B45>=5001,IF(B45<=10000,B45-5000,5000),0)*35+IF(B45>=10001,IF(B45<=20000,B45-10000,10000),0)*30+IF(B45>=20001,B45-20000,0)*25)*H45,3)*0.95,0) -> 0 | H45: =$F$25 -> 1 | I45: =IF(③配信!AZ22="適用",IF(③配信!BG22="適用",G45,F45),IF(③配信!BG22="適用",E45,D45)) -> 0 | J45: 5
A46: =IF(③配信!BF29="",0,③配信!BF29) -> 0 | B46: =IF(A46<=1000,IF(A46=0,0,1000/1000),(ROUNDDOWN(A46,-3))/1000) -> 0 | C46: 50 | D46: =ROUNDDOWN(B46*C46*H46,0) -> 0 | E46: =ROUNDDOWN(ROUNDDOWN(B46*C46*H46,3)*0.95,0) -> 0 | F46: =ROUNDDOWN((IF(B46<=100,B46,100)*50+IF(101<=B46,IF(B46<=1000,B46-100,900),0)*45+IF(B46>=1001,IF(B46<=5000,B46-1000,4000),0)*40+IF(B46>=5001,IF(B46<=10000,B46-5000,5000),0)*35+IF(B46>=10001,IF(B46<=20000,B46-10000,10000),0)*30+IF(B46>=20001,B46-20000,0)*25)*H46,0) -> 0 | G46: =ROUNDDOWN(ROUNDDOWN((IF(B46<=100,B46,100)*50+IF(101<=B46,IF(B46<=1000,B46-100,900),0)*45+IF(B46>=1001,IF(B46<=5000,B46-1000,4000),0)*40+IF(B46>=5001,IF(B46<=10000,B46-5000,5000),0)*35+IF(B46>=10001,IF(B46<=20000,B46-10000,10000),0)*30+IF(B46>=20001,B46-20000,0)*25)*H46,3)*0.95,0) -> 0 | H46: =$F$25 -> 1 | I46: =IF(③配信!AZ27="適用",IF(③配信!BG27="適用",G46,F46),IF(③配信!BG27="適用",E46,D46)) -> 0 | J46: 6
A47: =IF(③配信!BF34="",0,③配信!BF34) -> 0 | B47: =IF(A47<=1000,IF(A47=0,0,1000/1000),(ROUNDDOWN(A47,-3))/1000) -> 0 | C47: 50 | D47: =ROUNDDOWN(B47*C47*H47,0) -> 0 | E47: =ROUNDDOWN(ROUNDDOWN(B47*C47*H47,3)*0.95,0) -> 0 | F47: =ROUNDDOWN((IF(B47<=100,B47,100)*50+IF(101<=B47,IF(B47<=1000,B47-100,900),0)*45+IF(B47>=1001,IF(B47<=5000,B47-1000,4000),0)*40+IF(B47>=5001,IF(B47<=10000,B47-5000,5000),0)*35+IF(B47>=10001,IF(B47<=20000,B47-10000,10000),0)*30+IF(B47>=20001,B47-20000,0)*25)*H47,0) -> 0 | G47: =ROUNDDOWN(ROUNDDOWN((IF(B47<=100,B47,100)*50+IF(101<=B47,IF(B47<=1000,B47-100,900),0)*45+IF(B47>=1001,IF(B47<=5000,B47-1000,4000),0)*40+IF(B47>=5001,IF(B47<=10000,B47-5000,5000),0)*35+IF(B47>=10001,IF(B47<=20000,B47-10000,10000),0)*30+IF(B47>=20001,B47-20000,0)*25)*H47,3)*0.95,0) -> 0 | H47: =$F$25 -> 1 | I47: =IF(③配信!AZ32="適用",IF(③配信!BG32="適用",G47,F47),IF(③配信!BG32="適用",E47,D47)) -> 0 | J47: 7
A48: =IF(③配信!BF39="",0,③配信!BF39) -> 0 | B48: =IF(A48<=1000,IF(A48=0,0,1000/1000),(ROUNDDOWN(A48,-3))/1000) -> 0 | C48: 50 | D48: =ROUNDDOWN(B48*C48*H48,0) -> 0 | E48: =ROUNDDOWN(ROUNDDOWN(B48*C48*H48,3)*0.95,0) -> 0 | F48: =ROUNDDOWN((IF(B48<=100,B48,100)*50+IF(101<=B48,IF(B48<=1000,B48-100,900),0)*45+IF(B48>=1001,IF(B48<=5000,B48-1000,4000),0)*40+IF(B48>=5001,IF(B48<=10000,B48-5000,5000),0)*35+IF(B48>=10001,IF(B48<=20000,B48-10000,10000),0)*30+IF(B48>=20001,B48-20000,0)*25)*H48,0) -> 0 | G48: =ROUNDDOWN(ROUNDDOWN((IF(B48<=100,B48,100)*50+IF(101<=B48,IF(B48<=1000,B48-100,900),0)*45+IF(B48>=1001,IF(B48<=5000,B48-1000,4000),0)*40+IF(B48>=5001,IF(B48<=10000,B48-5000,5000),0)*35+IF(B48>=10001,IF(B48<=20000,B48-10000,10000),0)*30+IF(B48>=20001,B48-20000,0)*25)*H48,3)*0.95,0) -> 0 | H48: =$F$25 -> 1 | I48: =IF(③配信!AZ37="適用",IF(③配信!BG37="適用",G48,F48),IF(③配信!BG37="適用",E48,D48)) -> 0 | J48: 8
A49: =IF(③配信!AA55="",0,③配信!AA55) -> 0 | B49: =IF(A49<=1000,IF(A49=0,0,1000/1000),(ROUNDDOWN(A49,-3))/1000) -> 0 | C49: 50 | D49: =ROUNDDOWN(B49*C49*H49,0) -> 0 | E49: =ROUNDDOWN(ROUNDDOWN(B49*C49*H49,3)*0.95,0) -> 0 | F49: =ROUNDDOWN((IF(B49<=100,B49,100)*50+IF(101<=B49,IF(B49<=1000,B49-100,900),0)*45+IF(B49>=1001,IF(B49<=5000,B49-1000,4000),0)*40+IF(B49>=5001,IF(B49<=10000,B49-5000,5000),0)*35+IF(B49>=10001,IF(B49<=20000,B49-10000,10000),0)*30+IF(B49>=20001,B49-20000,0)*25)*H49,0) -> 0 | G49: =ROUNDDOWN(ROUNDDOWN((IF(B49<=100,B49,100)*50+IF(101<=B49,IF(B49<=1000,B49-100,900),0)*45+IF(B49>=1001,IF(B49<=5000,B49-1000,4000),0)*40+IF(B49>=5001,IF(B49<=10000,B49-5000,5000),0)*35+IF(B49>=10001,IF(B49<=20000,B49-10000,10000),0)*30+IF(B49>=20001,B49-20000,0)*25)*H49,3)*0.95,0) -> 0 | H49: =$F$25 -> 1 | I49: =IF(③配信!U53="適用",IF(③配信!AB53="適用",G49,F49),IF(③配信!AB53="適用",E49,D49)) -> 0 | J49: 9 | K49: 2
A50: =IF(③配信!AA60="",0,③配信!AA60) -> 0 | B50: =IF(A50<=1000,IF(A50=0,0,1000/1000),(ROUNDDOWN(A50,-3))/1000) -> 0 | C50: 50 | D50: =ROUNDDOWN(B50*C50*H50,0) -> 0 | E50: =ROUNDDOWN(ROUNDDOWN(B50*C50*H50,3)*0.95,0) -> 0 | F50: =ROUNDDOWN((IF(B50<=100,B50,100)*50+IF(101<=B50,IF(B50<=1000,B50-100,900),0)*45+IF(B50>=1001,IF(B50<=5000,B50-1000,4000),0)*40+IF(B50>=5001,IF(B50<=10000,B50-5000,5000),0)*35+IF(B50>=10001,IF(B50<=20000,B50-10000,10000),0)*30+IF(B50>=20001,B50-20000,0)*25)*H50,0) -> 0 | G50: =ROUNDDOWN(ROUNDDOWN((IF(B50<=100,B50,100)*50+IF(101<=B50,IF(B50<=1000,B50-100,900),0)*45+IF(B50>=1001,IF(B50<=5000,B50-1000,4000),0)*40+IF(B50>=5001,IF(B50<=10000,B50-5000,5000),0)*35+IF(B50>=10001,IF(B50<=20000,B50-10000,10000),0)*30+IF(B50>=20001,B50-20000,0)*25)*H50,3)*0.95,0) -> 0 | H50: =$F$25 -> 1 | I50: =IF(③配信!U58="適用",IF(③配信!AB58="適用",G50,F50),IF(③配信!AB58="適用",E50,D50)) -> 0 | J50: 10
A51: =IF(③配信!AA65="",0,③配信!AA65) -> 0 | B51: =IF(A51<=1000,IF(A51=0,0,1000/1000),(ROUNDDOWN(A51,-3))/1000) -> 0 | C51: 50 | D51: =ROUNDDOWN(B51*C51*H51,0) -> 0 | E51: =ROUNDDOWN(ROUNDDOWN(B51*C51*H51,3)*0.95,0) -> 0 | F51: =ROUNDDOWN((IF(B51<=100,B51,100)*50+IF(101<=B51,IF(B51<=1000,B51-100,900),0)*45+IF(B51>=1001,IF(B51<=5000,B51-1000,4000),0)*40+IF(B51>=5001,IF(B51<=10000,B51-5000,5000),0)*35+IF(B51>=10001,IF(B51<=20000,B51-10000,10000),0)*30+IF(B51>=20001,B51-20000,0)*25)*H51,0) -> 0 | G51: =ROUNDDOWN(ROUNDDOWN((IF(B51<=100,B51,100)*50+IF(101<=B51,IF(B51<=1000,B51-100,900),0)*45+IF(B51>=1001,IF(B51<=5000,B51-1000,4000),0)*40+IF(B51>=5001,IF(B51<=10000,B51-5000,5000),0)*35+IF(B51>=10001,IF(B51<=20000,B51-10000,10000),0)*30+IF(B51>=20001,B51-20000,0)*25)*H51,3)*0.95,0) -> 0 | H51: =$F$25 -> 1 | I51: =IF(③配信!U63="適用",IF(③配信!AB63="適用",G51,F51),IF(③配信!AB63="適用",E51,D51)) -> 0 | J51: 11
A52: =IF(③配信!AA70="",0,③配信!AA70) -> 0 | B52: =IF(A52<=1000,IF(A52=0,0,1000/1000),(ROUNDDOWN(A52,-3))/1000) -> 0 | C52: 50 | D52: =ROUNDDOWN(B52*C52*H52,0) -> 0 | E52: =ROUNDDOWN(ROUNDDOWN(B52*C52*H52,3)*0.95,0) -> 0 | F52: =ROUNDDOWN((IF(B52<=100,B52,100)*50+IF(101<=B52,IF(B52<=1000,B52-100,900),0)*45+IF(B52>=1001,IF(B52<=5000,B52-1000,4000),0)*40+IF(B52>=5001,IF(B52<=10000,B52-5000,5000),0)*35+IF(B52>=10001,IF(B52<=20000,B52-10000,10000),0)*30+IF(B52>=20001,B52-20000,0)*25)*H52,0) -> 0 | G52: =ROUNDDOWN(ROUNDDOWN((IF(B52<=100,B52,100)*50+IF(101<=B52,IF(B52<=1000,B52-100,900),0)*45+IF(B52>=1001,IF(B52<=5000,B52-1000,4000),0)*40+IF(B52>=5001,IF(B52<=10000,B52-5000,5000),0)*35+IF(B52>=10001,IF(B52<=20000,B52-10000,10000),0)*30+IF(B52>=20001,B52-20000,0)*25)*H52,3)*0.95,0) -> 0 | H52: =$F$25 -> 1 | I52: =IF(③配信!U68="適用",IF(③配信!AB68="適用",G52,F52),IF(③配信!AB68="適用",E52,D52)) -> 0 | J52: 12
A53: =IF(③配信!AA75="",0,③配信!AA75) -> 0 | B53: =IF(A53<=1000,IF(A53=0,0,1000/1000),(ROUNDDOWN(A53,-3))/1000) -> 0 | C53: 50 | D53: =ROUNDDOWN(B53*C53*H53,0) -> 0 | E53: =ROUNDDOWN(ROUNDDOWN(B53*C53*H53,3)*0.95,0) -> 0 | F53: =ROUNDDOWN((IF(B53<=100,B53,100)*50+IF(101<=B53,IF(B53<=1000,B53-100,900),0)*45+IF(B53>=1001,IF(B53<=5000,B53-1000,4000),0)*40+IF(B53>=5001,IF(B53<=10000,B53-5000,5000),0)*35+IF(B53>=10001,IF(B53<=20000,B53-10000,10000),0)*30+IF(B53>=20001,B53-20000,0)*25)*H53,0) -> 0 | G53: =ROUNDDOWN(ROUNDDOWN((IF(B53<=100,B53,100)*50+IF(101<=B53,IF(B53<=1000,B53-100,900),0)*45+IF(B53>=1001,IF(B53<=5000,B53-1000,4000),0)*40+IF(B53>=5001,IF(B53<=10000,B53-5000,5000),0)*35+IF(B53>=10001,IF(B53<=20000,B53-10000,10000),0)*30+IF(B53>=20001,B53-20000,0)*25)*H53,3)*0.95,0) -> 0 | H53: =$F$25 -> 1 | I53: =IF(③配信!U73="適用",IF(③配信!AB73="適用",G53,F53),IF(③配信!AB73="適用",E53,D53)) -> 0 | J53: 13
A54: =IF(③配信!AA80="",0,③配信!AA80) -> 0 | B54: =IF(A54<=1000,IF(A54=0,0,1000/1000),(ROUNDDOWN(A54,-3))/1000) -> 0 | C54: 50 | D54: =ROUNDDOWN(B54*C54*H54,0) -> 0 | E54: =ROUNDDOWN(ROUNDDOWN(B54*C54*H54,3)*0.95,0) -> 0 | F54: =ROUNDDOWN((IF(B54<=100,B54,100)*50+IF(101<=B54,IF(B54<=1000,B54-100,900),0)*45+IF(B54>=1001,IF(B54<=5000,B54-1000,4000),0)*40+IF(B54>=5001,IF(B54<=10000,B54-5000,5000),0)*35+IF(B54>=10001,IF(B54<=20000,B54-10000,10000),0)*30+IF(B54>=20001,B54-20000,0)*25)*H54,0) -> 0 | G54: =ROUNDDOWN(ROUNDDOWN((IF(B54<=100,B54,100)*50+IF(101<=B54,IF(B54<=1000,B54-100,900),0)*45+IF(B54>=1001,IF(B54<=5000,B54-1000,4000),0)*40+IF(B54>=5001,IF(B54<=10000,B54-5000,5000),0)*35+IF(B54>=10001,IF(B54<=20000,B54-10000,10000),0)*30+IF(B54>=20001,B54-20000,0)*25)*H54,3)*0.95,0) -> 0 | H54: =$F$25 -> 1 | I54: =IF(③配信!U78="適用",IF(③配信!AB78="適用",G54,F54),IF(③配信!AB78="適用",E54,D54)) -> 0 | J54: 14
A55: =IF(③配信!AA85="",0,③配信!AA85) -> 0 | B55: =IF(A55<=1000,IF(A55=0,0,1000/1000),(ROUNDDOWN(A55,-3))/1000) -> 0 | C55: 50 | D55: =ROUNDDOWN(B55*C55*H55,0) -> 0 | E55: =ROUNDDOWN(ROUNDDOWN(B55*C55*H55,3)*0.95,0) -> 0 | F55: =ROUNDDOWN((IF(B55<=100,B55,100)*50+IF(101<=B55,IF(B55<=1000,B55-100,900),0)*45+IF(B55>=1001,IF(B55<=5000,B55-1000,4000),0)*40+IF(B55>=5001,IF(B55<=10000,B55-5000,5000),0)*35+IF(B55>=10001,IF(B55<=20000,B55-10000,10000),0)*30+IF(B55>=20001,B55-20000,0)*25)*H55,0) -> 0 | G55: =ROUNDDOWN(ROUNDDOWN((IF(B55<=100,B55,100)*50+IF(101<=B55,IF(B55<=1000,B55-100,900),0)*45+IF(B55>=1001,IF(B55<=5000,B55-1000,4000),0)*40+IF(B55>=5001,IF(B55<=10000,B55-5000,5000),0)*35+IF(B55>=10001,IF(B55<=20000,B55-10000,10000),0)*30+IF(B55>=20001,B55-20000,0)*25)*H55,3)*0.95,0) -> 0 | H55: =$F$25 -> 1 | I55: =IF(③配信!U83="適用",IF(③配信!AB83="適用",G55,F55),IF(③配信!AB83="適用",E55,D55)) -> 0 | J55: 15
A56: =IF(③配信!AA90="",0,③配信!AA90) -> 0 | B56: =IF(A56<=1000,IF(A56=0,0,1000/1000),(ROUNDDOWN(A56,-3))/1000) -> 0 | C56: 50 | D56: =ROUNDDOWN(B56*C56*H56,0) -> 0 | E56: =ROUNDDOWN(ROUNDDOWN(B56*C56*H56,3)*0.95,0) -> 0 | F56: =ROUNDDOWN((IF(B56<=100,B56,100)*50+IF(101<=B56,IF(B56<=1000,B56-100,900),0)*45+IF(B56>=1001,IF(B56<=5000,B56-1000,4000),0)*40+IF(B56>=5001,IF(B56<=10000,B56-5000,5000),0)*35+IF(B56>=10001,IF(B56<=20000,B56-10000,10000),0)*30+IF(B56>=20001,B56-20000,0)*25)*H56,0) -> 0 | G56: =ROUNDDOWN(ROUNDDOWN((IF(B56<=100,B56,100)*50+IF(101<=B56,IF(B56<=1000,B56-100,900),0)*45+IF(B56>=1001,IF(B56<=5000,B56-1000,4000),0)*40+IF(B56>=5001,IF(B56<=10000,B56-5000,5000),0)*35+IF(B56>=10001,IF(B56<=20000,B56-10000,10000),0)*30+IF(B56>=20001,B56-20000,0)*25)*H56,3)*0.95,0) -> 0 | H56: =$F$25 -> 1 | I56: =IF(③配信!U88="適用",IF(③配信!AB88="適用",G56,F56),IF(③配信!AB88="適用",E56,D56)) -> 0 | J56: 16
A57: =IF(③配信!BF50="",0,③配信!BF50) -> 0 | B57: =IF(A57<=1000,IF(A57=0,0,1000/1000),(ROUNDDOWN(A57,-3))/1000) -> 0 | C57: 50 | D57: =ROUNDDOWN(B57*C57*H57,0) -> 0 | E57: =ROUNDDOWN(ROUNDDOWN(B57*C57*H57,3)*0.95,0) -> 0 | F57: =ROUNDDOWN((IF(B57<=100,B57,100)*50+IF(101<=B57,IF(B57<=1000,B57-100,900),0)*45+IF(B57>=1001,IF(B57<=5000,B57-1000,4000),0)*40+IF(B57>=5001,IF(B57<=10000,B57-5000,5000),0)*35+IF(B57>=10001,IF(B57<=20000,B57-10000,10000),0)*30+IF(B57>=20001,B57-20000,0)*25)*H57,0) -> 0 | G57: =ROUNDDOWN(ROUNDDOWN((IF(B57<=100,B57,100)*50+IF(101<=B57,IF(B57<=1000,B57-100,900),0)*45+IF(B57>=1001,IF(B57<=5000,B57-1000,4000),0)*40+IF(B57>=5001,IF(B57<=10000,B57-5000,5000),0)*35+IF(B57>=10001,IF(B57<=20000,B57-10000,10000),0)*30+IF(B57>=20001,B57-20000,0)*25)*H57,3)*0.95,0) -> 0 | H57: =$F$25 -> 1 | I57: =IF(③配信!AZ48="適用",IF(③配信!BG48="適用",G57,F57),IF(③配信!BG48="適用",E57,D57)) -> 0 | J57: 17 | K57: 3
A58: =IF(③配信!BF55="",0,③配信!BF55) -> 0 | B58: =IF(A58<=1000,IF(A58=0,0,1000/1000),(ROUNDDOWN(A58,-3))/1000) -> 0 | C58: 50 | D58: =ROUNDDOWN(B58*C58*H58,0) -> 0 | E58: =ROUNDDOWN(ROUNDDOWN(B58*C58*H58,3)*0.95,0) -> 0 | F58: =ROUNDDOWN((IF(B58<=100,B58,100)*50+IF(101<=B58,IF(B58<=1000,B58-100,900),0)*45+IF(B58>=1001,IF(B58<=5000,B58-1000,4000),0)*40+IF(B58>=5001,IF(B58<=10000,B58-5000,5000),0)*35+IF(B58>=10001,IF(B58<=20000,B58-10000,10000),0)*30+IF(B58>=20001,B58-20000,0)*25)*H58,0) -> 0 | G58: =ROUNDDOWN(ROUNDDOWN((IF(B58<=100,B58,100)*50+IF(101<=B58,IF(B58<=1000,B58-100,900),0)*45+IF(B58>=1001,IF(B58<=5000,B58-1000,4000),0)*40+IF(B58>=5001,IF(B58<=10000,B58-5000,5000),0)*35+IF(B58>=10001,IF(B58<=20000,B58-10000,10000),0)*30+IF(B58>=20001,B58-20000,0)*25)*H58,3)*0.95,0) -> 0 | H58: =$F$25 -> 1 | I58: =IF(③配信!AZ53="適用",IF(③配信!BG53="適用",G58,F58),IF(③配信!BG53="適用",E58,D58)) -> 0 | J58: 18
A59: =IF(③配信!BF60="",0,③配信!BF60) -> 0 | B59: =IF(A59<=1000,IF(A59=0,0,1000/1000),(ROUNDDOWN(A59,-3))/1000) -> 0 | C59: 50 | D59: =ROUNDDOWN(B59*C59*H59,0) -> 0 | E59: =ROUNDDOWN(ROUNDDOWN(B59*C59*H59,3)*0.95,0) -> 0 | F59: =ROUNDDOWN((IF(B59<=100,B59,100)*50+IF(101<=B59,IF(B59<=1000,B59-100,900),0)*45+IF(B59>=1001,IF(B59<=5000,B59-1000,4000),0)*40+IF(B59>=5001,IF(B59<=10000,B59-5000,5000),0)*35+IF(B59>=10001,IF(B59<=20000,B59-10000,10000),0)*30+IF(B59>=20001,B59-20000,0)*25)*H59,0) -> 0 | G59: =ROUNDDOWN(ROUNDDOWN((IF(B59<=100,B59,100)*50+IF(101<=B59,IF(B59<=1000,B59-100,900),0)*45+IF(B59>=1001,IF(B59<=5000,B59-1000,4000),0)*40+IF(B59>=5001,IF(B59<=10000,B59-5000,5000),0)*35+IF(B59>=10001,IF(B59<=20000,B59-10000,10000),0)*30+IF(B59>=20001,B59-20000,0)*25)*H59,3)*0.95,0) -> 0 | H59: =$F$25 -> 1 | I59: =IF(③配信!AZ58="適用",IF(③配信!BG58="適用",G59,F59),IF(③配信!BG58="適用",E59,D59)) -> 0 | J59: 19
A60: =IF(③配信!BF65="",0,③配信!BF65) -> 0 | B60: =IF(A60<=1000,IF(A60=0,0,1000/1000),(ROUNDDOWN(A60,-3))/1000) -> 0 | C60: 50 | D60: =ROUNDDOWN(B60*C60*H60,0) -> 0 | E60: =ROUNDDOWN(ROUNDDOWN(B60*C60*H60,3)*0.95,0) -> 0 | F60: =ROUNDDOWN((IF(B60<=100,B60,100)*50+IF(101<=B60,IF(B60<=1000,B60-100,900),0)*45+IF(B60>=1001,IF(B60<=5000,B60-1000,4000),0)*40+IF(B60>=5001,IF(B60<=10000,B60-5000,5000),0)*35+IF(B60>=10001,IF(B60<=20000,B60-10000,10000),0)*30+IF(B60>=20001,B60-20000,0)*25)*H60,0) -> 0 | G60: =ROUNDDOWN(ROUNDDOWN((IF(B60<=100,B60,100)*50+IF(101<=B60,IF(B60<=1000,B60-100,900),0)*45+IF(B60>=1001,IF(B60<=5000,B60-1000,4000),0)*40+IF(B60>=5001,IF(B60<=10000,B60-5000,5000),0)*35+IF(B60>=10001,IF(B60<=20000,B60-10000,10000),0)*30+IF(B60>=20001,B60-20000,0)*25)*H60,3)*0.95,0) -> 0 | H60: =$F$25 -> 1 | I60: =IF(③配信!AZ63="適用",IF(③配信!BG63="適用",G60,F60),IF(③配信!BG63="適用",E60,D60)) -> 0 | J60: 20
A61: =IF(③配信!BF70="",0,③配信!BF70) -> 0 | B61: =IF(A61<=1000,IF(A61=0,0,1000/1000),(ROUNDDOWN(A61,-3))/1000) -> 0 | C61: 50 | D61: =ROUNDDOWN(B61*C61*H61,0) -> 0 | E61: =ROUNDDOWN(ROUNDDOWN(B61*C61*H61,3)*0.95,0) -> 0 | F61: =ROUNDDOWN((IF(B61<=100,B61,100)*50+IF(101<=B61,IF(B61<=1000,B61-100,900),0)*45+IF(B61>=1001,IF(B61<=5000,B61-1000,4000),0)*40+IF(B61>=5001,IF(B61<=10000,B61-5000,5000),0)*35+IF(B61>=10001,IF(B61<=20000,B61-10000,10000),0)*30+IF(B61>=20001,B61-20000,0)*25)*H61,0) -> 0 | G61: =ROUNDDOWN(ROUNDDOWN((IF(B61<=100,B61,100)*50+IF(101<=B61,IF(B61<=1000,B61-100,900),0)*45+IF(B61>=1001,IF(B61<=5000,B61-1000,4000),0)*40+IF(B61>=5001,IF(B61<=10000,B61-5000,5000),0)*35+IF(B61>=10001,IF(B61<=20000,B61-10000,10000),0)*30+IF(B61>=20001,B61-20000,0)*25)*H61,3)*0.95,0) -> 0 | H61: =$F$25 -> 1 | I61: =IF(③配信!AZ68="適用",IF(③配信!BG68="適用",G61,F61),IF(③配信!BG68="適用",E61,D61)) -> 0 | J61: 21
A62: =IF(③配信!BF75="",0,③配信!BF75) -> 0 | B62: =IF(A62<=1000,IF(A62=0,0,1000/1000),(ROUNDDOWN(A62,-3))/1000) -> 0 | C62: 50 | D62: =ROUNDDOWN(B62*C62*H62,0) -> 0 | E62: =ROUNDDOWN(ROUNDDOWN(B62*C62*H62,3)*0.95,0) -> 0 | F62: =ROUNDDOWN((IF(B62<=100,B62,100)*50+IF(101<=B62,IF(B62<=1000,B62-100,900),0)*45+IF(B62>=1001,IF(B62<=5000,B62-1000,4000),0)*40+IF(B62>=5001,IF(B62<=10000,B62-5000,5000),0)*35+IF(B62>=10001,IF(B62<=20000,B62-10000,10000),0)*30+IF(B62>=20001,B62-20000,0)*25)*H62,0) -> 0 | G62: =ROUNDDOWN(ROUNDDOWN((IF(B62<=100,B62,100)*50+IF(101<=B62,IF(B62<=1000,B62-100,900),0)*45+IF(B62>=1001,IF(B62<=5000,B62-1000,4000),0)*40+IF(B62>=5001,IF(B62<=10000,B62-5000,5000),0)*35+IF(B62>=10001,IF(B62<=20000,B62-10000,10000),0)*30+IF(B62>=20001,B62-20000,0)*25)*H62,3)*0.95,0) -> 0 | H62: =$F$25 -> 1 | I62: =IF(③配信!AZ73="適用",IF(③配信!BG73="適用",G62,F62),IF(③配信!BG73="適用",E62,D62)) -> 0 | J62: 22
A63: =IF(③配信!BF80="",0,③配信!BF80) -> 0 | B63: =IF(A63<=1000,IF(A63=0,0,1000/1000),(ROUNDDOWN(A63,-3))/1000) -> 0 | C63: 50 | D63: =ROUNDDOWN(B63*C63*H63,0) -> 0 | E63: =ROUNDDOWN(ROUNDDOWN(B63*C63*H63,3)*0.95,0) -> 0 | F63: =ROUNDDOWN((IF(B63<=100,B63,100)*50+IF(101<=B63,IF(B63<=1000,B63-100,900),0)*45+IF(B63>=1001,IF(B63<=5000,B63-1000,4000),0)*40+IF(B63>=5001,IF(B63<=10000,B63-5000,5000),0)*35+IF(B63>=10001,IF(B63<=20000,B63-10000,10000),0)*30+IF(B63>=20001,B63-20000,0)*25)*H63,0) -> 0 | G63: =ROUNDDOWN(ROUNDDOWN((IF(B63<=100,B63,100)*50+IF(101<=B63,IF(B63<=1000,B63-100,900),0)*45+IF(B63>=1001,IF(B63<=5000,B63-1000,4000),0)*40+IF(B63>=5001,IF(B63<=10000,B63-5000,5000),0)*35+IF(B63>=10001,IF(B63<=20000,B63-10000,10000),0)*30+IF(B63>=20001,B63-20000,0)*25)*H63,3)*0.95,0) -> 0 | H63: =$F$25 -> 1 | I63: =IF(③配信!AZ78="適用",IF(③配信!BG78="適用",G63,F63),IF(③配信!BG78="適用",E63,D63)) -> 0 | J63: 23
A64: =IF(③配信!BF85="",0,③配信!BF85) -> 0 | B64: =IF(A64<=1000,IF(A64=0,0,1000/1000),(ROUNDDOWN(A64,-3))/1000) -> 0 | C64: 50 | D64: =ROUNDDOWN(B64*C64*H64,0) -> 0 | E64: =ROUNDDOWN(ROUNDDOWN(B64*C64*H64,3)*0.95,0) -> 0 | F64: =ROUNDDOWN((IF(B64<=100,B64,100)*50+IF(101<=B64,IF(B64<=1000,B64-100,900),0)*45+IF(B64>=1001,IF(B64<=5000,B64-1000,4000),0)*40+IF(B64>=5001,IF(B64<=10000,B64-5000,5000),0)*35+IF(B64>=10001,IF(B64<=20000,B64-10000,10000),0)*30+IF(B64>=20001,B64-20000,0)*25)*H64,0) -> 0 | G64: =ROUNDDOWN(ROUNDDOWN((IF(B64<=100,B64,100)*50+IF(101<=B64,IF(B64<=1000,B64-100,900),0)*45+IF(B64>=1001,IF(B64<=5000,B64-1000,4000),0)*40+IF(B64>=5001,IF(B64<=10000,B64-5000,5000),0)*35+IF(B64>=10001,IF(B64<=20000,B64-10000,10000),0)*30+IF(B64>=20001,B64-20000,0)*25)*H64,3)*0.95,0) -> 0 | H64: =$F$25 -> 1 | I64: =IF(③配信!AZ83="適用",IF(③配信!BG83="適用",G64,F64),IF(③配信!BG83="適用",E64,D64)) -> 0 | J64: 24
A65: =IF(③配信!BF90="",0,③配信!BF90) -> 0 | B65: =IF(A65<=1000,IF(A65=0,0,1000/1000),(ROUNDDOWN(A65,-3))/1000) -> 0 | C65: 50 | D65: =ROUNDDOWN(B65*C65*H65,0) -> 0 | E65: =ROUNDDOWN(ROUNDDOWN(B65*C65*H65,3)*0.95,0) -> 0 | F65: =ROUNDDOWN((IF(B65<=100,B65,100)*50+IF(101<=B65,IF(B65<=1000,B65-100,900),0)*45+IF(B65>=1001,IF(B65<=5000,B65-1000,4000),0)*40+IF(B65>=5001,IF(B65<=10000,B65-5000,5000),0)*35+IF(B65>=10001,IF(B65<=20000,B65-10000,10000),0)*30+IF(B65>=20001,B65-20000,0)*25)*H65,0) -> 0 | G65: =ROUNDDOWN(ROUNDDOWN((IF(B65<=100,B65,100)*50+IF(101<=B65,IF(B65<=1000,B65-100,900),0)*45+IF(B65>=1001,IF(B65<=5000,B65-1000,4000),0)*40+IF(B65>=5001,IF(B65<=10000,B65-5000,5000),0)*35+IF(B65>=10001,IF(B65<=20000,B65-10000,10000),0)*30+IF(B65>=20001,B65-20000,0)*25)*H65,3)*0.95,0) -> 0 | H65: =$F$25 -> 1 | I65: =IF(③配信!AZ88="適用",IF(③配信!BG88="適用",G65,F65),IF(③配信!BG88="適用",E65,D65)) -> 0 | J65: 25
A67: 別紙3-1 | B67: シネアド | C67: 徴収率 | D67: 利用 | E67: 秒数 | F67: 単価 | G67: 秒数 | I67: 1スクリーン当たり使用料
C68: 1 | D68: 1 | E68: =④劇場用CM!J31*60+④劇場用CM!M31 -> 0 | F68: =VLOOKUP(E68,$G$68:$I$80,3) -> 0 | G68: 0 | H68: 0 | I68: 0
G69: 0.01 | H69: 1から60秒まで | I69: 250
G70: 61 | H70: 61秒から300秒まで | I70: 1000
G71: 301 | I71: 1500
G72: 601 | I72: 2000
G73: 1201 | I73: =I72+500 -> 2500
G74: =G73+600 -> 1801 | I74: =I73+500 -> 3000
G75: =G74+600 -> 2401 | I75: =I74+500 -> 3500
G76: =G75+600 -> 3001 | I76: =I75+500 -> 4000
G77: =G76+600 -> 3601 | I77: =I76+500 -> 4500
G78: =G77+600 -> 4201 | I78: =I77+500 -> 5000
G79: =G78+600 -> 4801 | I79: =I78+500 -> 5500
G80: =G79+600 -> 5401 | I80: =I79+500 -> 6000

Sheet 【非】式2
B1: 映像ソフト上映 （一般娯楽） | C1: 500名未満 （定員の定めの ない場合を含む） | D1: 1,000名未満 | E1: 1,500名未満 | F1: 1,500名以上 | G1: 映像ソフト上映 （その他） | H1: 500名未満 （定員の定めの ない場合を含む） | I1: 1,000名未満 | J1: 1,500名未満 | K1: 1,500名以上
A2: 1 | B2: =150*A2 -> 150 | C2: =200+200*A2 -> 400 | D2: =600 -> 600 | E2: =400+400*A2 -> 800 | F2: =800+400*A2 -> 1200 | G2: =150*A2 -> 150 | H2: =(200+200*A2)*(PRODUCT(0.3)) -> 120 | I2: =(600)*(PRODUCT(0.3)) -> 180 | J2: =(400+400*A3)*(PRODUCT(0.3)) -> 360 | K2: =(800+400*A3)*(PRODUCT(0.3)) -> 480
A3: 2 | B3: =150*A3 -> 300 | C3: =200+200*A3 -> 600 | D3: =400*A3 -> 800 | E3: =400+400*A3 -> 1200 | F3: =800+400*A3 -> 1600 | G3: =150*A3 -> 300 | H3: =(200+200*A3)*(PRODUCT(0.3)) -> 180 | I3: =(400*A3)*(PRODUCT(0.3)) -> 240 | J3: =(400+400*A4)*(PRODUCT(0.3)) -> 480 | K3: =(800+400*A4)*(PRODUCT(0.3)) -> 600
A4: 3 | B4: =150*A4 -> 450 | C4: =200+200*A4 -> 800 | D4: =400*A4 -> 1200 | E4: =400+400*A4 -> 1600 | F4: =800+400*A4 -> 2000 | G4: =150*A4 -> 450 | H4: =(200+200*A4)*(PRODUCT(0.3)) -> 240 | I4: =(400*A4)*(PRODUCT(0.3)) -> 360 | J4: =(400+400*A5)*(PRODUCT(0.3)) -> 600 | K4: =(800+400*A5)*(PRODUCT(0.3)) -> 720
A5: 4 | B5: =150*A5 -> 600 | C5: =200+200*A5 -> 1000 | D5: =400*A5 -> 1600 | E5: =400+400*A5 -> 2000 | F5: =800+400*A5 -> 2400 | G5: =150*A5 -> 600 | H5: =(200+200*A5)*(PRODUCT(0.3)) -> 300 | I5: =(400*A5)*(PRODUCT(0.3)) -> 480 | J5: =(400+400*A6)*(PRODUCT(0.3)) -> 720 | K5: =(800+400*A6)*(PRODUCT(0.3)) -> 840
A6: 5 | B6: =150*A6 -> 750 | C6: =200+200*A6 -> 1200 | D6: =400*A6 -> 2000 | E6: =400+400*A6 -> 2400 | F6: =800+400*A6 -> 2800 | G6: =150*A6 -> 750 | H6: =(200+200*A6)*(PRODUCT(0.3)) -> 360 | I6: =(400*A6)*(PRODUCT(0.3)) -> 600 | J6: =(400+400*A7)*(PRODUCT(0.3)) -> 840 | K6: =(800+400*A7)*(PRODUCT(0.3)) -> 960
A7: 6 | B7: =150*A7 -> 900 | C7: =200+200*A7 -> 1400 | D7: =400*A7 -> 2400 | E7: =400+400*A7 -> 2800 | F7: =800+400*A7 -> 3200 | G7: =150*A7 -> 900 | H7: =(200+200*A7)*(PRODUCT(0.3)) -> 420 | I7: =(400*A7)*(PRODUCT(0.3)) -> 720 | J7: =(400+400*A8)*(PRODUCT(0.3)) -> 960 | K7: =(800+400*A8)*(PRODUCT(0.3)) -> 1080
A8: 7 | B8: =150*A8 -> 1050 | C8: =200+200*A8 -> 1600 | D8: =400*A8 -> 2800 | E8: =400+400*A8 -> 3200 | F8: =800+400*A8 -> 3600 | G8: =150*A8 -> 1050 | H8: =(200+200*A8)*(PRODUCT(0.3)) -> 480 | I8: =(400*A8)*(PRODUCT(0.3)) -> 840 | J8: =(400+400*A9)*(PRODUCT(0.3)) -> 1080 | K8: =(800+400*A9)*(PRODUCT(0.3)) -> 1200
A9: 8 | B9: =150*A9 -> 1200 | C9: =200+200*A9 -> 1800 | D9: =400*A9 -> 3200 | E9: =400+400*A9 -> 3600 | F9: =800+400*A9 -> 4000 | G9: =150*A9 -> 1200 | H9: =(200+200*A9)*(PRODUCT(0.3)) -> 540 | I9: =(400*A9)*(PRODUCT(0.3)) -> 960 | J9: =(400+400*A10)*(PRODUCT(0.3)) -> 1200 | K9: =(800+400*A10)*(PRODUCT(0.3)) -> 1320
A10: 9 | B10: =150*A10 -> 1350 | C10: =200+200*A10 -> 2000 | D10: =400*A10 -> 3600 | E10: =400+400*A10 -> 4000 | F10: =800+400*A10 -> 4400 | G10: =150*A10 -> 1350 | H10: =(200+200*A10)*(PRODUCT(0.3)) -> 600 | I10: =(400*A10)*(PRODUCT(0.3)) -> 1080 | J10: =(400+400*A11)*(PRODUCT(0.3)) -> 1320 | K10: =(800+400*A11)*(PRODUCT(0.3)) -> 1440
A11: 10 | B11: =150*A11 -> 1500 | C11: =200+200*A11 -> 2200 | D11: =400*A11 -> 4000 | E11: =400+400*A11 -> 4400 | F11: =800+400*A11 -> 4800 | G11: =150*A11 -> 1500 | H11: =(200+200*A11)*(PRODUCT(0.3)) -> 660 | I11: =(400*A11)*(PRODUCT(0.3)) -> 1200 | J11: =(400+400*A12)*(PRODUCT(0.3)) -> 1440 | K11: =(800+400*A12)*(PRODUCT(0.3)) -> 1560
A12: 11 | B12: =150*A12 -> 1650 | C12: =200+200*A12 -> 2400 | D12: =400*A12 -> 4400 | E12: =400+400*A12 -> 4800 | F12: =800+400*A12 -> 5200 | G12: =150*A12 -> 1650 | H12: =(200+200*A12)*(PRODUCT(0.3)) -> 720 | I12: =(400*A12)*(PRODUCT(0.3)) -> 1320 | J12: =(400+400*A13)*(PRODUCT(0.3)) -> 1560 | K12: =(800+400*A13)*(PRODUCT(0.3)) -> 1680
A13: 12 | B13: =150*A13 -> 1800 | C13: =200+200*A13 -> 2600 | D13: =400*A13 -> 4800 | E13: =400+400*A13 -> 5200 | F13: =800+400*A13 -> 5600 | G13: =150*A13 -> 1800 | H13: =(200+200*A13)*(PRODUCT(0.3)) -> 780 | I13: =(400*A13)*(PRODUCT(0.3)) -> 1440 | J13: =(400+400*A14)*(PRODUCT(0.3)) -> 1680 | K13: =(800+400*A14)*(PRODUCT(0.3)) -> 1800
A14: 13 | B14: =150*A14 -> 1950 | C14: =200+200*A14 -> 2800 | D14: =400*A14 -> 5200 | E14: =400+400*A14 -> 5600 | F14: =800+400*A14 -> 6000 | G14: =150*A14 -> 1950 | H14: =(200+200*A14)*(PRODUCT(0.3)) -> 840 | I14: =(400*A14)*(PRODUCT(0.3)) -> 1560 | J14: =(400+400*A15)*(PRODUCT(0.3)) -> 1800 | K14: =(800+400*A15)*(PRODUCT(0.3)) -> 1920
... A61: 60 | B61: =150*A61 -> 9000 | C61: =200+200*A61 -> 12200 | D61: =400*A61 -> 24000 | E61: =400+400*A61 -> 24400 | F61: =800+400*A61 -> 24800 | G61: =150*A61 -> 9000 | H61: =(200+200*A61)*(PRODUCT(0.3)) -> 3660 | I61: =(400*A61)*(PRODUCT(0.3)) -> 7200 | J61: =(400+400*A62)*(PRODUCT(0.3)) -> 120 | K61: =(800+400*A62)*(PRODUCT(0.3)) -> 240
B62: 150円を超えるごとに | C62: 200 | D62: 400 | E62: 400 | F62: 400 | G62: 150円を超えるごとに | H62: =200*(PRODUCT(0.3)) -> 60 | I62: =400*(PRODUCT(0.3)) -> 120 | J62: =400*(PRODUCT(0.3)) -> 120 | K62: =400*(PRODUCT(0.3)) -> 120
B63: ※類別「その他」は３０／１００
B65: 回数 | C65: 10回まで | D65: 11-100回まで | E65: 101-1000回まで | F65: 1000回超分 | G65: 1000回超分の端数以外 | H65: 端数
A66: 1 | B66: =⑥店頭以外!AZ4 | C66: =IF(B66="","",IF(B66<10,B66,10)) | D66: =IF(B66="","",IF(B66<11,0,IF(B66<101,B66-10,90))) | E66: =IF(B66="","",IF(D66<90,0,IF(B66<1001,B66-100,900))) | F66: =IF(B66="","",IF(E66<900,0,B66-1000)) | G66: =IF(B66="","",ROUNDDOWN(F66/1000,0)*1000) | H66: =IF(B66="","",F66-G66)
A67: 2 | B67: =⑥店頭以外!AZ8 | C67: =IF(B67="","",IF(B67<10,B67,10)) | D67: =IF(B67="","",IF(B67<11,0,IF(B67<101,B67-10,90))) | E67: =IF(B67="","",IF(D67<90,0,IF(B67<1001,B67-100,900))) | F67: =IF(B67="","",IF(E67<900,0,B67-1000)) | G67: =IF(B67="","",ROUNDDOWN(F67/1000,0)*1000) | H67: =IF(B67="","",F67-G67)
A68: 3 | B68: =⑥店頭以外!AZ12 | C68: =IF(B68="","",IF(B68<10,B68,10)) | D68: =IF(B68="","",IF(B68<11,0,IF(B68<101,B68-10,90))) | E68: =IF(B68="","",IF(D68<90,0,IF(B68<1001,B68-100,900))) | F68: =IF(B68="","",IF(E68<900,0,B68-1000)) | G68: =IF(B68="","",ROUNDDOWN(F68/1000,0)*1000) | H68: =IF(B68="","",F68-G68)
A69: 4 | B69: =⑥店頭以外!AZ16 | C69: =IF(B69="","",IF(B69<10,B69,10)) | D69: =IF(B69="","",IF(B69<11,0,IF(B69<101,B69-10,90))) | E69: =IF(B69="","",IF(D69<90,0,IF(B69<1001,B69-100,900))) | F69: =IF(B69="","",IF(E69<900,0,B69-1000)) | G69: =IF(B69="","",ROUNDDOWN(F69/1000,0)*1000) | H69: =IF(B69="","",F69-G69)
A70: 5 | B70: =⑥店頭以外!AZ20 | C70: =IF(B70="","",IF(B70<10,B70,10)) | D70: =IF(B70="","",IF(B70<11,0,IF(B70<101,B70-10,90))) | E70: =IF(B70="","",IF(D70<90,0,IF(B70<1001,B70-100,900))) | F70: =IF(B70="","",IF(E70<900,0,B70-1000)) | G70: =IF(B70="","",ROUNDDOWN(F70/1000,0)*1000) | H70: =IF(B70="","",F70-G70)
A71: 6 | B71: =⑥店頭以外!AZ24 | C71: =IF(B71="","",IF(B71<10,B71,10)) | D71: =IF(B71="","",IF(B71<11,0,IF(B71<101,B71-10,90))) | E71: =IF(B71="","",IF(D71<90,0,IF(B71<1001,B71-100,900))) | F71: =IF(B71="","",IF(E71<900,0,B71-1000)) | G71: =IF(B71="","",ROUNDDOWN(F71/1000,0)*1000) | H71: =IF(B71="","",F71-G71)
A72: 7 | B72: =⑥店頭以外!AZ28 | C72: =IF(B72="","",IF(B72<10,B72,10)) | D72: =IF(B72="","",IF(B72<11,0,IF(B72<101,B72-10,90))) | E72: =IF(B72="","",IF(D72<90,0,IF(B72<1001,B72-100,900))) | F72: =IF(B72="","",IF(E72<900,0,B72-1000)) | G72: =IF(B72="","",ROUNDDOWN(F72/1000,0)*1000) | H72: =IF(B72="","",F72-G72)
A73: 8 | B73: =⑥店頭以外!AZ32 | C73: =IF(B73="","",IF(B73<10,B73,10)) | D73: =IF(B73="","",IF(B73<11,0,IF(B73<101,B73-10,90))) | E73: =IF(B73="","",IF(D73<90,0,IF(B73<1001,B73-100,900))) | F73: =IF(B73="","",IF(E73<900,0,B73-1000)) | G73: =IF(B73="","",ROUNDDOWN(F73/1000,0)*1000) | H73: =IF(B73="","",F73-G73)
A74: 9 | B74: =⑥店頭以外!X48 | C74: =IF(B74="","",IF(B74<10,B74,10)) | D74: =IF(B74="","",IF(B74<11,0,IF(B74<101,B74-10,90))) | E74: =IF(B74="","",IF(D74<90,0,IF(B74<1001,B74-100,900))) | F74: =IF(B74="","",IF(E74<900,0,B74-1000)) | G74: =IF(B74="","",ROUNDDOWN(F74/1000,0)*1000) | H74: =IF(B74="","",F74-G74)
A75: 10 | B75: =⑥店頭以外!X52 | C75: =IF(B75="","",IF(B75<10,B75,10)) | D75: =IF(B75="","",IF(B75<11,0,IF(B75<101,B75-10,90))) | E75: =IF(B75="","",IF(D75<90,0,IF(B75<1001,B75-100,900))) | F75: =IF(B75="","",IF(E75<900,0,B75-1000)) | G75: =IF(B75="","",ROUNDDOWN(F75/1000,0)*1000) | H75: =IF(B75="","",F75-G75)
A76: 11 | B76: =⑥店頭以外!X56 | C76: =IF(B76="","",IF(B76<10,B76,10)) | D76: =IF(B76="","",IF(B76<11,0,IF(B76<101,B76-10,90))) | E76: =IF(B76="","",IF(D76<90,0,IF(B76<1001,B76-100,900))) | F76: =IF(B76="","",IF(E76<900,0,B76-1000)) | G76: =IF(B76="","",ROUNDDOWN(F76/1000,0)*1000) | H76: =IF(B76="","",F76-G76)
A77: 12 | B77: =⑥店頭以外!X60 | C77: =IF(B77="","",IF(B77<10,B77,10)) | D77: =IF(B77="","",IF(B77<11,0,IF(B77<101,B77-10,90))) | E77: =IF(B77="","",IF(D77<90,0,IF(B77<1001,B77-100,900))) | F77: =IF(B77="","",IF(E77<900,0,B77-1000)) | G77: =IF(B77="","",ROUNDDOWN(F77/1000,0)*1000) | H77: =IF(B77="","",F77-G77)
A78: 13 | B78: =⑥店頭以外!X64 | C78: =IF(B78="","",IF(B78<10,B78,10)) | D78: =IF(B78="","",IF(B78<11,0,IF(B78<101,B78-10,90))) | E78: =IF(B78="","",IF(D78<90,0,IF(B78<1001,B78-100,900))) | F78: =IF(B78="","",IF(E78<900,0,B78-1000)) | G78: =IF(B78="","",ROUNDDOWN(F78/1000,0)*1000) | H78: =IF(B78="","",F78-G78)
A79: 14 | B79: =⑥店頭以外!X68 | C79: =IF(B79="","",IF(B79<10,B79,10)) | D79: =IF(B79="","",IF(B79<11,0,IF(B79<101,B79-10,90))) | E79: =IF(B79="","",IF(D79<90,0,IF(B79<1001,B79-100,900))) | F79: =IF(B79="","",IF(E79<900,0,B79-1000)) | G79: =IF(B79="","",ROUNDDOWN(F79/1000,0)*1000) | H79: =IF(B79="","",F79-G79)
A80: 15 | B80: =⑥店頭以外!X72 | C80: =IF(B80="","",IF(B80<10,B80,10)) | D80: =IF(B80="","",IF(B80<11,0,IF(B80<101,B80-10,90))) | E80: =IF(B80="","",IF(D80<90,0,IF(B80<1001,B80-100,900))) | F80: =IF(B80="","",IF(E80<900,0,B80-1000)) | G80: =IF(B80="","",ROUNDDOWN(F80/1000,0)*1000) | H80: =IF(B80="","",F80-G80)
A81: 16 | B81: =⑥店頭以外!X76 | C81: =IF(B81="","",IF(B81<10,B81,10)) | D81: =IF(B81="","",IF(B81<11,0,IF(B81<101,B81-10,90))) | E81: =IF(B81="","",IF(D81<90,0,IF(B81<1001,B81-100,900))) | F81: =IF(B81="","",IF(E81<900,0,B81-1000)) | G81: =IF(B81="","",ROUNDDOWN(F81/1000,0)*1000) | H81: =IF(B81="","",F81-G81)
A82: 17 | B82: =⑥店頭以外!AZ44 | C82: =IF(B82="","",IF(B82<10,B82,10)) | D82: =IF(B82="","",IF(B82<11,0,IF(B82<101,B82-10,90))) | E82: =IF(B82="","",IF(D82<90,0,IF(B82<1001,B82-100,900))) | F82: =IF(B82="","",IF(E82<900,0,B82-1000)) | G82: =IF(B82="","",ROUNDDOWN(F82/1000,0)*1000) | H82: =IF(B82="","",F82-G82)
A83: 18 | B83: =⑥店頭以外!AZ48 | C83: =IF(B83="","",IF(B83<10,B83,10)) | D83: =IF(B83="","",IF(B83<11,0,IF(B83<101,B83-10,90))) | E83: =IF(B83="","",IF(D83<90,0,IF(B83<1001,B83-100,900))) | F83: =IF(B83="","",IF(E83<900,0,B83-1000)) | G83: =IF(B83="","",ROUNDDOWN(F83/1000,0)*1000) | H83: =IF(B83="","",F83-G83)
A84: 19 | B84: =⑥店頭以外!AZ52 | C84: =IF(B84="","",IF(B84<10,B84,10)) | D84: =IF(B84="","",IF(B84<11,0,IF(B84<101,B84-10,90))) | E84: =IF(B84="","",IF(D84<90,0,IF(B84<1001,B84-100,900))) | F84: =IF(B84="","",IF(E84<900,0,B84-1000)) | G84: =IF(B84="","",ROUNDDOWN(F84/1000,0)*1000) | H84: =IF(B84="","",F84-G84)
A85: 20 | B85: =⑥店頭以外!AZ56 | C85: =IF(B85="","",IF(B85<10,B85,10)) | D85: =IF(B85="","",IF(B85<11,0,IF(B85<101,B85-10,90))) | E85: =IF(B85="","",IF(D85<90,0,IF(B85<1001,B85-100,900))) | F85: =IF(B85="","",IF(E85<900,0,B85-1000)) | G85: =IF(B85="","",ROUNDDOWN(F85/1000,0)*1000) | H85: =IF(B85="","",F85-G85)
A86: 21 | B86: =⑥店頭以外!AZ60 | C86: =IF(B86="","",IF(B86<10,B86,10)) | D86: =IF(B86="","",IF(B86<11,0,IF(B86<101,B86-10,90))) | E86: =IF(B86="","",IF(D86<90,0,IF(B86<1001,B86-100,900))) | F86: =IF(B86="","",IF(E86<900,0,B86-1000)) | G86: =IF(B86="","",ROUNDDOWN(F86/1000,0)*1000) | H86: =IF(B86="","",F86-G86)
A87: 22 | B87: =⑥店頭以外!AZ64 | C87: =IF(B87="","",IF(B87<10,B87,10)) | D87: =IF(B87="","",IF(B87<11,0,IF(B87<101,B87-10,90))) | E87: =IF(B87="","",IF(D87<90,0,IF(B87<1001,B87-100,900))) | F87: =IF(B87="","",IF(E87<900,0,B87-1000)) | G87: =IF(B87="","",ROUNDDOWN(F87/1000,0)*1000) | H87: =IF(B87="","",F87-G87)
A88: 23 | B88: =⑥店頭以外!AZ68 | C88: =IF(B88="","",IF(B88<10,B88,10)) | D88: =IF(B88="","",IF(B88<11,0,IF(B88<101,B88-10,90))) | E88: =IF(B88="","",IF(D88<90,0,IF(B88<1001,B88-100,900))) | F88: =IF(B88="","",IF(E88<900,0,B88-1000)) | G88: =IF(B88="","",ROUNDDOWN(F88/1000,0)*1000) | H88: =IF(B88="","",F88-G88)
A89: 24 | B89: =⑥店頭以外!AZ72 | C89: =IF(B89="","",IF(B89<10,B89,10)) | D89: =IF(B89="","",IF(B89<11,0,IF(B89<101,B89-10,90))) | E89: =IF(B89="","",IF(D89<90,0,IF(B89<1001,B89-100,900))) | F89: =IF(B89="","",IF(E89<900,0,B89-1000)) | G89: =IF(B89="","",ROUNDDOWN(F89/1000,0)*1000) | H89: =IF(B89="","",F89-G89)
A90: 25 | B90: =⑥店頭以外!AZ76 | C90: =IF(B90="","",IF(B90<10,B90,10)) | D90: =IF(B90="","",IF(B90<11,0,IF(B90<101,B90-10,90))) | E90: =IF(B90="","",IF(D90<90,0,IF(B90<1001,B90-100,900))) | F90: =IF(B90="","",IF(E90<900,0,B90-1000)) | G90: =IF(B90="","",ROUNDDOWN(F90/1000,0)*1000) | H90: =IF(B90="","",F90-G90)
A92: 参酌後の回数計算
B93: 回数 | C93: 10回まで | D93: 11-100回まで | E93: 101-1000回まで | F93: 1000回超回数計算① | G93: 端数回数計算 | H93: 参酌後回数合計
A94: 1 | B94: =B66 | C94: =IF(B66="","",IF(B66<11,B66,9)) | D94: =IF(B66="","",IF(B66<11,0,IF(B66<101,ROUNDDOWN((B66-10)*0.9,0),81))) | E94: =IF(B66="","",IF(D66<90,0,IF(B66<1001,ROUNDDOWN((B66-100)*0.8,0),720))) | F94: =IF(B66="","",(G66/1000)*10) | G94: =IF(B66="","",IF(H66*0.8<10,ROUNDDOWN(H66*0.8,0),10)) | H94: =IF(B66="","",SUM(C94:G94))
A95: 2 | B95: =B67 | C95: =IF(B67="","",IF(B67<11,B67,9)) | D95: =IF(B67="","",IF(B67<11,0,IF(B67<101,ROUNDDOWN((B67-10)*0.9,0),81))) | E95: =IF(B67="","",IF(D67<90,0,IF(B67<1001,ROUNDDOWN((B67-100)*0.8,0),720))) | F95: =IF(B67="","",(G67/1000)*10) | G95: =IF(B67="","",IF(H67*0.8<10,ROUNDDOWN(H67*0.8,0),10)) | H95: =IF(B67="","",SUM(C95:G95))
A96: 3 | B96: =B68 | C96: =IF(B68="","",IF(B68<11,B68,9)) | D96: =IF(B68="","",IF(B68<11,0,IF(B68<101,ROUNDDOWN((B68-10)*0.9,0),81))) | E96: =IF(B68="","",IF(D68<90,0,IF(B68<1001,ROUNDDOWN((B68-100)*0.8,0),720))) | F96: =IF(B68="","",(G68/1000)*10) | G96: =IF(B68="","",IF(H68*0.8<10,ROUNDDOWN(H68*0.8,0),10)) | H96: =IF(B68="","",SUM(C96:G96))
A97: 4 | B97: =B69 | C97: =IF(B69="","",IF(B69<11,B69,9)) | D97: =IF(B69="","",IF(B69<11,0,IF(B69<101,ROUNDDOWN((B69-10)*0.9,0),81))) | E97: =IF(B69="","",IF(D69<90,0,IF(B69<1001,ROUNDDOWN((B69-100)*0.8,0),720))) | F97: =IF(B69="","",(G69/1000)*10) | G97: =IF(B69="","",IF(H69*0.8<10,ROUNDDOWN(H69*0.8,0),10)) | H97: =IF(B69="","",SUM(C97:G97))
A98: 5 | B98: =B70 | C98: =IF(B70="","",IF(B70<11,B70,9)) | D98: =IF(B70="","",IF(B70<11,0,IF(B70<101,ROUNDDOWN((B70-10)*0.9,0),81))) | E98: =IF(B70="","",IF(D70<90,0,IF(B70<1001,ROUNDDOWN((B70-100)*0.8,0),720))) | F98: =IF(B70="","",(G70/1000)*10) | G98: =IF(B70="","",IF(H70*0.8<10,ROUNDDOWN(H70*0.8,0),10)) | H98: =IF(B70="","",SUM(C98:G98))
A99: 6 | B99: =B71 | C99: =IF(B71="","",IF(B71<11,B71,9)) | D99: =IF(B71="","",IF(B71<11,0,IF(B71<101,ROUNDDOWN((B71-10)*0.9,0),81))) | E99: =IF(B71="","",IF(D71<90,0,IF(B71<1001,ROUNDDOWN((B71-100)*0.8,0),720))) | F99: =IF(B71="","",(G71/1000)*10) | G99: =IF(B71="","",IF(H71*0.8<10,ROUNDDOWN(H71*0.8,0),10)) | H99: =IF(B71="","",SUM(C99:G99))
A100: 7 | B100: =B72 | C100: =IF(B72="","",IF(B72<11,B72,9)) | D100: =IF(B72="","",IF(B72<11,0,IF(B72<101,ROUNDDOWN((B72-10)*0.9,0),81))) | E100: =IF(B72="","",IF(D72<90,0,IF(B72<1001,ROUNDDOWN((B72-100)*0.8,0),720))) | F100: =IF(B72="","",(G72/1000)*10) | G100: =IF(B72="","",IF(H72*0.8<10,ROUNDDOWN(H72*0.8,0),10)) | H100: =IF(B72="","",SUM(C100:G100))
A101: 8 | B101: =B73 | C101: =IF(B73="","",IF(B73<11,B73,9)) | D101: =IF(B73="","",IF(B73<11,0,IF(B73<101,ROUNDDOWN((B73-10)*0.9,0),81))) | E101: =IF(B73="","",IF(D73<90,0,IF(B73<1001,ROUNDDOWN((B73-100)*0.8,0),720))) | F101: =IF(B73="","",(G73/1000)*10) | G101: =IF(B73="","",IF(H73*0.8<10,ROUNDDOWN(H73*0.8,0),10)) | H101: =IF(B73="","",SUM(C101:G101))
A102: 9 | B102: =B74 | C102: =IF(B74="","",IF(B74<11,B74,9)) | D102: =IF(B74="","",IF(B74<11,0,IF(B74<101,ROUNDDOWN((B74-10)*0.9,0),81))) | E102: =IF(B74="","",IF(D74<90,0,IF(B74<1001,ROUNDDOWN((B74-100)*0.8,0),720))) | F102: =IF(B74="","",(G74/1000)*10) | G102: =IF(B74="","",IF(H74*0.8<10,ROUNDDOWN(H74*0.8,0),10)) | H102: =IF(B74="","",SUM(C102:G102))
A103: 10 | B103: =B75 | C103: =IF(B75="","",IF(B75<11,B75,9)) | D103: =IF(B75="","",IF(B75<11,0,IF(B75<101,ROUNDDOWN((B75-10)*0.9,0),81))) | E103: =IF(B75="","",IF(D75<90,0,IF(B75<1001,ROUNDDOWN((B75-100)*0.8,0),720))) | F103: =IF(B75="","",(G75/1000)*10) | G103: =IF(B75="","",IF(H75*0.8<10,ROUNDDOWN(H75*0.8,0),10)) | H103: =IF(B75="","",SUM(C103:G103))
A104: 11 | B104: =B76 | C104: =IF(B76="","",IF(B76<11,B76,9)) | D104: =IF(B76="","",IF(B76<11,0,IF(B76<101,ROUNDDOWN((B76-10)*0.9,0),81))) | E104: =IF(B76="","",IF(D76<90,0,IF(B76<1001,ROUNDDOWN((B76-100)*0.8,0),720))) | F104: =IF(B76="","",(G76/1000)*10) | G104: =IF(B76="","",IF(H76*0.8<10,ROUNDDOWN(H76*0.8,0),10)) | H104: =IF(B76="","",SUM(C104:G104))
A105: 12 | B105: =B77 | C105: =IF(B77="","",IF(B77<11,B77,9)) | D105: =IF(B77="","",IF(B77<11,0,IF(B77<101,ROUNDDOWN((B77-10)*0.9,0),81))) | E105: =IF(B77="","",IF(D77<90,0,IF(B77<1001,ROUNDDOWN((B77-100)*0.8,0),720))) | F105: =IF(B77="","",(G77/1000)*10) | G105: =IF(B77="","",IF(H77*0.8<10,ROUNDDOWN(H77*0.8,0),10)) | H105: =IF(B77="","",SUM(C105:G105))
... A118: 25 | B118: =B90 | C118: =IF(B90="","",IF(B90<11,B90,9)) | D118: =IF(B90="","",IF(B90<11,0,IF(B90<101,ROUNDDOWN((B90-10)*0.9,0),81))) | E118: =IF(B90="","",IF(D90<90,0,IF(B90<1001,ROUNDDOWN((B90-100)*0.8,0),720))) | F118: =IF(B90="","",(G90/1000)*10) | G118: =IF(B90="","",IF(H90*0.8<10,ROUNDDOWN(H90*0.8,0),10)) | H118: =IF(B90="","",SUM(C118:G118))
A120: 使用料比較
B121: 媒体費×5% | C121: 単価 | D121: 単価×回数 | E121: 最低使用料 | F121: 媒体費or最低使用料 | G121: 比較結果（税抜き使用料） | H121: 算定方法
A122: 1 | B122: =ROUNDDOWN(⑥店頭以外!AG4*0.05,0) -> 0 | C122: =C149 | D122: =IF(H94="","",IF(C122="","",ROUNDDOWN(C122*H94,0))) | E122: =C122*810 -> #VALUE! | F122: =IF(B122=0,0,MAX(B122,E122)) -> 0 | G122: =IF(D122=0,F122,IF(F122=0,D122,MIN(D122,F122))) | H122: =IF(G122=0,"",IF(G122=D122,"回数",IF(G122=B122,"媒体費","最低使用料"))) -> 回数
A123: 2 | B123: =ROUNDDOWN(⑥店頭以外!AG8*0.05,0) -> 0 | C123: =C150 | D123: =IF(H95="","",IF(C123="","",ROUNDDOWN(C123*H95,0))) | E123: =C123*810 -> #VALUE! | F123: =IF(B123=0,0,MAX(B123,E123)) -> 0 | G123: =IF(D123=0,F123,IF(F123=0,D123,MIN(D123,F123))) | H123: =IF(G123=0,"",IF(G123=D123,"回数",IF(G123=B123,"媒体費","最低使用料"))) -> 回数
A124: 3 | B124: =ROUNDDOWN(⑥店頭以外!AG12*0.05,0) -> 0 | C124: =C151 | D124: =IF(H96="","",IF(C124="","",ROUNDDOWN(C124*H96,0))) | E124: =C124*810 -> #VALUE! | F124: =IF(B124=0,0,MAX(B124,E124)) -> 0 | G124: =IF(D124=0,F124,IF(F124=0,D124,MIN(D124,F124))) | H124: =IF(G124=0,"",IF(G124=D124,"回数",IF(G124=B124,"媒体費","最低使用料"))) -> 回数
A125: 4 | B125: =ROUNDDOWN(⑥店頭以外!AG16*0.05,0) -> 0 | C125: =C152 | D125: =IF(H97="","",IF(C125="","",ROUNDDOWN(C125*H97,0))) | E125: =C125*810 -> #VALUE! | F125: =IF(B125=0,0,MAX(B125,E125)) -> 0 | G125: =IF(D125=0,F125,IF(F125=0,D125,MIN(D125,F125))) | H125: =IF(G125=0,"",IF(G125=D125,"回数",IF(G125=B125,"媒体費","最低使用料"))) -> 回数
A126: 5 | B126: =ROUNDDOWN(⑥店頭以外!AG20*0.05,0) -> 0 | C126: =C153 | D126: =IF(H98="","",IF(C126="","",ROUNDDOWN(C126*H98,0))) | E126: =C126*810 -> #VALUE! | F126: =IF(B126=0,0,MAX(B126,E126)) -> 0 | G126: =IF(D126=0,F126,IF(F126=0,D126,MIN(D126,F126))) | H126: =IF(G126=0,"",IF(G126=D126,"回数",IF(G126=B126,"媒体費","最低使用料"))) -> 回数
A127: 6 | B127: =ROUNDDOWN(⑥店頭以外!AG24*0.05,0) -> 0 | C127: =C154 | D127: =IF(H99="","",IF(C127="","",ROUNDDOWN(C127*H99,0))) | E127: =C127*810 -> #VALUE! | F127: =IF(B127=0,0,MAX(B127,E127)) -> 0 | G127: =IF(D127=0,F127,IF(F127=0,D127,MIN(D127,F127))) | H127: =IF(G127=0,"",IF(G127=D127,"回数",IF(G127=B127,"媒体費","最低使用料"))) -> 回数
A128: 7 | B128: =ROUNDDOWN(⑥店頭以外!AG28*0.05,0) -> 0 | C128: =C155 | D128: =IF(H100="","",IF(C128="","",ROUNDDOWN(C128*H100,0))) | E128: =C128*810 -> #VALUE! | F128: =IF(B128=0,0,MAX(B128,E128)) -> 0 | G128: =IF(D128=0,F128,IF(F128=0,D128,MIN(D128,F128))) | H128: =IF(G128=0,"",IF(G128=D128,"回数",IF(G128=B128,"媒体費","最低使用料"))) -> 回数
A129: 8 | B129: =ROUNDDOWN(⑥店頭以外!AG32*0.05,0) -> 0 | C129: =C156 | D129: =IF(H101="","",IF(C129="","",ROUNDDOWN(C129*H101,0))) | E129: =C129*810 -> #VALUE! | F129: =IF(B129=0,0,MAX(B129,E129)) -> 0 | G129: =IF(D129=0,F129,IF(F129=0,D129,MIN(D129,F129))) | H129: =IF(G129=0,"",IF(G129=D129,"回数",IF(G129=B129,"媒体費","最低使用料"))) -> 回数
A130: 9 | B130: =ROUNDDOWN(⑥店頭以外!E48*0.05,0) -> 0 | C130: =C157 | D130: =IF(H102="","",IF(C130="","",ROUNDDOWN(C130*H102,0))) | E130: =C130*810 -> #VALUE! | F130: =IF(B130=0,0,MAX(B130,E130)) -> 0 | G130: =IF(D130=0,F130,IF(F130=0,D130,MIN(D130,F130))) | H130: =IF(G130=0,"",IF(G130=D130,"回数",IF(G130=B130,"媒体費","最低使用料"))) -> 回数
A131: 10 | B131: =ROUNDDOWN(⑥店頭以外!E52*0.05,0) -> 0 | C131: =C158 | D131: =IF(H103="","",IF(C131="","",ROUNDDOWN(C131*H103,0))) | E131: =C131*810 -> #VALUE! | F131: =IF(B131=0,0,MAX(B131,E131)) -> 0 | G131: =IF(D131=0,F131,IF(F131=0,D131,MIN(D131,F131))) | H131: =IF(G131=0,"",IF(G131=D131,"回数",IF(G131=B131,"媒体費","最低使用料"))) -> 回数
A132: 11 | B132: =ROUNDDOWN(⑥店頭以外!E56*0.05,0) -> 0 | C132: =C159 | D132: =IF(H104="","",IF(C132="","",ROUNDDOWN(C132*H104,0))) | E132: =C132*810 -> #VALUE! | F132: =IF(B132=0,0,MAX(B132,E132)) -> 0 | G132: =IF(D132=0,F132,IF(F132=0,D132,MIN(D132,F132))) | H132: =IF(G132=0,"",IF(G132=D132,"回数",IF(G132=B132,"媒体費","最低使用料"))) -> 回数
A133: 12 | B133: =ROUNDDOWN(⑥店頭以外!E60*0.05,0) -> 0 | C133: =C160 | D133: =IF(H105="","",IF(C133="","",ROUNDDOWN(C133*H105,0))) | E133: =C133*810 -> #VALUE! | F133: =IF(B133=0,0,MAX(B133,E133)) -> 0 | G133: =IF(D133=0,F133,IF(F133=0,D133,MIN(D133,F133))) | H133: =IF(G133=0,"",IF(G133=D133,"回数",IF(G133=B133,"媒体費","最低使用料"))) -> 回数
A134: 13 | B134: =ROUNDDOWN(⑥店頭以外!E64*0.05,0) -> 0 | C134: =C161 | D134: =IF(H106="","",IF(C134="","",ROUNDDOWN(C134*H106,0))) | E134: =C134*810 -> #VALUE! | F134: =IF(B134=0,0,MAX(B134,E134)) -> 0 | G134: =IF(D134=0,F134,IF(F134=0,D134,MIN(D134,F134))) | H134: =IF(G134=0,"",IF(G134=D134,"回数",IF(G134=B134,"媒体費","最低使用料"))) -> 回数
A135: 14 | B135: =ROUNDDOWN(⑥店頭以外!E68*0.05,0) -> 0 | C135: =C162 | D135: =IF(H107="","",IF(C135="","",ROUNDDOWN(C135*H107,0))) | E135: =C135*810 -> #VALUE! | F135: =IF(B135=0,0,MAX(B135,E135)) -> 0 | G135: =IF(D135=0,F135,IF(F135=0,D135,MIN(D135,F135))) | H135: =IF(G135=0,"",IF(G135=D135,"回数",IF(G135=B135,"媒体費","最低使用料"))) -> 回数
A136: 15 | B136: =ROUNDDOWN(⑥店頭以外!E72*0.05,0) -> 0 | C136: =C163 | D136: =IF(H108="","",IF(C136="","",ROUNDDOWN(C136*H108,0))) | E136: =C136*810 -> #VALUE! | F136: =IF(B136=0,0,MAX(B136,E136)) -> 0 | G136: =IF(D136=0,F136,IF(F136=0,D136,MIN(D136,F136))) | H136: =IF(G136=0,"",IF(G136=D136,"回数",IF(G136=B136,"媒体費","最低使用料"))) -> 回数
A137: 16 | B137: =ROUNDDOWN(⑥店頭以外!E76*0.05,0) -> 0 | C137: =C164 | D137: =IF(H109="","",IF(C137="","",ROUNDDOWN(C137*H109,0))) | E137: =C137*810 -> #VALUE! | F137: =IF(B137=0,0,MAX(B137,E137)) -> 0 | G137: =IF(D137=0,F137,IF(F137=0,D137,MIN(D137,F137))) | H137: =IF(G137=0,"",IF(G137=D137,"回数",IF(G137=B137,"媒体費","最低使用料"))) -> 回数
A138: 17 | B138: =ROUNDDOWN(⑥店頭以外!AG44*0.05,0) -> 0 | C138: =C165 | D138: =IF(H110="","",IF(C138="","",ROUNDDOWN(C138*H110,0))) | E138: =C138*810 -> #VALUE! | F138: =IF(B138=0,0,MAX(B138,E138)) -> 0 | G138: =IF(D138=0,F138,IF(F138=0,D138,MIN(D138,F138))) | H138: =IF(G138=0,"",IF(G138=D138,"回数",IF(G138=B138,"媒体費","最低使用料"))) -> 回数
A139: 18 | B139: =ROUNDDOWN(⑥店頭以外!AG48*0.05,0) -> 0 | C139: =C166 | D139: =IF(H111="","",IF(C139="","",ROUNDDOWN(C139*H111,0))) | E139: =C139*810 -> #VALUE! | F139: =IF(B139=0,0,MAX(B139,E139)) -> 0 | G139: =IF(D139=0,F139,IF(F139=0,D139,MIN(D139,F139))) | H139: =IF(G139=0,"",IF(G139=D139,"回数",IF(G139=B139,"媒体費","最低使用料"))) -> 回数
A140: 19 | B140: =ROUNDDOWN(⑥店頭以外!AG52*0.05,0) -> 0 | C140: =C167 | D140: =IF(H112="","",IF(C140="","",ROUNDDOWN(C140*H112,0))) | E140: =C140*810 -> #VALUE! | F140: =IF(B140=0,0,MAX(B140,E140)) -> 0 | G140: =IF(D140=0,F140,IF(F140=0,D140,MIN(D140,F140))) | H140: =IF(G140=0,"",IF(G140=D140,"回数",IF(G140=B140,"媒体費","最低使用料"))) -> 回数
A141: 20 | B141: =ROUNDDOWN(⑥店頭以外!AG56*0.05,0) -> 0 | C141: =C168 | D141: =IF(H113="","",IF(C141="","",ROUNDDOWN(C141*H113,0))) | E141: =C141*810 -> #VALUE! | F141: =IF(B141=0,0,MAX(B141,E141)) -> 0 | G141: =IF(D141=0,F141,IF(F141=0,D141,MIN(D141,F141))) | H141: =IF(G141=0,"",IF(G141=D141,"回数",IF(G141=B141,"媒体費","最低使用料"))) -> 回数
A142: 21 | B142: =ROUNDDOWN(⑥店頭以外!AG60*0.05,0) -> 0 | C142: =C169 | D142: =IF(H114="","",IF(C142="","",ROUNDDOWN(C142*H114,0))) | E142: =C142*810 -> #VALUE! | F142: =IF(B142=0,0,MAX(B142,E142)) -> 0 | G142: =IF(D142=0,F142,IF(F142=0,D142,MIN(D142,F142))) | H142: =IF(G142=0,"",IF(G142=D142,"回数",IF(G142=B142,"媒体費","最低使用料"))) -> 回数
A143: 22 | B143: =ROUNDDOWN(⑥店頭以外!AG64*0.05,0) -> 0 | C143: =C170 | D143: =IF(H115="","",IF(C143="","",ROUNDDOWN(C143*H115,0))) | E143: =C143*810 -> #VALUE! | F143: =IF(B143=0,0,MAX(B143,E143)) -> 0 | G143: =IF(D143=0,F143,IF(F143=0,D143,MIN(D143,F143))) | H143: =IF(G143=0,"",IF(G143=D143,"回数",IF(G143=B143,"媒体費","最低使用料"))) -> 回数
A144: 23 | B144: =ROUNDDOWN(⑥店頭以外!AG68*0.05,0) -> 0 | C144: =C171 | D144: =IF(H116="","",IF(C144="","",ROUNDDOWN(C144*H116,0))) | E144: =C144*810 -> #VALUE! | F144: =IF(B144=0,0,MAX(B144,E144)) -> 0 | G144: =IF(D144=0,F144,IF(F144=0,D144,MIN(D144,F144))) | H144: =IF(G144=0,"",IF(G144=D144,"回数",IF(G144=B144,"媒体費","最低使用料"))) -> 回数
A145: 24 | B145: =ROUNDDOWN(⑥店頭以外!AG72*0.05,0) -> 0 | C145: =C172 | D145: =IF(H117="","",IF(C145="","",ROUNDDOWN(C145*H117,0))) | E145: =C145*810 -> #VALUE! | F145: =IF(B145=0,0,MAX(B145,E145)) -> 0 | G145: =IF(D145=0,F145,IF(F145=0,D145,MIN(D145,F145))) | H145: =IF(G145=0,"",IF(G145=D145,"回数",IF(G145=B145,"媒体費","最低使用料"))) -> 回数
A146: 25 | B146: =ROUNDDOWN(⑥店頭以外!AG76*0.05,0) -> 0 | C146: =C173 | D146: =IF(H118="","",IF(C146="","",ROUNDDOWN(C146*H118,0))) | E146: =C146*810 -> #VALUE! | F146: =IF(B146=0,0,MAX(B146,E146)) -> 0 | G146: =IF(D146=0,F146,IF(F146=0,D146,MIN(D146,F146))) | H146: =IF(G146=0,"",IF(G146=D146,"回数",IF(G146=B146,"媒体費","最低使用料"))) -> 回数
B148: 利用形態 | C148: 単価
A149: 1 | B149: =⑥店頭以外!AG2 -> 0 | C149: =IF(B149="街頭ビジョン",120,IF(B149="デジタルサイネージ",120,IF(B149="電車内広告",48,IF(B149="自動車内広告",24,""))))
A150: 2 | B150: =⑥店頭以外!AG6 -> 0 | C150: =IF(B150="街頭ビジョン",120,IF(B150="デジタルサイネージ",120,IF(B150="電車内広告",48,IF(B150="自動車内広告",24,""))))
A151: 3 | B151: =⑥店頭以外!AG10 -> 0 | C151: =IF(B151="街頭ビジョン",120,IF(B151="デジタルサイネージ",120,IF(B151="電車内広告",48,IF(B151="自動車内広告",24,""))))
A152: 4 | B152: =⑥店頭以外!AG14 -> 0 | C152: =IF(B152="街頭ビジョン",120,IF(B152="デジタルサイネージ",120,IF(B152="電車内広告",48,IF(B152="自動車内広告",24,""))))
A153: 5 | B153: =⑥店頭以外!AG18 -> 0 | C153: =IF(B153="街頭ビジョン",120,IF(B153="デジタルサイネージ",120,IF(B153="電車内広告",48,IF(B153="自動車内広告",24,""))))
A154: 6 | B154: =⑥店頭以外!AG22 -> 0 | C154: =IF(B154="街頭ビジョン",120,IF(B154="デジタルサイネージ",120,IF(B154="電車内広告",48,IF(B154="自動車内広告",24,""))))
A155: 7 | B155: =⑥店頭以外!AG26 -> 0 | C155: =IF(B155="街頭ビジョン",120,IF(B155="デジタルサイネージ",120,IF(B155="電車内広告",48,IF(B155="自動車内広告",24,""))))
A156: 8 | B156: =⑥店頭以外!AG30 -> 0 | C156: =IF(B156="街頭ビジョン",120,IF(B156="デジタルサイネージ",120,IF(B156="電車内広告",48,IF(B156="自動車内広告",24,""))))
A157: 9 | B157: =⑥店頭以外!E46 -> 0 | C157: =IF(B157="街頭ビジョン",120,IF(B157="デジタルサイネージ",120,IF(B157="電車内広告",48,IF(B157="自動車内広告",24,""))))
A158: 10 | B158: =⑥店頭以外!E50 -> 0 | C158: =IF(B158="街頭ビジョン",120,IF(B158="デジタルサイネージ",120,IF(B158="電車内広告",48,IF(B158="自動車内広告",24,""))))
A159: 11 | B159: =⑥店頭以外!E54 -> 0 | C159: =IF(B159="街頭ビジョン",120,IF(B159="デジタルサイネージ",120,IF(B159="電車内広告",48,IF(B159="自動車内広告",24,""))))
A160: 12 | B160: =⑥店頭以外!E58 -> 0 | C160: =IF(B160="街頭ビジョン",120,IF(B160="デジタルサイネージ",120,IF(B160="電車内広告",48,IF(B160="自動車内広告",24,""))))
A161: 13 | B161: =⑥店頭以外!E62 -> 0 | C161: =IF(B161="街頭ビジョン",120,IF(B161="デジタルサイネージ",120,IF(B161="電車内広告",48,IF(B161="自動車内広告",24,""))))
A162: 14 | B162: =⑥店頭以外!E66 -> 0 | C162: =IF(B162="街頭ビジョン",120,IF(B162="デジタルサイネージ",120,IF(B162="電車内広告",48,IF(B162="自動車内広告",24,""))))
...

Sheet 【非】貼付
A2: 1 | B2: CM管理ACCESSから「素材ID]を取得し、下表へ入力
A3: 2 | B3: 「処理担当者」を下表へ入力
A4: 3 | B4: 許諾番号管理ACCESSで「許諾番号」を取得し、下表へ入力
A5: 4 | B5: ＣＭ展開管理ＡＣＣＥＳＳの「TBL_許諾」に新規レコードとして下表を貼付け
A6: 5 | B6: 貼り付けによって取得した「許諾ID」を下表に貼付け
B9: TBL_許諾_貼付用
B10: 要取得！ 許諾ID | C10: 要取得！ 素材ID | D10: 要取得！ 許諾番号 | E10: 受付日 | F10: 許諾日 | G10: 利用者コード | H10: 利用者名 | I10: 利用者担当部署 | J10: 利用者担当者 | K10: 利用者℡ | L10: 利用者メールアドレス | M10: 要入力！ 処理担当者 | N10: 備考
E11: =TODAY() -> 45877 | H11: =広告展開利用申込書!G8 -> 0 | I11: =広告展開利用申込書!G10 -> 0 | J11: =IF(ISERROR(FIND(" ",SUBSTITUTE(広告展開利用申込書!G11," "," "))),広告展開利用申込書!G11,LEFT(SUBSTITUTE(広告展開利用申込書!G11," "," "),FIND(" ",SUBSTITUTE(広告展開利用申込書!G11," "," ")))) -> 0 | K11: =SUBSTITUTE(SUBSTITUTE(広告展開利用申込書!G12,")","-"),"(","") | L11: =広告展開利用申込書!G14 -> 0
A14: 6 | B14: ＣＭ展開管理ＡＣＣＥＳＳの「TBL_報告」に下表を貼付け。 | F14: =IF(MAX(広告展開利用申込書!U7-広告展開利用申込書!T7,広告展開利用申込書!U8-広告展開利用申込書!T8,広告展開利用申込書!U9-広告展開利用申込書!T9,広告展開利用申込書!U10-広告展開利用申込書!T10,広告展開利用申込書!U11-広告展開利用申込書!T11,広告展開利用申込書!U12-広告展開利用申込書!T12,広告展開利用申込書!U13-広告展開利用申込書!T13,広告展開利用申込書!U14-広告展開利用申込書!T14)>392,"※申請利用期間1年3か月以上につき、下記「貼付用」を超えた期間の手入力が必要です！","")
B15: （｢#N/A」が存在する列は、コピーしない。）
B17: TBL_報告_貼付用 | D17: コピー部分
B18: 台帳貼付け時に 自動取得 ID | C18: TBL_許諾貼付で取得された 許諾ID | D18: 許諾番号 | E18: 種目 | F18: 報告日 | G18: 報告期間FROM | H18: 報告期間 TO | I18: スクリーン数・複製個数 | J18: 利用時間（分） | K18: 利用時間（秒） | L18: 原訳区分 | M18: 請求日 | N18: 請求書番号 | O18: 使用料額 | P18: 消費税率
A19: 1 | C19: =$B$11 -> 0 | E19: =VLOOKUP(A19,$A$42:$P$63,5,FALSE) -> #N/A | F19: =VLOOKUP(A19,$A$42:$P$63,6,FALSE) -> #N/A | G19: =VLOOKUP(A19,$A$42:$P$63,7,FALSE) -> #N/A | H19: =VLOOKUP(A19,$A$42:$P$63,8,FALSE) -> #N/A | I19: =VLOOKUP(A19,$A$42:$P$63,9,FALSE) -> #N/A | J19: =VLOOKUP(A19,$A$42:$P$63,10,FALSE) -> #N/A | K19: =VLOOKUP(A19,$A$42:$P$63,11,FALSE) -> #N/A | L19: =VLOOKUP(A19,$A$42:$P$63,12,FALSE) -> #N/A | O19: =VLOOKUP(A19,$A$42:$P$63,15,FALSE) -> #N/A | P19: 0.1
A20: 2 | C20: =$B$11 -> 0 | E20: =VLOOKUP(A20,$A$42:$P$63,5,FALSE) -> #N/A | F20: =VLOOKUP(A20,$A$42:$P$63,6,FALSE) -> #N/A | G20: =VLOOKUP(A20,$A$42:$P$63,7,FALSE) -> #N/A | H20: =VLOOKUP(A20,$A$42:$P$63,8,FALSE) -> #N/A | I20: =VLOOKUP(A20,$A$42:$P$63,9,FALSE) -> #N/A | J20: =VLOOKUP(A20,$A$42:$P$63,10,FALSE) -> #N/A | K20: =VLOOKUP(A20,$A$42:$P$63,11,FALSE) -> #N/A | L20: =VLOOKUP(A20,$A$42:$P$63,12,FALSE) -> #N/A | O20: =VLOOKUP(A20,$A$42:$P$63,15,FALSE) -> #N/A | P20: 0.1
A21: 3 | C21: =$B$11 -> 0 | E21: =VLOOKUP(A21,$A$42:$P$63,5,FALSE) -> #N/A | F21: =VLOOKUP(A21,$A$42:$P$63,6,FALSE) -> #N/A | G21: =VLOOKUP(A21,$A$42:$P$63,7,FALSE) -> #N/A | H21: =VLOOKUP(A21,$A$42:$P$63,8,FALSE) -> #N/A | I21: =VLOOKUP(A21,$A$42:$P$63,9,FALSE) -> #N/A | J21: =VLOOKUP(A21,$A$42:$P$63,10,FALSE) -> #N/A | K21: =VLOOKUP(A21,$A$42:$P$63,11,FALSE) -> #N/A | L21: =VLOOKUP(A21,$A$42:$P$63,12,FALSE) -> #N/A | O21: =VLOOKUP(A21,$A$42:$P$63,15,FALSE) -> #N/A | P21: 0.1
A22: 4 | C22: =$B$11 -> 0 | E22: =VLOOKUP(A22,$A$42:$P$63,5,FALSE) -> #N/A | F22: =VLOOKUP(A22,$A$42:$P$63,6,FALSE) -> #N/A | G22: =VLOOKUP(A22,$A$42:$P$63,7,FALSE) -> #N/A | H22: =VLOOKUP(A22,$A$42:$P$63,8,FALSE) -> #N/A | I22: =VLOOKUP(A22,$A$42:$P$63,9,FALSE) -> #N/A | J22: =VLOOKUP(A22,$A$42:$P$63,10,FALSE) -> #N/A | K22: =VLOOKUP(A22,$A$42:$P$63,11,FALSE) -> #N/A | L22: =VLOOKUP(A22,$A$42:$P$63,12,FALSE) -> #N/A | O22: =VLOOKUP(A22,$A$42:$P$63,15,FALSE) -> #N/A | P22: 0.1
A23: 5 | E23: =VLOOKUP(A23,$A$42:$P$63,5,FALSE) -> #N/A | F23: =VLOOKUP(A23,$A$42:$P$63,6,FALSE) -> #N/A | G23: =VLOOKUP(A23,$A$42:$P$63,7,FALSE) -> #N/A | H23: =VLOOKUP(A23,$A$42:$P$63,8,FALSE) -> #N/A | I23: =VLOOKUP(A23,$A$42:$P$63,9,FALSE) -> #N/A | J23: =VLOOKUP(A23,$A$42:$P$63,10,FALSE) -> #N/A | K23: =VLOOKUP(A23,$A$42:$P$63,11,FALSE) -> #N/A | L23: =VLOOKUP(A23,$A$42:$P$63,12,FALSE) -> #N/A | O23: =VLOOKUP(A23,$A$42:$P$63,15,FALSE) -> #N/A | P23: 0.1
A24: 6 | C24: =$B$11 -> 0 | E24: =VLOOKUP(A24,$A$42:$P$63,5,FALSE) -> #N/A | F24: =VLOOKUP(A24,$A$42:$P$63,6,FALSE) -> #N/A | G24: =VLOOKUP(A24,$A$42:$P$63,7,FALSE) -> #N/A | H24: =VLOOKUP(A24,$A$42:$P$63,8,FALSE) -> #N/A | I24: =VLOOKUP(A24,$A$42:$P$63,9,FALSE) -> #N/A | J24: =VLOOKUP(A24,$A$42:$P$63,10,FALSE) -> #N/A | K24: =VLOOKUP(A24,$A$42:$P$63,11,FALSE) -> #N/A | L24: =VLOOKUP(A24,$A$42:$P$63,12,FALSE) -> #N/A | O24: =VLOOKUP(A24,$A$42:$P$63,15,FALSE) -> #N/A | P24: 0.1
A25: 7 | C25: =$B$11 -> 0 | E25: =VLOOKUP(A25,$A$42:$P$63,5,FALSE) -> #N/A | F25: =VLOOKUP(A25,$A$42:$P$63,6,FALSE) -> #N/A | G25: =VLOOKUP(A25,$A$42:$P$63,7,FALSE) -> #N/A | H25: =VLOOKUP(A25,$A$42:$P$63,8,FALSE) -> #N/A | I25: =VLOOKUP(A25,$A$42:$P$63,9,FALSE) -> #N/A | J25: =VLOOKUP(A25,$A$42:$P$63,10,FALSE) -> #N/A | K25: =VLOOKUP(A25,$A$42:$P$63,11,FALSE) -> #N/A | L25: =VLOOKUP(A25,$A$42:$P$63,12,FALSE) -> #N/A | O25: =VLOOKUP(A25,$A$42:$P$63,15,FALSE) -> #N/A | P25: 0.1
A26: 8 | C26: =$B$11 -> 0 | E26: =VLOOKUP(A26,$A$42:$P$63,5,FALSE) -> #N/A | F26: =VLOOKUP(A26,$A$42:$P$63,6,FALSE) -> #N/A | G26: =VLOOKUP(A26,$A$42:$P$63,7,FALSE) -> #N/A | H26: =VLOOKUP(A26,$A$42:$P$63,8,FALSE) -> #N/A | I26: =VLOOKUP(A26,$A$42:$P$63,9,FALSE) -> #N/A | J26: =VLOOKUP(A26,$A$42:$P$63,10,FALSE) -> #N/A | K26: =VLOOKUP(A26,$A$42:$P$63,11,FALSE) -> #N/A | L26: =VLOOKUP(A26,$A$42:$P$63,12,FALSE) -> #N/A | O26: =VLOOKUP(A26,$A$42:$P$63,15,FALSE) -> #N/A | P26: 0.1
A27: 9 | C27: =$B$11 -> 0 | E27: =VLOOKUP(A27,$A$42:$P$63,5,FALSE) -> #N/A | F27: =VLOOKUP(A27,$A$42:$P$63,6,FALSE) -> #N/A | G27: =VLOOKUP(A27,$A$42:$P$63,7,FALSE) -> #N/A | H27: =VLOOKUP(A27,$A$42:$P$63,8,FALSE) -> #N/A | I27: =VLOOKUP(A27,$A$42:$P$63,9,FALSE) -> #N/A | J27: =VLOOKUP(A27,$A$42:$P$63,10,FALSE) -> #N/A | K27: =VLOOKUP(A27,$A$42:$P$63,11,FALSE) -> #N/A | L27: =VLOOKUP(A27,$A$42:$P$63,12,FALSE) -> #N/A | O27: =VLOOKUP(A27,$A$42:$P$63,15,FALSE) -> #N/A | P27: 0.1
A28: 10 | E28: =VLOOKUP(A28,$A$42:$P$63,5,FALSE) -> #N/A | F28: =VLOOKUP(A28,$A$42:$P$63,6,FALSE) -> #N/A | G28: =VLOOKUP(A28,$A$42:$P$63,7,FALSE) -> #N/A | H28: =VLOOKUP(A28,$A$42:$P$63,8,FALSE) -> #N/A | I28: =VLOOKUP(A28,$A$42:$P$63,9,FALSE) -> #N/A | J28: =VLOOKUP(A28,$A$42:$P$63,10,FALSE) -> #N/A | K28: =VLOOKUP(A28,$A$42:$P$63,11,FALSE) -> #N/A | L28: =VLOOKUP(A28,$A$42:$P$63,12,FALSE) -> #N/A | O28: =VLOOKUP(A28,$A$42:$P$63,15,FALSE) -> #N/A | P28: 0.1
A29: 11 | C29: =$B$11 -> 0 | E29: =VLOOKUP(A29,$A$42:$P$63,5,FALSE) -> #N/A | F29: =VLOOKUP(A29,$A$42:$P$63,6,FALSE) -> #N/A | G29: =VLOOKUP(A29,$A$42:$P$63,7,FALSE) -> #N/A | H29: =VLOOKUP(A29,$A$42:$P$63,8,FALSE) -> #N/A | I29: =VLOOKUP(A29,$A$42:$P$63,9,FALSE) -> #N/A | J29: =VLOOKUP(A29,$A$42:$P$63,10,FALSE) -> #N/A | K29: =VLOOKUP(A29,$A$42:$P$63,11,FALSE) -> #N/A | L29: =VLOOKUP(A29,$A$42:$P$63,12,FALSE) -> #N/A | O29: =VLOOKUP(A29,$A$42:$P$63,15,FALSE) -> #N/A | P29: 0.1
A30: 12 | C30: =$B$11 -> 0 | E30: =VLOOKUP(A30,$A$42:$P$63,5,FALSE) -> #N/A | F30: =VLOOKUP(A30,$A$42:$P$63,6,FALSE) -> #N/A | G30: =VLOOKUP(A30,$A$42:$P$63,7,FALSE) -> #N/A | H30: =VLOOKUP(A30,$A$42:$P$63,8,FALSE) -> #N/A | I30: =VLOOKUP(A30,$A$42:$P$63,9,FALSE) -> #N/A | J30: =VLOOKUP(A30,$A$42:$P$63,10,FALSE) -> #N/A | K30: =VLOOKUP(A30,$A$42:$P$63,11,FALSE) -> #N/A | L30: =VLOOKUP(A30,$A$42:$P$63,12,FALSE) -> #N/A | O30: =VLOOKUP(A30,$A$42:$P$63,15,FALSE) -> #N/A | P30: 0.1
A31: 13 | C31: =$B$11 -> 0 | E31: =VLOOKUP(A31,$A$42:$P$63,5,FALSE) -> #N/A | F31: =VLOOKUP(A31,$A$42:$P$63,6,FALSE) -> #N/A | G31: =VLOOKUP(A31,$A$42:$P$63,7,FALSE) -> #N/A | H31: =VLOOKUP(A31,$A$42:$P$63,8,FALSE) -> #N/A | I31: =VLOOKUP(A31,$A$42:$P$63,9,FALSE) -> #N/A | J31: =VLOOKUP(A31,$A$42:$P$63,10,FALSE) -> #N/A | K31: =VLOOKUP(A31,$A$42:$P$63,11,FALSE) -> #N/A | L31: =VLOOKUP(A31,$A$42:$P$63,12,FALSE) -> #N/A | O31: =VLOOKUP(A31,$A$42:$P$63,15,FALSE) -> #N/A | P31: 0.1
A32: 14 | C32: =$B$11 -> 0 | E32: =VLOOKUP(A32,$A$42:$P$63,5,FALSE) -> #N/A | F32: =VLOOKUP(A32,$A$42:$P$63,6,FALSE) -> #N/A | G32: =VLOOKUP(A32,$A$42:$P$63,7,FALSE) -> #N/A | H32: =VLOOKUP(A32,$A$42:$P$63,8,FALSE) -> #N/A | I32: =VLOOKUP(A32,$A$42:$P$63,9,FALSE) -> #N/A | J32: =VLOOKUP(A32,$A$42:$P$63,10,FALSE) -> #N/A | K32: =VLOOKUP(A32,$A$42:$P$63,11,FALSE) -> #N/A | L32: =VLOOKUP(A32,$A$42:$P$63,12,FALSE) -> #N/A | O32: =VLOOKUP(A32,$A$42:$P$63,15,FALSE) -> #N/A | P32: 0.1
A33: 15 | E33: =VLOOKUP(A33,$A$42:$P$63,5,FALSE) -> #N/A | F33: =VLOOKUP(A33,$A$42:$P$63,6,FALSE) -> #N/A | G33: =VLOOKUP(A33,$A$42:$P$63,7,FALSE) -> #N/A | H33: =VLOOKUP(A33,$A$42:$P$63,8,FALSE) -> #N/A | I33: =VLOOKUP(A33,$A$42:$P$63,9,FALSE) -> #N/A | J33: =VLOOKUP(A33,$A$42:$P$63,10,FALSE) -> #N/A | K33: =VLOOKUP(A33,$A$42:$P$63,11,FALSE) -> #N/A | L33: =VLOOKUP(A33,$A$42:$P$63,12,FALSE) -> #N/A | O33: =VLOOKUP(A33,$A$42:$P$63,15,FALSE) -> #N/A | P33: 0.1
A34: 16 | C34: =$B$11 -> 0 | E34: =VLOOKUP(A34,$A$42:$P$63,5,FALSE) -> #N/A | F34: =VLOOKUP(A34,$A$42:$P$63,6,FALSE) -> #N/A | G34: =VLOOKUP(A34,$A$42:$P$63,7,FALSE) -> #N/A | H34: =VLOOKUP(A34,$A$42:$P$63,8,FALSE) -> #N/A | I34: =VLOOKUP(A34,$A$42:$P$63,9,FALSE) -> #N/A | J34: =VLOOKUP(A34,$A$42:$P$63,10,FALSE) -> #N/A | K34: =VLOOKUP(A34,$A$42:$P$63,11,FALSE) -> #N/A | L34: =VLOOKUP(A34,$A$42:$P$63,12,FALSE) -> #N/A | O34: =VLOOKUP(A34,$A$42:$P$63,15,FALSE) -> #N/A | P34: 0.1
A35: 17 | C35: =$B$11 -> 0 | E35: =VLOOKUP(A35,$A$42:$P$63,5,FALSE) -> #N/A | F35: =VLOOKUP(A35,$A$42:$P$63,6,FALSE) -> #N/A | G35: =VLOOKUP(A35,$A$42:$P$63,7,FALSE) -> #N/A | H35: =VLOOKUP(A35,$A$42:$P$63,8,FALSE) -> #N/A | I35: =VLOOKUP(A35,$A$42:$P$63,9,FALSE) -> #N/A | J35: =VLOOKUP(A35,$A$42:$P$63,10,FALSE) -> #N/A | K35: =VLOOKUP(A35,$A$42:$P$63,11,FALSE) -> #N/A | L35: =VLOOKUP(A35,$A$42:$P$63,12,FALSE) -> #N/A | O35: =VLOOKUP(A35,$A$42:$P$63,15,FALSE) -> #N/A | P35: 0.1
A36: 18 | C36: =$B$11 -> 0 | E36: =VLOOKUP(A36,$A$42:$P$63,5,FALSE) -> #N/A | F36: =VLOOKUP(A36,$A$42:$P$63,6,FALSE) -> #N/A | G36: =VLOOKUP(A36,$A$42:$P$63,7,FALSE) -> #N/A | H36: =VLOOKUP(A36,$A$42:$P$63,8,FALSE) -> #N/A | I36: =VLOOKUP(A36,$A$42:$P$63,9,FALSE) -> #N/A | J36: =VLOOKUP(A36,$A$42:$P$63,10,FALSE) -> #N/A | K36: =VLOOKUP(A36,$A$42:$P$63,11,FALSE) -> #N/A | L36: =VLOOKUP(A36,$A$42:$P$63,12,FALSE) -> #N/A | O36: =VLOOKUP(A36,$A$42:$P$63,15,FALSE) -> #N/A | P36: 0.1
A37: 19 | C37: =$B$11 -> 0 | E37: =VLOOKUP(A37,$A$42:$P$63,5,FALSE) -> #N/A | F37: =VLOOKUP(A37,$A$42:$P$63,6,FALSE) -> #N/A | G37: =VLOOKUP(A37,$A$42:$P$63,7,FALSE) -> #N/A | H37: =VLOOKUP(A37,$A$42:$P$63,8,FALSE) -> #N/A | I37: =VLOOKUP(A37,$A$42:$P$63,9,FALSE) -> #N/A | J37: =VLOOKUP(A37,$A$42:$P$63,10,FALSE) -> #N/A | K37: =VLOOKUP(A37,$A$42:$P$63,11,FALSE) -> #N/A | L37: =VLOOKUP(A37,$A$42:$P$63,12,FALSE) -> #N/A | O37: =VLOOKUP(A37,$A$42:$P$63,15,FALSE) -> #N/A | P37: 0.1
A38: 20 | C38: =$B$11 -> 0 | E38: =VLOOKUP(A38,$A$42:$P$63,5,FALSE) -> #N/A | F38: =VLOOKUP(A38,$A$42:$P$63,6,FALSE) -> #N/A | G38: =VLOOKUP(A38,$A$42:$P$63,7,FALSE) -> #N/A | H38: =VLOOKUP(A38,$A$42:$P$63,8,FALSE) -> #N/A | I38: =VLOOKUP(A38,$A$42:$P$63,9,FALSE) -> #N/A | J38: =VLOOKUP(A38,$A$42:$P$63,10,FALSE) -> #N/A | K38: =VLOOKUP(A38,$A$42:$P$63,11,FALSE) -> #N/A | L38: =VLOOKUP(A38,$A$42:$P$63,12,FALSE) -> #N/A | O38: =VLOOKUP(A38,$A$42:$P$63,15,FALSE) -> #N/A | P38: 0.1
A39: 21 | C39: =$B$11 -> 0 | E39: =VLOOKUP(A39,$A$42:$P$63,5,FALSE) -> #N/A | F39: =VLOOKUP(A39,$A$42:$P$63,6,FALSE) -> #N/A | G39: =VLOOKUP(A39,$A$42:$P$63,7,FALSE) -> #N/A | H39: =VLOOKUP(A39,$A$42:$P$63,8,FALSE) -> #N/A | I39: =VLOOKUP(A39,$A$42:$P$63,9,FALSE) -> #N/A | J39: =VLOOKUP(A39,$A$42:$P$63,10,FALSE) -> #N/A | K39: =VLOOKUP(A39,$A$42:$P$63,11,FALSE) -> #N/A | L39: =VLOOKUP(A39,$A$42:$P$63,12,FALSE) -> #N/A | O39: =VLOOKUP(A39,$A$42:$P$63,15,FALSE) -> #N/A | P39: 0.1
B41: TBL_報告_貼付用
A42: 0 | B42: ID | C42: 許諾ID | D42: 許諾番号 | E42: 種目 | F42: 報告日 | G42: 報告期間FROM | H42: 報告期間TO | I42: スクリーン数・複製個数 | J42: 利用時間（分） | K42: 利用時間（秒） | L42: 原訳区分 | M42: 請求日 | N42: 請求書番号 | O42: 使用料額 | P42: 消費税率
A43: =A42+IF(G43=0,0,1) -> 0 | E43: 1 | G43: =広告展開利用申込書!T7 -> 0 | H43: =IF(広告展開利用申込書!U7<EDATE(G43,3),広告展開利用申込書!U7,EDATE(G43,3)-1) -> 0 | I43: 0 | J43: 0 | K43: 0 | L43: =IF(広告展開利用申込書!$G$23="", "", IF(TRIM(広告展開利用申込書!$G$22)="曲のみ", "器楽",広告展開利用申込書!$G$23))
A44: =A43+IF(G44="",0,1) -> 0 | E44: 1 | G44: =IF(広告展開利用申込書!U7<=H43,"",H43+1) | H44: =IF(広告展開利用申込書!U7<=H43,"",IF(広告展開利用申込書!U7<EDATE(G43,6),広告展開利用申込書!U7,EDATE(G43,6)-1)) | L44: =IF(広告展開利用申込書!$G$23="", "", IF(TRIM(広告展開利用申込書!$G$22)="曲のみ", "器楽",広告展開利用申込書!$G$23))
A45: =A44+IF(G45="",0,1) -> 0 | E45: 1 | G45: =IF(広告展開利用申込書!U7<=H44,"",H44+1) | H45: =IF(広告展開利用申込書!U7<=H44,"",IF(広告展開利用申込書!U7<EDATE(G43,9),広告展開利用申込書!U7,EDATE(G43,9)-1)) | L45: =IF(広告展開利用申込書!$G$23="", "", IF(TRIM(広告展開利用申込書!$G$22)="曲のみ", "器楽",広告展開利用申込書!$G$23))
A46: =A45+IF(G46="",0,1) -> 0 | E46: 1 | G46: =IF(広告展開利用申込書!U7<=H45,"",H45+1) | H46: =IF(広告展開利用申込書!U7<=H45,"",IF(広告展開利用申込書!U7<EDATE(G43,12),広告展開利用申込書!U7,EDATE(G43,12)-1)) | L46: =IF(広告展開利用申込書!$G$23="", "", IF(TRIM(広告展開利用申込書!$G$22)="曲のみ", "器楽",広告展開利用申込書!$G$23))
A47: =A46+IF(G47="",0,1) -> 0 | E47: 1 | G47: =IF(広告展開利用申込書!U7<=H46,"",H46+1) | H47: =IF(広告展開利用申込書!U7<=H46,"",IF(広告展開利用申込書!U7<EDATE(G43,15),広告展開利用申込書!U7,EDATE(G43,15)-1)) | L47: =IF(広告展開利用申込書!$G$23="", "", IF(TRIM(広告展開利用申込書!$G$22)="曲のみ", "器楽",広告展開利用申込書!$G$23))
A48: =A47+IF(G48=0,0,1) -> 0 | E48: 2 | G48: =広告展開利用申込書!T8 -> 0 | H48: =IF(広告展開利用申込書!U8<EDATE(G48,3),広告展開利用申込書!U8,EDATE(G48,3)-1) -> 0 | L48: =IF(広告展開利用申込書!$G$23="", "", IF(TRIM(広告展開利用申込書!$G$22)="曲のみ", "器楽",広告展開利用申込書!$G$23))
A49: =A48+IF(G49="",0,1) -> 0 | E49: 2 | G49: =IF(広告展開利用申込書!U8<=H48,"",H48+1) | H49: =IF(広告展開利用申込書!U8<=H48,"",IF(広告展開利用申込書!U8<EDATE(G48,6),広告展開利用申込書!U8,EDATE(G48,6)-1)) | L49: =IF(広告展開利用申込書!$G$23="", "", IF(TRIM(広告展開利用申込書!$G$22)="曲のみ", "器楽",広告展開利用申込書!$G$23))
A50: =A49+IF(G50="",0,1) -> 0 | E50: 2 | G50: =IF(広告展開利用申込書!U8<=H49,"",H49+1) | H50: =IF(広告展開利用申込書!U8<=H49,"",IF(広告展開利用申込書!U8<EDATE(G48,9),広告展開利用申込書!U8,EDATE(G48,9)-1)) | L50: =IF(広告展開利用申込書!$G$23="", "", IF(TRIM(広告展開利用申込書!$G$22)="曲のみ", "器楽",広告展開利用申込書!$G$23))
A51: =A50+IF(G51="",0,1) -> 0 | E51: 2 | G51: =IF(広告展開利用申込書!U8<=H50,"",H50+1) | H51: =IF(広告展開利用申込書!U8<=H50,"",IF(広告展開利用申込書!U8<EDATE(G48,12),広告展開利用申込書!U8,EDATE(G48,12)-1)) | L51: =IF(広告展開利用申込書!$G$23="", "", IF(TRIM(広告展開利用申込書!$G$22)="曲のみ", "器楽",広告展開利用申込書!$G$23))
A52: =A51+IF(G52="",0,1) -> 0 | E52: 2 | G52: =IF(広告展開利用申込書!U8<=H51,"",H51+1) | H52: =IF(広告展開利用申込書!U8<=H51,"",IF(広告展開利用申込書!U8<EDATE(G48,15),広告展開利用申込書!U8,EDATE(G48,15)-1)) | L52: =IF(広告展開利用申込書!$G$23="", "", IF(TRIM(広告展開利用申込書!$G$22)="曲のみ", "器楽",広告展開利用申込書!$G$23))
A53: =A52+IF(G53=0,0,1) -> 0 | E53: 3 | G53: =広告展開利用申込書!T9 -> 0 | H53: =IF(広告展開利用申込書!U9<EDATE(G53,3),広告展開利用申込書!U9,EDATE(G53,3)-1) -> 0 | L53: =IF(広告展開利用申込書!$G$23="", "", IF(TRIM(広告展開利用申込書!$G$22)="曲のみ", "器楽",広告展開利用申込書!$G$23))
A54: =A53+IF(G54="",0,1) -> 0 | E54: 3 | G54: =IF(広告展開利用申込書!U9<=H53,"",H53+1) | H54: =IF(広告展開利用申込書!U9<=H53,"",IF(広告展開利用申込書!U9<EDATE(G53,6),広告展開利用申込書!U9,EDATE(G53,6)-1)) | L54: =IF(広告展開利用申込書!$G$23="", "", IF(TRIM(広告展開利用申込書!$G$22)="曲のみ", "器楽",広告展開利用申込書!$G$23))
A55: =A54+IF(G55="",0,1) -> 0 | E55: 3 | G55: =IF(広告展開利用申込書!U9<=H54,"",H54+1) | H55: =IF(広告展開利用申込書!U9<=H54,"",IF(広告展開利用申込書!U9<EDATE(G53,9),広告展開利用申込書!U9,EDATE(G53,9)-1)) | L55: =IF(広告展開利用申込書!$G$23="", "", IF(TRIM(広告展開利用申込書!$G$22)="曲のみ", "器楽",広告展開利用申込書!$G$23))
A56: =A55+IF(G56="",0,1) -> 0 | E56: 3 | G56: =IF(広告展開利用申込書!U9<=H55,"",H55+1) | H56: =IF(広告展開利用申込書!U9<=H55,"",IF(広告展開利用申込書!U9<EDATE(G53,12),広告展開利用申込書!U9,EDATE(G53,12)-1)) | L56: =IF(広告展開利用申込書!$G$23="", "", IF(TRIM(広告展開利用申込書!$G$22)="曲のみ", "器楽",広告展開利用申込書!$G$23))
A57: =A56+IF(G57="",0,1) -> 0 | E57: 3 | G57: =IF(広告展開利用申込書!U9<=H56,"",H56+1) | H57: =IF(広告展開利用申込書!U9<=H56,"",IF(広告展開利用申込書!U9<EDATE(G53,15),広告展開利用申込書!U9,EDATE(G53,15)-1)) | L57: =IF(広告展開利用申込書!$G$23="", "", IF(TRIM(広告展開利用申込書!$G$22)="曲のみ", "器楽",広告展開利用申込書!$G$23))
A58: =A57+IF(G58=0,0,1) -> 0 | E58: 4 | G58: =広告展開利用申込書!T10 -> 0 | H58: =広告展開利用申込書!U10 -> 0 | L58: =IF(広告展開利用申込書!$G$23="", "", IF(TRIM(広告展開利用申込書!$G$22)="曲のみ", "器楽",広告展開利用申込書!$G$23))
A59: =A58+IF(G59=0,0,1) -> 0 | E59: 5 | G59: =広告展開利用申込書!T11 -> 0 | H59: =広告展開利用申込書!U11 -> 0 | L59: =IF(広告展開利用申込書!$G$23="", "", IF(TRIM(広告展開利用申込書!$G$22)="曲のみ", "器楽",広告展開利用申込書!$G$23))
A60: =A59+IF(G60=0,0,1) -> 0 | E60: 6 | G60: =広告展開利用申込書!T12 -> 0 | H60: =広告展開利用申込書!U12 -> 0 | L60: =IF(広告展開利用申込書!$G$23="", "", IF(TRIM(広告展開利用申込書!$G$22)="曲のみ", "器楽",広告展開利用申込書!$G$23))
A61: =A60+IF(G61=0,0,1) -> 0 | E61: 7 | G61: =広告展開利用申込書!T13 -> 0 | H61: =広告展開利用申込書!U13 -> 0 | L61: =IF(広告展開利用申込書!$G$23="", "", IF(TRIM(広告展開利用申込書!$G$22)="曲のみ", "器楽",広告展開利用申込書!$G$23))
A62: =A61+IF(G62=0,0,1) -> 0 | E62: 8 | G62: =広告展開利用申込書!T14 -> 0 | H62: =広告展開利用申込書!U14 -> 0 | L62: =IF(広告展開利用申込書!$G$23="", "", IF(TRIM(広告展開利用申込書!$G$22)="曲のみ", "器楽",広告展開利用申込書!$G$23))
A63: =A62+IF(G63=0,0,1) -> 0 | E63: 9 | G63: =広告展開利用申込書!T15 -> 0 | H63: =広告展開利用申込書!U15 -> 0 | L63: =IF(広告展開利用申込書!$G$23="", "", IF(TRIM(広告展開利用申込書!$G$22)="曲のみ", "器楽",広告展開利用申込書!$G$23))

Sheet 【非】上映申
B2: お申込日 | E2: 年 | F2: =IF(⑥店頭以外!F7="","",⑥店頭以外!F7) | G2: 月 | H2: =IF(⑥店頭以外!F7="","",⑥店頭以外!F7) | I2: 日
B4: お 申 込 者 | C4: （フリガナ）
C5: ご住所 | D5: =IF(広告展開利用申込書!G6="","",広告展開利用申込書!G6&" "&広告展開利用申込書!G7)
C6: （フリガナ） | D6: 個人でお申し込みの方は記入不要です。
C7: 法人名 団体名 | D7: =IF(広告展開利用申込書!G8="","",広告展開利用申込書!G8)
C8: （フリガナ） | N8: 生 年 月 日
C9: 代表者名 | D9: =IF(広告展開利用申込書!G9="","",広告展開利用申込書!G9) | O9: 年 | Q9: 月 | S9: 日
C10: Ｔ Ｅ Ｌ | D10: =IF(広告展開利用申込書!G12="","",広告展開利用申込書!G12) | K10: Ｆ Ａ Ｘ
C11: Ｅmail | D11: =IF(広告展開利用申込書!G14="","",広告展開利用申込書!G14)
C12: ご担当部署 | D12: =IF(広告展開利用申込書!G10="","",広告展開利用申込書!G10) | K12: ご担当者 | L12: =IF(広告展開利用申込書!G11="","",広告展開利用申込書!G11)
C13: ご担当者連絡先 (上記と異なる場合) | D13: TEL | K13: 携帯電話 | L13: =IF(広告展開利用申込書!G13="","",広告展開利用申込書!G13)
A14: 貴協会が管理する音楽著作物を下記の催物において上映により利用することについて、貴協会の定める「利用許諾条頂」の履行を承諾のうえ、「映像ソフト上映利用明細書」などを添えて甲込みます。
B16: 催 物 名 | D16: =IF(広告展開利用申込書!G17="","",広告展開利用申込書!G17)
B17: 開 催 日 | D17: 自２０ | E17: =IF(⑥店頭以外!AS2="","",⑥店頭以外!AS2) | F17: 年 | G17: =IF(⑥店頭以外!AS2="","",⑥店頭以外!AS2) | H17: 月 | I17: =IF(⑥店頭以外!AS2="","",⑥店頭以外!AS2) | J17: 日 | K17: 上映回数 全 | N17: =IF(⑥店頭以外!AZ4="","",⑥店頭以外!AZ4) | R17: 回
D18: 至２０ | E18: =IF(⑥店頭以外!AY2="","",⑥店頭以外!AY2) | F18: 年 | G18: =IF(⑥店頭以外!AY2="","",⑥店頭以外!AY2) | H18: 月 | I18: =IF(⑥店頭以外!AY2="","",⑥店頭以外!AY2) | J18: 日 | K18: 上映本数 | R18: 本
B19: 会 場 名 | D19: =IF(⑥店頭以外!AG3="","",⑥店頭以外!AG3)
B20: 入 場 料 | D20: 有 | F20: 消費税別を含まない等級別入場料の額 前売・当日、大人、小人、S席・ A席等設定されたものすべて | J20: ① | L20: 円 | M20: ② | O20: 円 | P20: ③ | S20: 円
J21: ④ | L21: 円 | M21: ⑤ | O21: 円 | P21: ⑥ | S21: 円
B22: 明細等提出日 | D22: =IF(⑥店頭以外!F7="","",⑥店頭以外!F7) | F22: 年 | G22: =IF(⑥店頭以外!F7="","",⑥店頭以外!F7) | H22: 月 | I22: =IF(⑥店頭以外!F7="","",⑥店頭以外!F7) | J22: 日 | K22: ※開催日から5日以内 | M22: （「利用許諾条項」2をご参照ください。）
B23: 備 考 | D23: =IF(⑥店頭以外!AG4="","","媒体費 ： "&FIXED(⑥店頭以外!AG4,0)&" 円 ／ "&"公表URL ： "&⑥店頭以外!AG5)
D24: 上映場所の定員数 ： | I24: 名
B25: ※個人情報の利用目的については、右記の利用許諾条頂第16条に記載しています。
B27: 映像ソフト上映利用許諾書 | K27: 20 年 月 日 上映許諾第 号 一般社団法人日本音楽著作権協会
B28: 本協会は、上記お甲込者が上記利用甲込書に記載された内容にしたがい本協会が管理する音楽著作物を上映により利用することにつき、本協会の定める「利用許諾条項」を遵守することを条件に許諾します。
S31: 支部長印のないものは無効です。

Sheet 【非】上映明
A1: No, | D1: ＊太線の枠内のみ記入してください。
D2: 提出日 | E2: =IF(⑥店頭以外!F7="","",⑥店頭以外!F7) | L2: 映像ソフト上映利用明細書 ＜B書式/D画面＞
A4: 催物名 | C4: =IF(広告展開利用申込書!G17="","",広告展開利用申込書!G17) | L4: 会場名 | M4: =IF(⑥店頭以外!AG3="","",⑥店頭以外!AG3) | W4: 上映回数 | Z4: 回 | AI4: 平均入場料 | AN4: チェックナンバー
A6: 開催日 | C6: 自 | D6: =IF(⑥店頭以外!AS2="","",⑥店頭以外!AS2) | E6: 年 | F6: =IF(⑥店頭以外!AS2="","",⑥店頭以外!AS2) | G6: 月 | H6: =IF(⑥店頭以外!AS2="","",⑥店頭以外!AS2) | I6: 日 | J6: =_xlfn.DAYS(⑥店頭以外!AY2,⑥店頭以外!AS2)+1 -> 1 | K6: 日間 | L6: お申込者名 | M6: =IF(広告展開利用申込書!G8="","",広告展開利用申込書!G8) | W6: 上映所要時間 | Z6: 分 | AI6: 円
C7: 至 | D7: =IF(⑥店頭以外!AY2="","",⑥店頭以外!AY2) | E7: 年 | F7: =IF(⑥店頭以外!AY2="","",⑥店頭以外!AY2) | G7: 月 | H7: =IF(⑥店頭以外!AY2="","",⑥店頭以外!AY2) | I7: 日 | AN7: S・V
A8: 映像ソフトの 題名 | L8: 映像ソフトの 種別 | M8: １．一般娯楽 | W8: 会場の定員数 | Z8: 名
A11: 演奏曲目（上段にご記入下さい） | K11: 作（訳）詞者 | N11: 利用方法 | P11: 作（編）曲者 | V11: 演奏・歌唱者(団体）名 (CD・ﾃｰﾌﾟのﾌﾟﾛ歌手名) | Y11: 演奏 時間 | AB11: 演奏 回数 | AE11: みなし 曲 数 | AI11: 使 用 料 （作品バリュー） | AO11: 作品コード
AI12: （作品バリュー）
A13: 1 | B13: =IF(広告展開利用申込書!G18="","",広告展開利用申込書!G18) | K13: =IF(広告展開利用申込書!G19="","",広告展開利用申込書!G19) | P13: =IF(広告展開利用申込書!G20="","",広告展開利用申込書!G20) | V13: （ ） | AO13: {=MID(_xlfn.TEXTJOIN("", TRUE, IF(ISNUMBER(MID(⑥店頭以外!F25, ROW(INDIRECT("1:" & LEN(⑥店頭以外!F25))), 1)*1), MID(⑥店頭以外!F25, ROW(INDIRECT("1:" & LEN(⑥店頭以外!F25))), 1), "")), 1,1)} | AP13: {=MID(_xlfn.TEXTJOIN("", TRUE, IF(ISNUMBER(MID(⑥店頭以外!F25, ROW(INDIRECT("1:" & LEN(⑥店頭以外!F25))), 1)*1), MID(⑥店頭以外!F25, ROW(INDIRECT("1:" & LEN(⑥店頭以外!F25))), 1), "")), 2,1)} | AQ13: {=MID(_xlfn.TEXTJOIN("", TRUE, IF(ISNUMBER(MID(⑥店頭以外!F25, ROW(INDIRECT("1:" & LEN(⑥店頭以外!F25))), 1)*1), MID(⑥店頭以外!F25, ROW(INDIRECT("1:" & LEN(⑥店頭以外!F25))), 1), "")), 3,1)} | AR13: {=MID(_xlfn.TEXTJOIN("", TRUE, IF(ISNUMBER(MID(⑥店頭以外!F25, ROW(INDIRECT("1:" & LEN(⑥店頭以外!F25))), 1)*1), MID(⑥店頭以外!F25, ROW(INDIRECT("1:" & LEN(⑥店頭以外!F25))), 1), "")), 4, 1)} | AS13: {=MID(_xlfn.TEXTJOIN("", TRUE, IF(ISNUMBER(MID(⑥店頭以外!F25, ROW(INDIRECT("1:" & LEN(⑥店頭以外!F25))), 1)*1), MID(⑥店頭以外!F25, ROW(INDIRECT("1:" & LEN(⑥店頭以外!F25))), 1), "")), 5,1)} | AT13: {=MID(_xlfn.TEXTJOIN("", TRUE, IF(ISNUMBER(MID(⑥店頭以外!F25, ROW(INDIRECT("1:" & LEN(⑥店頭以外!F25))), 1)*1), MID(⑥店頭以外!F25, ROW(INDIRECT("1:" & LEN(⑥店頭以外!F25))), 1), "")), 6,1)} | AU13: {=MID(_xlfn.TEXTJOIN("", TRUE, IF(ISNUMBER(MID(⑥店頭以外!F25, ROW(INDIRECT("1:" & LEN(⑥店頭以外!F25))), 1)*1), MID(⑥店頭以外!F25, ROW(INDIRECT("1:" & LEN(⑥店頭以外!F25))), 1), "")), 7,1)} | AV13: {=MID(_xlfn.TEXTJOIN("", TRUE, IF(ISNUMBER(MID(⑥店頭以外!F25, ROW(INDIRECT("1:" & LEN(⑥店頭以外!F25))), 1)*1), MID(⑥店頭以外!F25, ROW(INDIRECT("1:" & LEN(⑥店頭以外!F25))), 1), "")), 8,1)}
Y14: 分 | AB14: 回 | AE14: 回
A15: 2 | V15: （ ）
Y16: 分 | AB16: 回 | AE16: 回
A17: 3 | V17: （ ）
Y18: 分 | AB18: 回 | AE18: 回
A19: 4 | V19: （ ）
Y20: 分 | AB20: 回 | AE20: 回
A21: 5 | V21: （ ）
Y22: 分 | AB22: 回 | AE22: 回
A23: 6 | V23: （ ）
Y24: 分 | AB24: 回 | AE24: 回
A25: 7 | V25: （ ）
Y26: 分 | AB26: 回 | AE26: 回
A27: 8 | V27: （ ）
Y28: 分 | AB28: 回 | AE28: 回
A29: 9 | V29: （ ）
Y30: 分 | AB30: 回 | AE30: 回
A31: 10 | V31: （ ）
Y32: 分 | AB32: 回 | AE32: 回
M33: Ｎ・Ｍ･･･当協会管理外 Ｐ・Ｄ･･･著作権消滅 | X33: 小計 | AO33: 9 | AP33: 9 | AQ33: 9 | AR33: 9 | AS33: 9 | AT33: 9 | AU33: 9 | AV33: 9
N34: 請求日 | X34: 消費税相当額 | AO34: 請求書番号
N35: 種目 規定区分 | P35: Ａ | X35: 合計
